Workbook

Sheet Oferente 3
C2: EXPERIENCIA DEL PROPONENTE
C5: NOMBRE DEL OFERENTE | H5: SECOB LTDA
C7: PRESUPUESTO DEL LOTE MÁXIMO AL QUE PARTICIPAN (en SMMLV) | H7: 1072.8034
C8: VALOR 30% | H8: =H7*0.3 -> 321.84103
C9: VALOR REQUERIDO EN SMMLV
C11: contar con 5 años de experiencia en interventoría o en la construcción y montaje de proyectos del sector eléctrico, de los cuales como mínimo debe incluir un (1) año de experiencia específica en proyectos de generación o distribución de energía eléctrica, cuya sumatoria se igual o superior al 30% del valor del mayor lote ofertado | J11: =IF(BB28>=5,"HABILITA: CUENTA CON MÁS DE 5 AÑOS","NO HABILITA POR TIEMPO") -> HABILITA: CUENTA CON MÁS DE 5 AÑOS | AU11: =IF(BB28>=5,"HABILITA: CUENTA CON MÁS DE 5 AÑOS","NO HABILITA POR TIEMPO") -> HABILITA: CUENTA CON MÁS DE 5 AÑOS
C13: CONTRATOS DE EXPERIENCIA MÍNIMA PARA HABILITARSE (ANEXO 7) | Q13: CONTRATOS QUE ACREDITAN EXPERIENCIA EN FOTOVOLTAICO (ANEXO 8) | AB13: CONTRATOS QUE ACREDITAN EXPERIENCIA ADICIONAL EN ELECTRICOS NO FOTOVOLTAICO (ANEXO 8) | AN13: CONTRATOS DE EXPERIENCIA MÍNIMA PARA HABILITARSE (ANEXO 7)
C14: OBJETO DEL CONTRATO | D14: ENTIDAD CONTRATANTE O EMPLEADORA | E14: CONSECUTIVO EN EL RUP | F14: CODIGO UNSPSC | G14: VALOR CONTRATO | H14: VALOR DEL CONTRATO TOTAL EN SMMLV | I14: % PARTICIPACIÓN CONSORCIO | J14: ACUMULADO SMMLV | K14: HABILITADO | L14: OBSERVACIONES | M14: CÓDIGO UNSPSC | N14: NOMBRE | Q14: OBJETO DEL CONTRATO | R14: ENTIDAD CONTRATANTE O EMPLEADORA | S14: CONSECUTIVO EN EL RUP | T14: CODIGO UNSPSC | U14: VALOR CONTRATO | V14: VALOR DEL CONTRATO TOTAL EN SMMLV | W14: % PARTICIPACIÓN CONSORCIO | X14: ACUMULADO SMMLV | Y14: OBSERVACIONES | AB14: OBJETO DEL CONTRATO | AC14: ENTIDAD CONTRATANTE O EMPLEADORA | AD14: CONSECUTIVO EN EL RUP | AE14: CODIGO UNSPSC | AF14: VALOR CONTRATO | AG14: VALOR DEL CONTRATO TOTAL EN SMMLV | AH14: % PARTICIPACIÓN CONSORCIO | AI14: ACUMULADO SMMLV | AJ14: OBSERVACIONES | AN14: OBJETO DEL CONTRATO | AO14: ENTIDAD CONTRATANTE O EMPLEADORA | AP14: CONSECUTIVO EN EL RUP | AQ14: CODIGO UNSPSC | AR14: VALOR CONTRATO | AS14: VALOR DEL CONTRATO TOTAL EN SMMLV | AT14: % PARTICIPACIÓN CONSORCIO | AU14: ACUMULADO SMMLV | AV14: HABILITADO | AW14: OBSERVACIONES | AX14: FECHA DE INICIO ORIGINAL | AY14: FECHA FIN ORIGINAL | AZ14: FECHA DE INICIO AJUSTE TRASLAPOS | BA14: FECHA FIN AJUSTE TRASLAPOS | BB14: AÑOS DE EXPERIENCIA
B15: 1 | C15: INTERVENTORÍA TÉCNICA, AMBIENTAL, JURÍDICA, ADMINISTRATIVA Y FINANCIERA AL PROYECTO OPERACIÓN, MANTENIMIENTO, REPOSICIÓN Y EXPANSIÓN DEL SISTEMA DE ALUMBRADO PÚBLICO EN LA REDES DE INFRAESTRUCTURA ELÉCTRICA EXCLUSIVAS Y COMPARTIDAS DEL MUNICIPIO DE YOPAL - DEPARTAMENTO DE CASANARE | D15: MUNICIPIO DE YOPAL | E15: 62 | F15: 80101500 - 80101600 - 81101700 - 83101800 - 81101500 | G15: 103024643 | H15: 124.41 | I15: 1 | J15: =H15*I15 -> 124.41 | K15: =IF(H15*I15>0,"HABILITADO", "NO HABILITADO") -> HABILITADO | L15: De conformidad con la nota 7 del numeral 3.2.3. a.1 no podrá ser acumulable la experiencia obtenida en varios proyectos en un mismo periodo de tiempo. Se toma como fecha de inicio 30/11/2018 ya que la experiencia No. 1 se traslapa con la No. 2 en el periodo comprendido entre el 1/08/2018 al 29/11/2018 | M15: 80101500 | N15: Servicios de consultoría y administración corporativa | P15: 1 | X15: =V15*W15 -> 0 | AA15: 1 | AI15: =AG15*AH15 -> 0 | AM15: 1 | AN15: INTERVENTORÍA TÉCNICA, AMBIENTAL, JURÍDICA, ADMINISTRATIVA Y FINANCIERA AL PROYECTO OPERACIÓN, MANTENIMIENTO, REPOSICIÓN Y EXPANSIÓN DEL SISTEMA DE ALUMBRADO PÚBLICO EN LA REDES DE INFRAESTRUCTURA ELÉCTRICA EXCLUSIVAS Y COMPARTIDAS DEL MUNICIPIO DE YOPAL - DEPARTAMENTO DE CASANARE | AO15: MUNICIPIO DE YOPAL | AP15: 62 | AQ15: 80101500 - 80101600 - 81101700 - 83101800 - 81101500 | AR15: 103024643 | AS15: 124.41 | AT15: 1 | AU15: =AS15*AT15 -> 124.41 | AV15: =IF(AS15*AT15>0,"HABILITADO", "NO HABILITADO") -> HABILITADO | AW15: Se toma como fecha de inicio 30/11/2018 ya que la experiencia No. 1 se traslapa con la No. 2 en el periodo comprendido entre el 1/08/2018 al 29/11/2018 | AX15: 43313 | AY15: 43568 | AZ15: 43434 | BA15: 43568 | BB15: =+(BA15-AZ15+1)/365 -> 0.36986301
B16: 2 | C16: REALIZAR INTERVENTORÍA TÉCNICA, ADMINISTRATIVA, FINANCIERA Y AMBIENTAL AL CONTRATO QUE TIENE POR OBJETO: AMPLIACIÓN DE LAS REDES DE MEDIA Y BAJA TENSIÓN DE LAS VEREDAS CUNEQUE, EL PALMAR Y SAN CAYETADO DEL MUNICIPIO DE TAMARA CASANARE, ORINOQUIA | D16: Empresa de Energía de Casanare - ENERCA S.A. ESP. | E16: 57 | F16: 80101500 - 80101600 - 81101700 - 83101800 - 81101500 | G16: 65549438 | H16: 83.9 | I16: 1 | J16: =J15+H16*I16 -> 208.31 | K16: =IF(H16*I16>0,"HABILITADO", "NO HABILITADO") -> HABILITADO | M16: 80101600 | N16: Servicios de consultoría y administración corporativa | P16: 2 | X16: =X15+V16*W16 -> 0 | AA16: 2 | AI16: =AI15+AG16*AH16 -> 0 | AM16: 2 | AN16: REALIZAR INTERVENTORÍA TÉCNICA, ADMINISTRATIVA, FINANCIERA Y AMBIENTAL AL CONTRATO QUE TIENE POR OBJETO: AMPLIACIÓN DE LAS REDES DE MEDIA Y BAJA TENSIÓN DE LAS VEREDAS CUNEQUE, EL PALMAR Y SAN CAYETADO DEL MUNICIPIO DE TAMARA CASANARE, ORINOQUIA | AO16: Empresa de Energía de Casanare - ENERCA S.A. ESP. | AP16: 57 | AQ16: 80101500 - 80101600 - 81101700 - 83101800 - 81101500 | AR16: 65549438 | AS16: 83.9 | AT16: 1 | AU16: =AU15+AS16*AT16 -> 208.31 | AV16: =IF(AS16*AT16>0,"HABILITADO", "NO HABILITADO") -> HABILITADO | AX16: 42993 | AY16: 43433 | AZ16: 42993 | BA16: 43433 | BB16: =+(BA16-AZ16+1)/365 -> 1.2082192
B17: 3 | C17: INTERVENTORÍA TECNICA, ADMINISTRATIVA, FINANCIERA, CONTABLE, JURIDICA Y AMBIENTAL AL CONTRATO QUE TIENE POR OBJETO "AMPLIACIÓN REDES ELÉCTRICAS DE MEDIA Y BAJA TENSIÓN, MONTAJE DE TRANSFORMADORES PARA LA ELECTRIFICACIÓN DE LAS VEREDAS: LA CURAMA, EL BANCO, EL VERDE, SAN ISIDRO, MATALARGA, LA MAPORA, EL GARZÓN Y LA PLATA, MUNICIPIO DE PORE, DEPARTAMENTO DE CASANARE" | D17: Empresa de Energía de Casanare - ENERCA S.A. ESP. | E17: 49 | F17: 80101500 - 80101600 - 81101700 - 83101800 - 81101500 | G17: 98581978 | H17: 142.98 | I17: 1 | J17: =J16+H17*I17 -> 351.29 | K17: =IF(H17*I17>0,"HABILITADO", "NO HABILITADO") -> HABILITADO | L17: De conformidad con la nota 7 del numeral 3.2.3. a.1 no podrá ser acumulable la experiencia obtenida en varios proyectos en un mismo periodo de tiempo. Se toma como fecha de inicio 12/11/2016 ya que la experiencia No. 3 se traslapa con la No. 4 en el periodo comprendido entre el 15/01/2016 al 14/10/2016 y la No. 6 del 15/10/2016 al 11/11/2016 | M17: 81101500 | N17: Ingenieria Civil y arquitectura | P17: 3 | X17: =X16+V17*W17 -> 0 | AA17: 3 | AI17: =AI16+AG17*AH17 -> 0 | AM17: 3 | AN17: INTERVENTORÍA TECNICA, ADMINISTRATIVA, FINANCIERA, CONTABLE, JURIDICA Y AMBIENTAL AL CONTRATO QUE TIENE POR OBJETO "AMPLIACIÓN REDES ELÉCTRICAS DE MEDIA Y BAJA TENSIÓN, MONTAJE DE TRANSFORMADORES PARA LA ELECTRIFICACIÓN DE LAS VEREDAS: LA CURAMA, EL BANCO, EL VERDE, SAN ISIDRO, MATALARGA, LA MAPORA, EL GARZÓN Y LA PLATA, MUNICIPIO DE PORE, DEPARTAMENTO DE CASANARE" | AO17: Empresa de Energía de Casanare - ENERCA S.A. ESP. | AP17: 49 | AQ17: 80101500 - 80101600 - 81101700 - 83101800 - 81101500 | AR17: 98581978 | AS17: 142.98 | AT17: 1 | AU17: =AU16+AS17*AT17 -> 351.29 | AV17: =IF(AS17*AT17>0,"HABILITADO", "NO HABILITADO") -> HABILITADO | AW17: Se toma como fecha de inicio 12/11/2016 ya que la experiencia No. 3 se traslapa con la No. 4 en el periodo comprendido entre el 15/01/2016 al 14/10/2016 y la No. 6 del 15/10/2016 al 11/11/2016 | AX17: 42384 | AY17: 42718 | AZ17: 42686 | BA17: 42718 | BB17: =+(BA17-AZ17+1)/365 -> 0.090410959
B18: 4 | C18: INTERVENTORIA TÉCNICA, ADMINISTRATIVA, FINANCIERA Y AMBIENTAL AL CONTRATO QUE TIENE POR OBJETO: CONSTRUCCIÓN, RECONFIGURACIÓN Y REPOTENCIACIÓN SUBESTACIÓN YOPAL 115-34,5-13,8 KV YOPAL, CASANARE, ORINOQUIA | D18: Empresa de Energía de Casanare - ENERCA S.A. ESP. | E18: 44 | F18: 80101500 - 80101600 - 81101700 - 81101500 | G18: 774859580 | H18: 1123.87 | I18: 0.05 | J18: =J17+H18*I18 -> 407.4835 | K18: =IF(H18*I18>0,"HABILITADO", "NO HABILITADO") -> HABILITADO | M18: 81101700 | N18: Ingeniería Eléctrica y Electrónica | P18: 4 | X18: =X17+V18*W18 -> 0 | AA18: 4 | AI18: =AI17+AG18*AH18 -> 0 | AM18: 4 | AN18: INTERVENTORIA TÉCNICA, ADMINISTRATIVA, FINANCIERA Y AMBIENTAL AL CONTRATO QUE TIENE POR OBJETO: CONSTRUCCIÓN, RECONFIGURACIÓN Y REPOTENCIACIÓN SUBESTACIÓN YOPAL 115-34,5-13,8 KV YOPAL, CASANARE, ORINOQUIA | AO18: Empresa de Energía de Casanare - ENERCA S.A. ESP. | AP18: 44 | AQ18: 80101500 - 80101600 - 81101700 - 81101500 | AR18: 774859580 | AS18: 1123.87 | AT18: 0.05 | AU18: =AU17+AS18*AT18 -> 407.4835 | AV18: =IF(AS18*AT18>0,"HABILITADO", "NO HABILITADO") -> HABILITADO | AX18: 41859 | AY18: 42657 | AZ18: 41859 | BA18: 42657 | BB18: =+(BA18-AZ18+1)/365 -> 2.1890411
B19: 5 | C19: INTERVENTORIA TECNICA, ADMINISTRATIVA, FINANCIERA, AMBIENTAL CONTABLE Y LEGAL A LA AMPLIACIÓN DE REDES ELÉCTRICAS DE MEDIA Y BAJA TENSIÓN EN LAS VEREDAS SURIMENA, PRADERA Y GUARIMENA DEL MUNICIPIO DE OROCUE DEPARTAMENTO DE CASANARE. | D19: Empresa de Energía de Casanare - ENERCA S.A. ESP. | E19: 38 | F19: 80101500 - 80101600 - 81101700 - 81101500 | G19: 203933893 | H19: 316.5 | I19: 1 | J19: =J18+H19*I19 -> 723.9835 | K19: =IF(H19*I19>0,"HABILITADO", "NO HABILITADO") -> HABILITADO | L19: De conformidad con la nota 7 del numeral 3.2.3. a.1 no podrá ser acumulable la experiencia obtenida en varios proyectos en un mismo periodo de tiempo. Se toma como fecha de finalización 7/08/2014 , ya que el periodo comprendido entre el 8/08/2014 al 4/02/2016 se traslapa con las experiencias No. 6 y 8 | M19: 83101800 | N19: Servicios Eléctricos | P19: 5 | X19: =X18+V19*W19 -> 0 | AA19: 5 | AI19: =AI18+AG19*AH19 -> 0 | AM19: 5 | AN19: INTERVENTORIA TECNICA, ADMINISTRATIVA, FINANCIERA, AMBIENTAL CONTABLE Y LEGAL A LA AMPLIACIÓN DE REDES ELÉCTRICAS DE MEDIA Y BAJA TENSIÓN EN LAS VEREDAS SURIMENA, PRADERA Y GUARIMENA DEL MUNICIPIO DE OROCUE DEPARTAMENTO DE CASANARE. | AO19: Empresa de Energía de Casanare - ENERCA S.A. ESP. | AP19: 38 | AQ19: 80101500 - 80101600 - 81101700 - 81101500 | AR19: 203933893 | AS19: 316.5 | AT19: 1 | AU19: =AU18+AS19*AT19 -> 723.9835 | AV19: =IF(AS19*AT19>0,"HABILITADO", "NO HABILITADO") -> HABILITADO | AW19: Se toma como fecha de finalización 7/08/2014 , ya que el periodo comprendido entre el 8/08/2014 al 4/02/2016 se traslapa con las experiencias No. 6 y 8 | AX19: 41848 | AY19: 42404 | AZ19: 41848 | BA19: 41856 | BB19: =+(BA19-AZ19+1)/365 -> 0.024657534
B20: 6 | C20: INTERVENTORÍA TÉCNICA, ADMINISTRATIVA, FINANCIERA, CONTABLE, JURIDICA Y AMBIENTAL AL CONTRATO QUE CONTIEN COMO OBJETO "INSTALACIÓN DE REDES ELECTRICAS DE MEDIA Y BAJA TENSIÓN EN LAS VEREDAS LOS ALPES, PIAGUTA, COMOGO, VIJAGUAL, SAN RAFAEL, CERRO RICO, Y SAN FRANCISCO MUNICIPIO DE RECETOR DEPARTAMENTO DE CASANARE" | D20: Empresa de Energía de Casanare - ENERCA S.A. ESP. | E20: 45 | F20: 80101500 - 80101600 - 81101700 - 81101500 | G20: 166177094 | H20: 241.03 | I20: 1 | J20: =J19+H20*I20 -> 965.0135 | K20: =IF(H20*I20>0,"HABILITADO", "NO HABILITADO") -> HABILITADO | L20: De conformidad con la nota 7 del numeral 3.2.3. a.1 no podrá ser acumulable la experiencia obtenida en varios proyectos en un mismo periodo de tiempo. 5-06-2015 al 14/10/2016 se traslapa con la experiencia No. 4 | P20: 6 | X20: =X19+V20*W20 -> 0 | AA20: 6 | AI20: =AI19+AG20*AH20 -> 0 | AM20: 6 | AN20: INTERVENTORÍA TÉCNICA, ADMINISTRATIVA, FINANCIERA, CONTABLE, JURIDICA Y AMBIENTAL AL CONTRATO QUE CONTIEN COMO OBJETO "INSTALACIÓN DE REDES ELECTRICAS DE MEDIA Y BAJA TENSIÓN EN LAS VEREDAS LOS ALPES, PIAGUTA, COMOGO, VIJAGUAL, SAN RAFAEL, CERRO RICO, Y SAN FRANCISCO MUNICIPIO DE RECETOR DEPARTAMENTO DE CASANARE" | AO20: Empresa de Energía de Casanare - ENERCA S.A. ESP. | AP20: 45 | AQ20: 80101500 - 80101600 - 81101700 - 81101500 | AR20: 166177094 | AS20: 241.03 | AT20: 1 | AU20: =AU19+AS20*AT20 -> 965.0135 | AV20: =IF(AS20*AT20>0,"HABILITADO", "NO HABILITADO") -> HABILITADO | AW20: 5-06-2015 al 14/10/2016 se traslapa con la experiencia No. 4 | AX20: 42160 | AY20: 42685 | AZ20: 42658 | BA20: 42685 | BB20: =+(BA20-AZ20+1)/365 -> 0.076712329
B21: 7 | C21: REALIZAR LA INTERVENTORÍA TÉCNICA, ADMINISTRATIVA, FINANCIERA Y AMBIENTAL AL CONTRATO QUE TIENE POR OBJETO CONSTRUCCIÓN DE REDES ELÉCTRICAS DE MEDIA Y BAJA TENSIÓN Y MONTAJE DE SUBESTACIONES DE DISTRIBUCIÓN PARA LAS VEREDAS: BARQUEREÑA, GUANAPALO, ESPERANZA, LAS CALLES, SOCORRO, MACUCO, PALMARITO, SANTA HERCILIA, MEREY, LA SELVA, PALESTINA, GARRANCHO, MORICHAL, LAS CAÑAS, BENDICIÓN, CANYARO, LOS PATOS Y CRISTO REY DEL MUNICIPIO DE SAN LUIS DE PALENQUE DE CASANARE | D21: MUNICIPIO DE SAN LUIS DE PALENQUE | E21: 40 | F21: 80101500 - 80101600 - 81101700 - 81101500 | G21: 149542326 | H21: 216.9 | I21: 0 | J21: =J20+H21*I21 -> 965.0135 | K21: =IF(H21*I21>0,"HABILITADO", "NO HABILITADO") -> NO HABILITADO | L21: De conformidad con la nota 7 del numeral 3.2.3. a.1 no podrá ser acumulable la experiencia obtenida en varios proyectos en un mismo periodo de tiempo. Se traslapa completamente con la experiencia No. 4 | P21: 7 | X21: =X20+V21*W21 -> 0 | AA21: 7 | AI21: =AI20+AG21*AH21 -> 0 | AM21: 7 | AN21: REALIZAR LA INTERVENTORÍA TÉCNICA, ADMINISTRATIVA, FINANCIERA Y AMBIENTAL AL CONTRATO QUE TIENE POR OBJETO CONSTRUCCIÓN DE REDES ELÉCTRICAS DE MEDIA Y BAJA TENSIÓN Y MONTAJE DE SUBESTACIONES DE DISTRIBUCIÓN PARA LAS VEREDAS: BARQUEREÑA, GUANAPALO, ESPERANZA, LAS CALLES, SOCORRO, MACUCO, PALMARITO, SANTA HERCILIA, MEREY, LA SELVA, PALESTINA, GARRANCHO, MORICHAL, LAS CAÑAS, BENDICIÓN, CANYARO, LOS PATOS Y CRISTO REY DEL MUNICIPIO DE SAN LUIS DE PALENQUE DE CASANARE | AO21: MUNICIPIO DE SAN LUIS DE PALENQUE | AP21: 40 | AQ21: 80101500 - 80101600 - 81101700 - 81101500 | AR21: 149542326 | AS21: 216.9 | AT21: 0 | AU21: =AU20+AS21*AT21 -> 965.0135 | AV21: =IF(AS21*AT21>0,"HABILITADO", "NO HABILITADO") -> NO HABILITADO | AW21: Se traslapa completamente con la experiencia No. 4 | AX21: 41886 | AY21: 42410 | AZ21: 41886 | BA21: 42410 | BB21: 0
B22: 8 | C22: INTERVENTORÍA TÉCNICA, ADMINISTRATIVA, FINANCIERA Y AMBIENTAL AL CONTRATO QUE TIENE POR OBJETO CONSTRUCCIÓN, REPOTENCIACIÓN RED EN DOBLE CIRCUITO 34,5/13,8 KV YOPAL - MORICHAL | D22: Empresa de Energía de Casanare - ENERCA S.A. ESP. | E22: 37 | F22: 80101500 - 80101600 - 81101700 - 81101500 | G22: 140641682 | H22: 218.27 | I22: 1 | J22: =J21+H22*I22 -> 1183.2835 | K22: =IF(H22*I22>0,"HABILITADO", "NO HABILITADO") -> HABILITADO | L22: De conformidad con la nota 7 del numeral 3.2.3. a.1 no podrá ser acumulable la experiencia obtenida en varios proyectos en un mismo periodo de tiempo. Se toma como fecha de finalización 7/8/2014, ya que se traslapa con la experiencia No. 4 del 8/08/2014 al 30/12/2015 | P22: 8 | X22: =X21+V22*W22 -> 0 | AA22: 8 | AI22: =AI21+AG22*AH22 -> 0 | AM22: 8 | AN22: INTERVENTORÍA TÉCNICA, ADMINISTRATIVA, FINANCIERA Y AMBIENTAL AL CONTRATO QUE TIENE POR OBJETO CONSTRUCCIÓN, REPOTENCIACIÓN RED EN DOBLE CIRCUITO 34,5/13,8 KV YOPAL - MORICHAL | AO22: Empresa de Energía de Casanare - ENERCA S.A. ESP. | AP22: 37 | AQ22: 80101500 - 80101600 - 81101700 - 81101500 | AR22: 140641682 | AS22: 218.27 | AT22: 1 | AU22: =AU21+AS22*AT22 -> 1183.2835 | AV22: =IF(AS22*AT22>0,"HABILITADO", "NO HABILITADO") -> HABILITADO | AW22: Se toma como fecha de finalización 7/8/2014, ya que se traslapa con la experiencia No. 4 del 8/08/2014 al 30/12/2015 | AX22: 41857 | AY22: 42368 | AZ22: 41857 | BA22: 41858 | BB22: =+(BA22-AZ22+1)/365 -> 0.0054794521
B23: 9 | C23: REALIZAR SUPERVISION A LA INTERVENTORIA DERIVADA DE LOS CONTRATOS QUE TIENEN POR OBJETO: 1. CONSTRUCCIÓN DE SUBESTACIÓN ELECTRICA DE 20 MVA A 115/34,5/13,2 KV Y AMPLIACIÓN PARA RECONFIGURACIÓN DE LA RED DE 34,5 - 13,2 KV EN EL MUNICIPIO DE AGUAZUL, DEPARTAMENTO DE CASANARE. 2. CONSTRUCCIÓN LINEA DE 34,5 PARA ALIMENTAR LA SUBESTACIÓNN DE LA VEREDA LA ESPERANZA Y LAS REDES DE LAS VEREDAS SAN JOAQUIN, CHAPARRITO, GUASIMAL, EL CALVARIO, BELGICA, LA ESPERANZA, LA MORITA, EL CONVENTO, EL TORO, EL PALMAR, LA REFORMA, LA UNION DE COJOMU, CARDONCITO Y SANTA IRENE DEL MUNICIPIO DE TRINIDAD DEL DEPARTAMENTO DE CASANARE. 2. CONSTRUCCIÓN DE REDES DE MEDIA Y BAJA TENSIÓN EN LAS VEREDAS SAN LUIS DEL ARIPORO, EL SARARE, SANTA MARTA Y LA COLOMBINA DE MUNICIPIO DE PAZ DE ARIPORO DEPARTAMENTO DE CASANARE. | D23: Gobernación de Casanare | E23: 1 | F23: 80101500 - 80101600 - 81101700 - 81101500 | G23: 237637364 | H23: 382.49 | I23: 0 | J23: =J22+H23*I23 -> 1183.2835 | K23: =IF(H23*I23>0,"HABILITADO", "NO HABILITADO") -> NO HABILITADO | P23: 9 | X23: =X22+V23*W23 -> 0 | AA23: 9 | AI23: =AI22+AG23*AH23 -> 0 | AM23: 9 | AN23: REALIZAR SUPERVISION A LA INTERVENTORIA DERIVADA DE LOS CONTRATOS QUE TIENEN POR OBJETO: 1. CONSTRUCCIÓN DE SUBESTACIÓN ELECTRICA DE 20 MVA A 115/34,5/13,2 KV Y AMPLIACIÓN PARA RECONFIGURACIÓN DE LA RED DE 34,5 - 13,2 KV EN EL MUNICIPIO DE AGUAZUL, DEPARTAMENTO DE CASANARE. 2. CONSTRUCCIÓN LINEA DE 34,5 PARA ALIMENTAR LA SUBESTACIÓNN DE LA VEREDA LA ESPERANZA Y LAS REDES DE LAS VEREDAS SAN JOAQUIN, CHAPARRITO, GUASIMAL, EL CALVARIO, BELGICA, LA ESPERANZA, LA MORITA, EL CONVENTO, EL TORO, EL PALMAR, LA REFORMA, LA UNION DE COJOMU, CARDONCITO Y SANTA IRENE DEL MUNICIPIO DE TRINIDAD DEL DEPARTAMENTO DE CASANARE. 2. CONSTRUCCIÓN DE REDES DE MEDIA Y BAJA TENSIÓN EN LAS VEREDAS SAN LUIS DEL ARIPORO, EL SARARE, SANTA MARTA Y LA COLOMBINA DE MUNICIPIO DE PAZ DE ARIPORO DEPARTAMENTO DE CASANARE. | AO23: Gobernación de Casanare | AP23: 1 | AQ23: 80101500 - 80101600 - 81101700 - 81101500 | AR23: 237637364 | AS23: 382.49 | AT23: 0 | AU23: =AU22+AS23*AT23 -> 1183.2835 | AV23: =IF(AS23*AT23>0,"HABILITADO", "NO HABILITADO") -> NO HABILITADO | AX23: 40542 | AY23: 41086 | AZ23: 40542 | BA23: 41086
B24: 10 | C24: INTERVENTORIA TÉCNICA A LA CONSTRUCCIÓN DE LA ZONA DE EXPANSIÓN URBANA UNO I ETAPA Y LA AMPLIACIÓN DE REDES ELÉCTRICAS EN LAS VEREDAS ESMERALDA II ETAPA Y PIÑALITO SECTOR ALTO Y JUVE DEL MUNICIPIO DE TAURAMENA. | D24: Municipio de Tauramena | E24: 2 | F24: 80101500 - 80101600 - 81101700 - 81101500 | G24: 85069699 | H24: 142.4 | I24: 1 | J24: =J23+H24*I24 -> 1325.6835 | K24: =IF(H24*I24>0,"HABILITADO", "NO HABILITADO") -> HABILITADO | L24: De conformidad con la nota 7 del numeral 3.2.3. a.1 no podrá ser acumulable la experiencia obtenida en varios proyectos en un mismo periodo de tiempo. Se toma como fecha de finalización el 5/09/2010, ya que se traslapa con la expereiencia No. 11 entre el 06/09/2010 al 26/11/2010 | P24: 10 | X24: =X23+V24*W24 -> 0 | AA24: 10 | AI24: =AI23+AG24*AH24 -> 0 | AM24: 10 | AN24: INTERVENTORIA TÉCNICA A LA CONSTRUCCIÓN DE LA ZONA DE EXPANSIÓN URBANA UNO I ETAPA Y LA AMPLIACIÓN DE REDES ELÉCTRICAS EN LAS VEREDAS ESMERALDA II ETAPA Y PIÑALITO SECTOR ALTO Y JUVE DEL MUNICIPIO DE TAURAMENA. | AO24: Municipio de Tauramena | AP24: 2 | AQ24: 80101500 - 80101600 - 81101700 - 81101500 | AR24: 85069699 | AS24: 142.4 | AT24: 1 | AU24: =AU23+AS24*AT24 -> 1325.6835 | AV24: =IF(AS24*AT24>0,"HABILITADO", "NO HABILITADO") -> HABILITADO | AW24: Se toma como fecha de finalización el 5/09/2010, ya que se traslapa con la expereiencia No. 11 entre el 06/09/2010 al 26/11/2010 | AX24: 40177 | AY24: 40508 | AZ24: 40177 | BA24: 40426 | BB24: =+(BA24-AZ24+1)/365 -> 0.68493151
B25: 11 | C25: REALIZAR INTERVENTORIA TÉCNICA, ADMINISTRATIVA, FINANCIERA Y AMBIENTAL A LOS CONTRATOS QUE TIENEN POR OBJETO; 1. AMPLIACIÓN DE REDES EN MEDIA Y BAJA TENSIÓN EN LA URBANIZACIÓN SAN JERONIMO MUNICIPIO DE HATO COROZAL DEPARTAMENTO DE CASANARE; 2. AMPLIACIÓN DE REDES ELÉCTRICAS DE MEDIA Y BAJA TENSIÓN EN LA VEREDA SANTA TERESA, LA FLORIDA DEL MUNICIPIO DE HATO COROZAL DEPARTAMENTO DE CASANARE. | D25: Gobernación de Casanare | E25: 26 | F25: 80101500 - 80101600 - 81101700 - 81101500 | G25: 43768345 | H25: 73.26 | I25: 1 | J25: =J24+H25*I25 -> 1398.9435 | K25: =IF(H25*I25>0,"HABILITADO", "NO HABILITADO") -> HABILITADO | L25: De conformidad con la nota 7 del numeral 3.2.3. a.1 no podrá ser acumulable la experiencia obtenida en varios proyectos en un mismo periodo de tiempo. Se toma como fecha de finalización 29/12/2010, ya que se traslapa con la experiencia No. 9 del 30/12/2010 al 05/01/2011 | P25: 11 | X25: =X24+V25*W25 -> 0 | AA25: 11 | AI25: =AI24+AG25*AH25 -> 0 | AM25: 11 | AN25: REALIZAR INTERVENTORIA TÉCNICA, ADMINISTRATIVA, FINANCIERA Y AMBIENTAL A LOS CONTRATOS QUE TIENEN POR OBJETO; 1. AMPLIACIÓN DE REDES EN MEDIA Y BAJA TENSIÓN EN LA URBANIZACIÓN SAN JERONIMO MUNICIPIO DE HATO COROZAL DEPARTAMENTO DE CASANARE; 2. AMPLIACIÓN DE REDES ELÉCTRICAS DE MEDIA Y BAJA TENSIÓN EN LA VEREDA SANTA TERESA, LA FLORIDA DEL MUNICIPIO DE HATO COROZAL DEPARTAMENTO DE CASANARE. | AO25: Gobernación de Casanare | AP25: 26 | AQ25: 80101500 - 80101600 - 81101700 - 81101500 | AR25: 43768345 | AS25: 73.26 | AT25: 1 | AU25: =AU24+AS25*AT25 -> 1398.9435 | AV25: =IF(AS25*AT25>0,"HABILITADO", "NO HABILITADO") -> HABILITADO | AW25: Se toma como fecha de finalización 29/12/2010, ya que se traslapa con la experiencia No. 9 del 30/12/2010 al 05/01/2011 | AX25: 40427 | AY25: 40548 | AZ25: 40427 | BA25: 40541 | BB25: =+(BA25-AZ25+1)/365 -> 0.31506849
B26: 12 | C26: REALIZIAR INTERVENTORÍA TÉCNICA, ADMINISTRATIVA, FINANCIERA Y AMBIENTAL A LOS CONTRATOS: CONSTRUCCIÓN Y AMPLIACIÓN DE REDES ELÉCTRICAS EN LA URBANIZACIÓN ALTOS DE LA GUACABA, AMPLIACIÓN DE REDES ELÉCTRICAS DE MEDIA Y BAJA TENSIÓN EN LA VEREDA GUACHARACAL. AMPLIACIÓN RED ELÉCTRICA DE MEDIA Y BAJA TENSIÓN EN LA URBANIZACIÓN LAS HELICONIAS, VILLA BERTHA, AMPLIACIÓN RED ELECTRICA DE MEDIA Y BAJA TENSIÓN EN LA VEREDA LA RESERVA SECTOR MORICHE 2, EL TRIUNFO Y FUNDO BONITO, AMPLIACIÓN DE REDES ELECTRICAS DE MEDIA Y BAJA TENSIÓN EN LA VEREDA YOPITOS, SECTOR LAS TRES ROSAS Y LA PALMITA. OPTIMIZACIÓN Y MEJORAMIENTO DE INFRAESTRUCTURA ENERGETICA DE LA ZONA CENTRO DEL MUNICIPIO DE YOPAL. DISEÑO Y ELECTRIFICACIÓN VEGA DEL UPIA, MUNICIPIO DE VILLANUEVA Y AMPLIACIÓN DE REDES ELECTRICAS DE MEDIA Y BAJA TENSIÓN EN LA VEREDA LA ZUQUIA, MUNICIPIO DE TAMARA, DEPARTAMENTO DE CASANARE | D26: Gobernación de Casanare | E26: 27 | F26: 80101500 - 80101600 - 81101700 - 81101500 | G26: 42214946 | H26: 70.66 | I26: 1 | J26: =J25+H26*I26 -> 1469.6035 | K26: =IF(H26*I26>0,"HABILITADO", "NO HABILITADO") -> HABILITADO | L26: De conformidad con la nota 7 del numeral 3.2.3. a.1 no podrá ser acumulable la experiencia obtenida en varios proyectos en un mismo periodo de tiempo. Se toma como fecha de finalización 29/12/2009 ya que se traslapa con la experiencia No. 10 entre el 30/12/2009 al 25/03/2010 | P26: 12 | X26: =X25+V26*W26 -> 0 | AA26: 12 | AI26: =AI25+AG26*AH26 -> 0 | AM26: 12 | AN26: REALIZIAR INTERVENTORÍA TÉCNICA, ADMINISTRATIVA, FINANCIERA Y AMBIENTAL A LOS CONTRATOS: CONSTRUCCIÓN Y AMPLIACIÓN DE REDES ELÉCTRICAS EN LA URBANIZACIÓN ALTOS DE LA GUACABA, AMPLIACIÓN DE REDES ELÉCTRICAS DE MEDIA Y BAJA TENSIÓN EN LA VEREDA GUACHARACAL. AMPLIACIÓN RED ELÉCTRICA DE MEDIA Y BAJA TENSIÓN EN LA URBANIZACIÓN LAS HELICONIAS, VILLA BERTHA, AMPLIACIÓN RED ELECTRICA DE MEDIA Y BAJA TENSIÓN EN LA VEREDA LA RESERVA SECTOR MORICHE 2, EL TRIUNFO Y FUNDO BONITO, AMPLIACIÓN DE REDES ELECTRICAS DE MEDIA Y BAJA TENSIÓN EN LA VEREDA YOPITOS, SECTOR LAS TRES ROSAS Y LA PALMITA. OPTIMIZACIÓN Y MEJORAMIENTO DE INFRAESTRUCTURA ENERGETICA DE LA ZONA CENTRO DEL MUNICIPIO DE YOPAL. DISEÑO Y ELECTRIFICACIÓN VEGA DEL UPIA, MUNICIPIO DE VILLANUEVA Y AMPLIACIÓN DE REDES ELECTRICAS DE MEDIA Y BAJA TENSIÓN EN LA VEREDA LA ZUQUIA, MUNICIPIO DE TAMARA, DEPARTAMENTO DE CASANARE | AO26: Gobernación de Casanare | AP26: 27 | AQ26: 80101500 - 80101600 - 81101700 - 81101500 | AR26: 42214946 | AS26: 70.66 | AT26: 1 | AU26: =AU25+AS26*AT26 -> 1469.6035 | AV26: =IF(AS26*AT26>0,"HABILITADO", "NO HABILITADO") -> HABILITADO | AW26: Se toma como fecha de finalización 29/12/2009 ya que se traslapa con la experiencia No. 10 entre el 30/12/2009 al 25/03/2010 | AX26: 40143 | AY26: 40262 | AZ26: 40143 | BA26: 40176 | BB26: =+(BA26-AZ26+1)/365 -> 0.093150685
B27: 13 | C27: INTERVENTORIA TÉCNICA, ADMINISTRATIVA, FINANCIERA Y AMBIENTAL A LA CONSTRUCCIÓN DE REDES ELÉCTRICAS EN MEDIA Y BAJA TENSIÓN EN LAS URBANIZACIONES VILLA FLOR Y VILLA VARGAS DEL MUNICIPIO DE YOPAL, DEPARTAMENTO DE CASANARE | D27: Gobernación de Casanare | E27: 29 | F27: 80101500 - 80101600 - 81101700 - 81101500 | G27: 46149574 | H27: 80.06 | I27: 1 | J27: =J26+H27*I27 -> 1549.6635 | K27: =IF(H27*I27>0,"HABILITADO", "NO HABILITADO") -> HABILITADO | P27: 13 | X27: =X26+V27*W27 -> 0 | AA27: 13 | AI27: =AI26+AG27*AH27 -> 0 | AM27: 13 | AN27: INTERVENTORIA TÉCNICA, ADMINISTRATIVA, FINANCIERA Y AMBIENTAL A LA CONSTRUCCIÓN DE REDES ELÉCTRICAS EN MEDIA Y BAJA TENSIÓN EN LAS URBANIZACIONES VILLA FLOR Y VILLA VARGAS DEL MUNICIPIO DE YOPAL, DEPARTAMENTO DE CASANARE | AO27: Gobernación de Casanare | AP27: 29 | AQ27: 80101500 - 80101600 - 81101700 - 81101500 | AR27: 46149574 | AS27: 80.06 | AT27: 1 | AU27: =AU26+AS27*AT27 -> 1549.6635 | AV27: =IF(AS27*AT27>0,"HABILITADO", "NO HABILITADO") -> HABILITADO | AX27: 39785 | AY27: 30/6/2009 | AZ27: 39785 | BA27: 39994 | BB27: =+(BA27-AZ27+1)/365 -> 0.57534247
B28: 14 | P28: 14 | X28: =X27+V28*W28 -> 0 | AA28: 14 | AI28: =AI27+AG28*AH28 -> 0 | BA28: TOTAL AÑOS DE EXPERIENCIA | BB28: =SUM(BB15:BB27) -> 5.6328767
B29: 15 | P29: 15 | X29: =X28+V29*W29 -> 0 | AA29: 15 | AI29: =AI28+AG29*AH29 -> 0
B30: 16 | P30: 16 | X30: =X29+V30*W30 -> 0 | AA30: 16 | AI30: =AI29+AG30*AH30 -> 0
B31: 17 | P31: 17 | X31: =X30+V31*W31 -> 0 | AA31: 17 | AI31: =AI30+AG31*AH31 -> 0
B32: 18 | P32: 18 | X32: =X31+V32*W32 -> 0 | AA32: 18 | AI32: =AI31+AG32*AH32 -> 0
B33: 19 | P33: 19 | X33: =X32+V33*W33 -> 0 | AA33: 19 | AI33: =AI32+AG33*AH33 -> 0
B34: 20 | P34: 20 | X34: =X33+V34*W34 -> 0 | AA34: 20 | AI34: =AI33+AG34*AH34 -> 0
B35: 21 | P35: 21 | X35: =X34+V35*W35 -> 0 | AA35: 21 | AI35: =AI34+AG35*AH35 -> 0
B36: 22 | P36: 22 | X36: =X35+V36*W36 -> 0 | AA36: 22 | AI36: =AI35+AG36*AH36 -> 0
B37: 23 | P37: 23 | X37: =X36+V37*W37 -> 0 | AA37: 23 | AI37: =AI36+AG37*AH37 -> 0
B38: 24 | P38: 24 | X38: =X37+V38*W38 -> 0 | AA38: 24 | AI38: =AI37+AG38*AH38 -> 0
B39: 25 | P39: 25 | X39: =X38+V39*W39 -> 0 | AA39: 25 | AI39: =AI38+AG39*AH39 -> 0
B40: 26 | P40: 26 | X40: =X39+V40*W40 -> 0 | AA40: 26 | AI40: =AI39+AG40*AH40 -> 0
... B68: 54 | P68: 54 | X68: =X67+V68*W68 -> 0 | AA68: 54 | AI68: =AI67+AG68*AH68 -> 0
B69: TOTAL | P69: TOTAL | V69: =SUM(V15:V68) -> 0 | X69: =IF(MAX(X15:X68)>=H7*0.5,MAX(X15:X68),0) -> 0 | AA69: TOTAL | AG69: =SUM(AG15:AG68) -> 0 | AI69: =IF(MAX(AI15:AI68)>=H7*0.5,MAX(AI15:AI68),0) -> 0
D76: EXPERIENCIA DEL EQUIPO DE TRABAJO
C79: NOMBRE DEL PROPONENTE: | E79: =H5 -> SECOB LTDA
C80: NOMBRE DEL PROFESIONAL | E80: JORGE ERNESTO SOCADAGÜI PÉREZ
C81: CARGO EN EL EQUIPO DE TRABAJO | E81: DIRECTOR DE INTERVENTORIA
C83: RELACIÓN EXPERIENCIA PROFESIONAL HABILITANTE
D84: ETAPA PREVIA ___x__ ETAPA DE INSTALACIÓN___x___
C86: EXPERIENCIA HABILITANTE DIRECTOR DE INTERVENTORIA (ANEXO 4) | N86: EXPERIENCIA CALIFICABLE DIRECTOR DE INTERVENTORIA (ANEXO 5)
C87: NOMBRE DEL PROYECTO | D87: ENTIDAD CONTRATANTE O EMPLEADORA | E87: CARGO OCUPADO | F87: FUNCIONES DESEMPEÑADAS | G87: FECHA DE INICIO | H87: FECHA DE RETIRO | I87: DURACIÓN EN DIAS | J87: DURACIÓN EN MESES | K87: OBSERVACIONES | N87: NOMBRE DEL PROYECTO | O87: ENTIDAD CONTRATANTE O EMPLEADORA | P87: CARGO OCUPADO | Q87: FUNCIONES DESEMPEÑADAS | R87: FECHA DE INICIO | S87: FECHA DE RETIRO | T87: DURACIÓN EN DIAS | U87: DURACIÓN EN MESES | V87: OBSERVACIONES | Y87: ESTUDIOS DIRECTOR | Z87: Puntaje Máximo
B88: 1 | C88: Transmisión y Distribución de Energía Électrica | D88: DISTASA S.A. E.S.P. | E88: Director del Área Técnica | F88: Dirección de la administración, operación y mantenimiento de la infraestructura de Transmisión y distribución de Energía Électrica de la empresa | G88: 40112 | H88: 41495 | I88: =+H88-G88+1 -> 1384 | J88: =+I88/30 -> 46.133333 | K88: Subsanó presentando certificación que cumple con lo establecido en el literal b.3 del numeral 3.2.3 b. | M88: 1 | T88: =S88-R88+1 -> 1 | U88: =+T88/30 -> 0.033333333 | Y88: Estudios de posgrado mínimo a nivel de especialización en: administración de empresas, o gerencia o gestión de proyectos, o gerencia de proyectos o gerencia de empresas de energía o alta gerencia o en Fuentes no Convencionales de Energía o en Energías alternativas. | Z88: 4
B89: 2 | C89: Concesión Alumbrado Público Yopal | D89: ENLACE C.T.A | E89: Director de obra | F89: Director Tecnico de la Interventoria a la concesión Alumbrdo Público del Municipio de Yopal | G89: 39480 | H89: 40116 | I89: 0 | J89: =+I89/30 -> 0 | K89: No cumple con lo establecido en el literal b.3 del numeral 3.2.3 b. La certificación no contiene la Descripción de las actividades o tareas desarrolladas | M89: 2 | T89: =S89-R89 -> 0 | U89: 0 | Y89: Contar adicionalmente con estudios en la modalidad de posgrado mínimo a nivel de especialización en: | Z89: 1
B90: 3 | C90: Operación Y Mantenimiento del STR y SDL de ENERCA S.A. ESP. | D90: ENERCA S.A. ESP. | E90: SubGerente Técnico | F90: Dirección de la administración, operación y mantenimiento de la infraestructura del STR y SDL de de la empresa | G90: 39317 | H90: 39477 | I90: 0 | J90: =+I90/30 -> 0 | K90: No cumple con lo establecido en el literal b.3 del numeral 3.2.3 b. La certificación no contiene la Descripción de las actividades o tareas desarrolladas | M90: 3 | T90: =S90-R90 -> 0 | U90: =+T90/30 -> 0 | Y90: INGENIERÍA ELÉCTRICA CON ENFASIS EN SISTEMAS DE DISTRIBUCIÓN ó
B91: 4 | C91: 828-01 Asesor e interventor de las redes eléctricas rurales adscrito a la Secretaria de Obras del Municipio | D91: Alcaldia de Aguazul | E91: Interventor | G91: 36679 | H91: 36771 | I91: 0 | J91: =+I91/30 -> 0 | K91: *No cumple con la experiencia profesional relacionada ya que no ejeció el cargo de Director o gerente *No cumple con lo establecido en el literal b.3 del numeral 3.2.3 b. La certificación no contiene la Descripción de las actividades o tareas desarrolladas | M91: 4 | T91: =S91-R91 -> 0 | U91: =+T91/30 -> 0 | Y91: EN SISTEMAS DE DISTRIBUCIÓN Y TRASMISIÓN DE ENERGÍA ELÉCTRICA ó
B92: 5 | C92: 1423-01 Asesor e interventor de las redes eléctricas rurales adscrito a la Secretaria de Obras del Municipio | D92: Alcaldia de Aguazul | E92: Interventor | G92: 36801 | H92: 36874 | I92: 0 | J92: =+I92/30 -> 0 | K92: *No cumple con la experiencia profesional relacionada ya que no ejeció el cargo de Director o gerente *No cumple con lo establecido en el literal b.3 del numeral 3.2.3 b. La certificación no contiene la Descripción de las actividades o tareas desarrolladas | M92: 5 | T92: =S92-R92 -> 0 | U92: =+T92/30 -> 0 | Y92: EN SISTEMAS DE DISTRIBUCION DE ENERGÍA ELÉCTRICA ó
B93: 6 | C93: 1878-00 Asesor e interventor eléctrico para las redes eléctricas urbanas del municipio de Aguazul | D93: Alcaldia de Aguazul | E93: Interventor | G93: 36874 | H93: 36964 | I93: 0 | J93: =+I93/30 -> 0 | K93: *No cumple con la experiencia profesional relacionada ya que no ejeció el cargo de Director o gerente *No cumple con lo establecido en el literal b.3 del numeral 3.2.3 b. La certificación no contiene la Descripción de las actividades o tareas desarrolladas | M93: 6 | T93: =S93-R93 -> 0 | U93: =+T93/30 -> 0 | Y93: EN SISTEMAS DE TRASMISIÓN Y DISTRIBUCIÓN DE ENERGÍA ELÉCTRICA ó
B94: 7 | C94: 323-01 Prestar srvicios de apoyo para la puesta en marcha de proyectos de inversión "Construcción Electrificaciones Rurales del Municipio de Aguazul" como Ingeniero interventor y supervisor en el área competente al mismo programa de inversión | D94: Alcaldia de Aguazul | E94: Interventor | G94: 36965 | H94: 37026 | I94: 0 | J94: =+I94/30 -> 0 | K94: *No cumple con la experiencia profesional relacionada ya que no ejeció el cargo de Director o gerente *No cumple con lo establecido en el literal b.3 del numeral 3.2.3 b. La certificación no contiene la Descripción de las actividades o tareas desarrolladas | M94: 7 | T94: =S94-R94 -> 0 | U94: =+T94/30 -> 0 | Y94: EN SISTEMAS DE TRASMISIÓN DE ENERGÍA ELÉCTRICA ó
B95: 8 | C95: 616-01 Prestar servicios de apoyo para puesta en marcha de proyectos de inversión "Construcción Electrificaciones Rurales del Municipio de Aguazul" como ingeniero interventor y supervisor en el área competente al mismo program de inversión | D95: Alcaldia de Aguazul | E95: Interventor | G95: 37039 | H95: 37131 | I95: 0 | J95: =+I95/30 -> 0 | K95: *No cumple con la experiencia profesional relacionada ya que no ejeció el cargo de Director o gerente *No cumple con lo establecido en el literal b.3 del numeral 3.2.3 b. La certificación no contiene la Descripción de las actividades o tareas desarrolladas | M95: 8 | T95: =S95-R95 -> 0 | U95: =+T95/30 -> 0 | Y95: EN INGENIERÍA ELÉCTRICA. ó
B96: 9 | C96: 939-01 Prestar servicios de apoyo para la puesta en marcha del proyecto de inversión "Realización de Interventorías de proyectos de inversión" en la elaboración de proyectos de electrificación tanto en la parte urbano como rural y prestar la interventoria a los mismos proyectos | D96: Alcaldia de Aguazul | E96: Interventor | G96: 37132 | H96: 37224 | I96: 0 | J96: =+I96/30 -> 0 | K96: *No cumple con la experiencia profesional relacionada ya que no ejeció el cargo de Director o gerente *No cumple con lo establecido en el literal b.3 del numeral 3.2.3 b. La certificación no contiene la Descripción de las actividades o tareas desarrolladas | M96: 9 | T96: =S96-R96 -> 0 | U96: =+T96/30 -> 0 | Y96: SISTEMAS DE POTENCIA O SISTEMAS DE TRANSMISIÓN Y DISTRIBUCIÓN ELÉCTRICA. ó | AA96: El profesional Jorge Ernesto Socadagui es Especialista en gerencia de recursos energéticos, por lo tanto no cumple con ninguno de los posgrados establecidos para la formación adicional.
B97: 10 | C97: 1243-01 Prestar servicios de apoyo para la puesta en marcha del proyecto de inversión "Realización de Interventorías de proyectos de inversión" en la elaboración de proyectos de electrificación tanto en la parte urbano como rural y prestar la interventoria a los mismos proyectos | D97: Alcaldia de Aguazul | E97: Interventor | G97: 37224 | H97: 37315 | I97: 0 | J97: =+I97/30 -> 0 | K97: *No cumple con la experiencia profesional relacionada ya que no ejeció el cargo de Director o gerente *No cumple con lo establecido en el literal b.3 del numeral 3.2.3 b. La certificación no contiene la Descripción de las actividades o tareas desarrolladas | M97: 10 | T97: =S97-R97 -> 0 | U97: =+T97/30 -> 0
B98: 11 | C98: 099-02 Prestar servicios de apoyo para la puesta en marcha del proyecto de inversión "Realización de Interventorías de proyectos de inversión" en la elaboración de proyectos de electrificación tanto en la parte urbano como rural del municipio de aguazul | D98: Alcaldia de Aguazul | E98: Interventor | G98: 37337 | H98: 37429 | I98: 0 | J98: =+I98/30 -> 0 | K98: *No cumple con la experiencia profesional relacionada ya que no ejeció el cargo de Director o gerente *No cumple con lo establecido en el literal b.3 del numeral 3.2.3 b. La certificación no contiene la Descripción de las actividades o tareas desarrolladas | M98: 11 | T98: =S98-R98 -> 0 | U98: =+T98/30 -> 0
B99: 12 | C99: 228-02 Prestar apoyo para la puesta en marcha del proyecto de Inversión "Realización de interventorías de proyectos de inversión" realizando actividades de interventoría a las obras que se ejecuten en el Municipio con el desarrollo de los proyectos de electrificación | D99: Alcaldia de Aguazul | E99: Interventor | G99: 37429 | H99: 37521 | I99: 0 | J99: =+I99/30 -> 0 | K99: *No cumple con la experiencia profesional relacionada ya que no ejeció el cargo de Director o gerente *No cumple con lo establecido en el literal b.3 del numeral 3.2.3 b. La certificación no contiene la Descripción de las actividades o tareas desarrolladas | M99: 12 | T99: =S99-R99 -> 0 | U99: =+T99/30 -> 0
B100: 12 | C100: 367-02 Presta apoyo para la puesta en marcha del proyecto de inversión "Realización de interventorías de proyectos de inversión" realizando actividades de interventoría y supervisión a las obras que se ejecuten en el Municipio con el desarrollo de los proyectos de electrificación | D100: Alcaldia de Aguazul | E100: Interventor | G100: 37529 | H100: 37598 | I100: 0 | J100: =+I100/30 -> 0 | K100: *No cumple con la experiencia profesional relacionada ya que no ejeció el cargo de Director o gerente *No cumple con lo establecido en el literal b.3 del numeral 3.2.3 b. La certificación no contiene la Descripción de las actividades o tareas desarrolladas | N100: TOTALES | T100: =SUM(T88:T99) -> 1 | U100: =SUM(U88:U99) -> 0.033333333
B101: 12 | C101: 433-02 Realizar interventoría y supervisión de las obras que se ejecuten enm el Municipio de Aguazul con el desarrollo de proyectos de infraestructura (sede administrativa, manga de coleo, plaza de ferias y construcción de redes eléctricas tanto en el sector urbano como rural del municipio de Aguazul. | D101: Alcaldia de Aguazul | E101: Interventor | G101: 37610 | H101: 37792 | I101: 0 | J101: =+I101/30 -> 0 | K101: *No cumple con la experiencia profesional relacionada ya que no ejeció el cargo de Director o gerente *No cumple con lo establecido en el literal b.3 del numeral 3.2.3 b. La certificación no contiene la Descripción de las actividades o tareas desarrolladas | AB101: OBSERVACIONES
B102: 12 | C102: 133-03 Realizar el sseguimiento e interventoría y supervisión de las obras que se ejecuten en el municipio de Aguazul con el desarrollo de proyectos de infraestructura (sector eléctrico y energético) de Inversión social en el municipio de Aguazul. | D102: Alcaldia de Aguazul | E102: Interventor | G102: 37820 | H102: 37882 | I102: 0 | J102: =+I102/30 -> 0 | K102: *No cumple con la experiencia profesional relacionada ya que no ejeció el cargo de Director o gerente *No cumple con lo establecido en el literal b.3 del numeral 3.2.3 b. La certificación no contiene la Descripción de las actividades o tareas desarrolladas | T102: PUNTAJE | U102: =IF(U100>24,15,IF(U100>=18,10,IF(U100>=12,8,0))) -> 0 | Y102: PUNTAJE | Z102: 0 | AB102: NO CUENTA CON ESTUDIOS DE POSGRADO DE CONFORMIDAD CON LO ESTIPULADO COMO FORMACIÓN ACADÉMICA ADICIONAL
C103: TOTALES | I103: =SUM(I88:I102) -> 1384 | J103: =SUM(J88:J102) -> 46.133333
J105: =IF(J103>=36,"HABILITADO","NO HABILITADO") -> HABILITADO
C108: NOMBRE DEL PROFESIONAL | E108: SERGIO ANDRES PASTRANA PASTRANA
C109: CARGO EN EL EQUIPO DE TRABAJO | E109: INGENIERO RESIDENTE DE INTERVENTORIA
C111: RELACIÓN EXPERIENCIA PROFESIONAL HABILITANTE PROFESIONAL 1
D112: ETAPA PREVIA ___x__ ETAPA DE INSTALACIÓN____x__
C114: EXPERIENCIA HABILITANTE INGENIERO RESIDENTE (ANEXO 4) | N114: EXPERIENCIA CALIFICABLE DIRECTOR DE INTERVENTORIA (ANEXO 5)
C115: NOMBRE DEL PROYECTO | D115: ENTIDAD CONTRATANTE O EMPLEADORA | E115: CARGO OCUPADO | F115: FUNCIONES DESEMPEÑADAS | G115: FECHA DE INICIO | H115: FECHA DE RETIRO | I115: DURACIÓN EN DIAS | J115: DURACIÓN EN MESES | K115: OBSERVACIONES | O115: NOMBRE DEL PROYECTO | P115: ENTIDAD CONTRATANTE O EMPLEADORA | Q115: CARGO OCUPADO | R115: FUNCIONES DESEMPEÑADAS | S115: FECHA DE INICIO | T115: FECHA DE RETIRO | U115: DURACIÓN EN DIAS | V115: DURACIÓN EN MESES | W115: OBSERVACIONES | Z115: ESTUDIOS RESIDENTE | AA115: Puntaje Máximo
B116: 1 | C116: Profesional auxiliar de interventoría para el contrato: Ampliación de redes electricas en diferentes veredas de la zona rural del municipio de Neiva | D116: Cooperativa Creer En lo Nuestro | E116: Auxiliar de Interventoría | F116: Asisitir al profesional residente de interventoría para creación de actas de inicio, actas de suspensión y reinicio, actas parciales, revisión de presupuesto, control al buen manejo del anticipo, revisión de póliza y revisión técnica en los frentes | G116: 39234 | H116: 39902 | I116: =+H116-G116+1 -> 669 | J116: =+I116/30 -> 22.3 | N116: 1 | U116: 0 | V116: =+U116/30 -> 0 | Z116: Si tiene estudios de posgrado mínimo a nivel de especialización en: Fuentes no Convencionales de Energía o en Energías alternativas. | AA116: 2
B117: 2 | C117: Contrato de Interventoria N 0100 de 2015 | D117: GOBERNACION DE CASANARE | E117: Interventor | G117: 42349 | H117: 42542 | I117: =+H117-G117+1 -> 194 | J117: =+I117/30 -> 6.4666667 | K117: Subsanó, presentó documento que cumple con lo establecido en el literal b.3 del numeral 3.2.3 b. | N117: 2 | U117: 0 | V117: =+U117/30 -> 0 | Z117: Si tiene estudios de posgrado mínimo a nivel de especialización en: | AA117: 1
B118: 3 | C118: CONT 1394 de 2013: Realizar Filtro Técnico y de viabilidad a mínimo seis (6) subproyectos de inversión del proyecto: Construir, ampliar, reponer, reconfigurar, remodelar, adquirir redes de energía eléctrica y de subestaciones en el departamento de Casanre. | D118: GOBERNACION DE CASANARE | E118: Profesional | G118: 41514 | H118: 41635 | I118: =+H118-G118+1 -> 122 | J118: 0 | K118: Las funciones descritas en la certificación no corresponden a ninguna de las listadas en el pliego de condiciones, para la experiencia habilitante del residente. Las funciones descrita en la certificación hacen referencia únicamente al estudio y filtro técnico pero no se relacionan con interventoría, suministro, instalación o construcción de proyectos de trasmisión, generación o distribución de energía eléctrica de conformidad con lo descrito en el pliego de condiciones. | N118: 3 | U118: =T118-S118 -> 0 | V118: =+U118/30 -> 0 | Z118: · INGENIERÍA ELÉCTRICA CON ENFASIS EN SISTEMAS DE DISTRIBUCIÓN ó
B119: 4 | C119: 289 de 2014: Realizar estudios Complementarios, filtro técnico y viabilidad a proyectos de inversión, Municipal, Departamental, y regional del Proyecto de Energía Eleéctrica en el Departamento de Casanare. | D119: GOBERNACION DE CASANARE | E119: Profesional | G119: 41660 | H119: 41978 | I119: =+H119-G119+1 -> 319 | J119: 0 | K119: Las funciones descritas en la certificación no corresponden a ninguna de las listadas en el pliego de condiciones, para la experiencia habilitante del residente. Las funciones descrita en la certificación hacen referencia únicamente al estudio y filtro técnico pero no se relacionan con interventoría, suministro, instalación o construcción de proyectos de trasmisión, generación o distribución de energía eléctrica de conformidad con lo descrito en el pliego de condiciones. | N119: 4 | U119: =T119-S119 -> 0 | V119: =+U119/30 -> 0 | Z119: · EN SISTEMAS DE DISTRIBUCIÓN Y TRASMISIÓN DE ENERGÍA ELÉCTRICA ó
B120: 5 | C120: 2094 de 2014: Apoyo a la supervisión para la interventoría técnica administrativa, financiera y contable al contrato que tiene como objeto: construcción, instalación, configuración y puesta en funcionamiento de cuatro sistemas de semaforización inalámbrica de última generación municipio de Villanueva Casanare. | D120: GOBERNACION DE CASANARE | E120: Apoyo a la supervisión | G120: 41997 | H120: 42173 | I120: =+H120-G120+1 -> 177 | J120: 0 | K120: Las funciones descritas en la certificación no corresponden a ninguna de las listadas en el pliego de condiciones, para la experiencia habilitante del residente. Las funciones descrita en la certificación hacen referencia únicamente al apoyo a la supervisión pero no se relacionan con interventoría, suministro, instalación o construcción de proyectos de trasmisión, generación o distribución de energía eléctrica de conformidad con lo descrito en el pliego de condiciones. | N120: 5 | U120: =T120-S120 -> 0 | V120: =+U120/30 -> 0 | Z120: · EN SISTEMAS DE DISTRIBUCION DE ENERGÍA ELÉCTRICA ó
B121: 6 | C121: Cont N.1436 de 2015: Apoyo a la supervisión al contrato que tiene como Objeto: Interventoría Técnica Administrativa Financiera y Ambiental, Incluye Certificado RETIE, RETILAP al contrato que tiene como objeto: Construcción de redes eléctricas de Media, baja Tensión y Alumbrado público Urbanización Prados del Llano Yopal Casanare Orinoquía. | D121: GOBERNACION DE CASANARE | E121: SUPERVISOR | G121: 42181 | H121: 42265 | I121: =+H121-G121+1 -> 85 | J121: 0 | K121: Las funciones descritas en la certificación no corresponden a ninguna de las listadas en el pliego de condiciones, para la experiencia habilitante del residente. Las funciones descrita en la certificación hacen referencia únicamente al apoyo a la supervisión pero no se relacionan con interventoría, suministro, instalación o construcción de proyectos de trasmisión, generación o distribución de energía eléctrica de conformidad con lo descrito en el pliego de condiciones. | N121: 6 | U121: =T121-S121 -> 0 | V121: =+U121/30 -> 0 | Z121: · EN SISTEMAS DE TRASMISIÓN Y DISTRIBUCIÓN DE ENERGÍA ELÉCTRICA ó
B122: 7 | C122: CONT N. 1752 de 2015: Efectuar los estudios complementarios, filtro técnico y viabilidad a proyectos de inversión municipal, departamental y regional del proyecto de energía eléctrica en el departamento de Casanare. | D122: GOBERNACION DE CASANARE | E122: PROFESIONAL | G122: 42272 | H122: 42362 | I122: =+H122-G122+1 -> 91 | J122: 0 | K122: Las funciones descritas en la certificación no corresponden a ninguna de las listadas en el pliego de condiciones, para la experiencia habilitante del residente. Las funciones descrita en la certificación hacen referencia únicamente al estudio y filtro técnico pero no se relacionan con interventoría, suministro, instalación o construcción de proyectos de trasmisión, generación o distribución de energía eléctrica de conformidad con lo descrito en el pliego de condiciones. | N122: 7 | U122: =T122-S122 -> 0 | V122: =+U122/30 -> 0 | Z122: · EN SISTEMAS DE TRASMISIÓN DE ENERGÍA ELÉCTRICA ó
B123: 8 | C123: CONT N.430 DE 2015: Apoyo a la supervision que tiene por objeto: Ampliacion de redes electricas de media y baja tension en la vereda puerto miriem municipio de villa nueva casanarre. | D123: ENERCA | E123: SUPERVISOR | G123: 42188 | H123: 42446 | I123: =+H123-G123+1 -> 259 | J123: 0 | K123: Las funciones descritas en la certificación no corresponden a ninguna de las listadas en el pliego de condiciones, para la experiencia habilitante del residente. Las funciones descrita en la certificación hacen referencia únicamente al apoyo a la supervisión pero no se relacionan con interventoría, suministro, instalación o construcción de proyectos de trasmisión, generación o distribución de energía eléctrica de conformidad con lo descrito en el pliego de condiciones. | N123: 8 | U123: =T123-S123 -> 0 | V123: =+U123/30 -> 0 | Z123: · EN INGENIERÍA ELÉCTRICA. ó
B124: 9 | C124: Ingeniero Residente de Proyectos en los contratos No157 de 2018, 383 de 2017 y 2253 de 2018, desarrollados por la compañía. | D124: SERVICIOS DE CONSULTORIA OBRAS Y BIENES LTDA | E124: INGENIERO RESIDENTE DE PROYECTOS | G124: 43115 | H124: 43519 | I124: 0 | J124: =+I124/30 -> 0 | K124: *No cumple con lo establecido en el literal b.3 del numeral 3.2.3 b. La certificación no contiene la Descripción de las actividades o tareas desarrolladas | N124: 9 | U124: =T124-S124 -> 0 | V124: =+U124/30 -> 0 | Z124: · SISTEMAS DE POTENCIA O SISTEMAS DE TRANSMISIÓN Y DISTRIBUCIÓN ELÉCTRICA. ó
B125: 10 | I125: =H125-G125 -> 0 | J125: =+I125/30 -> 0 | N125: 10 | U125: =T125-S125 -> 0 | V125: =+U125/30 -> 0
B126: 11 | I126: =H126-G126 -> 0 | J126: =+I126/30 -> 0 | N126: 11 | U126: =T126-S126 -> 0 | V126: =+U126/30 -> 0
B127: 12 | I127: =H127-G127 -> 0 | J127: =+I127/30 -> 0 | N127: 12 | U127: =T127-S127 -> 0 | V127: =+U127/30 -> 0
C128: TOTALES | I128: =SUM(I116:I127) -> 1916 | J128: =SUM(J116:J127) -> 28.766667 | O128: TOTALES | U128: =SUM(U116:U127) -> 0 | V128: =SUM(V116:V127) -> 0
AC129: OBSERVACIONES
J130: =IF(J128>=36,"HABILITADO","NO HABILITADO") -> NO HABILITADO | U130: PUNTAJE | V130: =IF(V128>12,13,IF(V128>6,8,0)) -> 0 | Z130: PUNTAJE | AA130: 0 | AC130: NO CUENTA CON ESTUDIOS DE PSGRADO DE CONFORMIDAD CON LO ESTIPULADO COMO FORMACIÓN ACADÉMICA ADICIONAL

Sheet Oferente 7
C2: EXPERIENCIA DEL PROPONENTE
C5: NOMBRE DEL OFERENTE | H5: SEGEN INGENIERIA S.A.S.
C7: PRESUPUESTO DEL LOTE MÁXIMO AL QUE PARTICIPAN (en SMMLV) | H7: 1453.2903
C8: VALOR 30% | H8: =H7*0.3 -> 435.9871
C9: VALOR REQUERIDO EN SMMLV
C11: contar con 5 años de experiencia en interventoría o en la construcción y montaje de proyectos del sector eléctrico, de los cuales como mínimo debe incluir un (1) año de experiencia específica en proyectos de generación o distribución de energía eléctrica, cuya sumatoria se igual o superior al 30% del valor del mayor lote ofertado
C13: CONTRATOS DE EXPERIENCIA MÍNIMA PARA HABILITARSE (ANEXO 7) | Q13: CONTRATOS QUE ACREDITAN EXPERIENCIA EN FOTOVOLTAICO (ANEXO 8) | AB13: CONTRATOS QUE ACREDITAN EXPERIENCIA ADICIONAL EN ELECTRICOS NO FOTOVOLTAICO (ANEXO 8) | AM13: CONTRATOS DE EXPERIENCIA MÍNIMA PARA HABILITARSE (ANEXO 7)
C14: OBJETO DEL CONTRATO | D14: ENTIDAD CONTRATANTE O EMPLEADORA | E14: CONSECUTIVO EN EL RUP | F14: CODIGO UNSPSC | G14: VALOR CONTRATO | H14: VALOR DEL CONTRATO TOTAL EN SMMLV | I14: % PARTICIPACIÓN CONSORCIO | J14: ACUMULADO SMMLV | K14: HABILITADO | L14: OBSERVACIONES | M14: CÓDIGO UNSPSC | N14: NOMBRE | Q14: OBJETO DEL CONTRATO | R14: ENTIDAD CONTRATANTE O EMPLEADORA | S14: CONSECUTIVO EN EL RUP | T14: CODIGO UNSPSC | U14: VALOR CONTRATO | V14: VALOR DEL CONTRATO TOTAL EN SMMLV | W14: % PARTICIPACIÓN CONSORCIO | X14: ACUMULADO SMMLV | Y14: OBSERVACIONES | AB14: OBJETO DEL CONTRATO | AC14: ENTIDAD CONTRATANTE O EMPLEADORA | AD14: CONSECUTIVO EN EL RUP | AE14: CODIGO UNSPSC | AF14: VALOR CONTRATO | AG14: VALOR DEL CONTRATO TOTAL EN SMMLV | AH14: % PARTICIPACIÓN CONSORCIO | AI14: ACUMULADO SMMLV | AJ14: OBSERVACIONES | AM14: OBJETO DEL CONTRATO | AN14: ENTIDAD CONTRATANTE O EMPLEADORA | AO14: CONSECUTIVO EN EL RUP | AP14: CODIGO UNSPSC | AQ14: VALOR CONTRATO | AR14: VALOR DEL CONTRATO TOTAL EN SMMLV | AS14: % PARTICIPACIÓN CONSORCIO | AT14: ACUMULADO SMMLV | AU14: HABILITADO | AV14: OBSERVACIONES | AW14: FECHA DE INICIO ORIGINAL | AX14: FECHA FIN ORIGINAL | AY14: FECHA DE INICIO AJUSTE TRASLAPOS | AZ14: FECHA FIN AJUSTE TRASLAPOS | BA14: AÑOS DE EXPERIENCIA
B15: 1 | C15: ADQUISICIÓN E INSTALACIÓN DE TRES (03) PLANTAS ELÉCTRICAS DE EMERGENCIA Y CONSTRUCCIÓN DE OBRAS PARA EL EFECTO, PARA LAS SEDES JUDICIALES DE LOS MUNICIPIOS DE COROZAL, SAN MARCOS Y SINCELEJO | D15: CONSEJO SUPERIOR DE LA JUDICATURA SECCIONAL SINCELEJO | E15: 42 | F15: 80101500 80101600 81101700 83101800 81101500 | G15: 704623330 | H15: 67.142887 | I15: 1 | J15: =H15*I15 -> 67.142887 | K15: =IF(H15*I15>0,"HABILITADO", "NO HABILITADO") -> HABILITADO | M15: 80101500 | N15: Servicios de consultoría y administración corporativa | P15: 1 | Q15: REALIZAR LA INTERVENTORIA TECNICA ADMINSITRATIVA, FINANCIERA Y AMBIENTAL PARA LA IMPLEMENTACION DE UN SISTEMA DE ALUMBRADO PUBLICO SOLAR EN LOS CENTROS POBLADOS DE CHARRAS,CAÑO MAKU Y SABANAS DE LA FUGA DEL MUNICIPIO DE SAN JOSE DEL GUAVIARE , GUAVIARE | R15: GOBERNACION DEL GUAVIARE | S15: 39 | T15: 811017-801016-831018 | U15: 49743470 | V15: 56.668148 | W15: 0.3 | X15: =V15*W15 -> 17.000444 | AA15: 1 | AB15: “Control y supervisión administrativa, técnica, jurídica, financiera y contable a las actividades de construcción de obras civiles y eléctricas para la Electrificacion rural Vereda Santa Helena parte alta del municipio de Ortega en el departamento del Tolima, y la ejecución de cada una de las obligaciones derivadas de(l) (los) contrato(s) suscrito(s) por ENERTOLIMA para tal fin” | AC15: ENERTOLIMA S.A.-ESP | AD15: 28 | AE15: 80101500-811017 | AF15: 19525139 | AG15: 23.58 | AH15: 0.5 | AI15: =AG15*AH15 -> 11.79 | AL15: 1 | AM15: ADQUISICIÓN E INSTALACIÓN DE TRES (03) PLANTAS ELÉCTRICAS DE EMERGENCIA Y CONSTRUCCIÓN DE OBRAS PARA EL EFECTO, PARA LAS SEDES JUDICIALES DE LOS MUNICIPIOS DE COROZAL, SAN MARCOS Y SINCELEJO | AN15: CONSEJO SUPERIOR DE LA JUDICATURA SECCIONAL SINCELEJO | AO15: 42 | AP15: 80101500 80101600 81101700 83101800 81101500 | AQ15: 704623330 | AR15: 67.142887 | AS15: 1 | AT15: =AR15*AS15 -> 67.142887 | AU15: =IF(AR15*AS15>0,"HABILITADO", "NO HABILITADO") -> HABILITADO | AW15: 43817 | AX15: 43905 | AY15: 43817 | AZ15: 43905 | BA15: =+(AZ15-AY15+1)/365 -> 0.24383562
B16: 2 | C16: Control y supervisión administrativa, técnica, jurídica, financiera y contable a las actividades de construcción de obras civiles y eléctricas para la electrificación rural de la vereda Escobales del municipio de Ortega en el departamento del Tolima y la ejecición de cada una de las oblifaciones derivadas de(l) (los) contrato(s) suscrito(s) para tal fin. Hace parte integral del contrato la notiviación de cesión del contrato de fecha 06 de junio de 2019 | D16: ENERTOLIMA S.A.-ESP | E16: 36 | F16: 80101600 81101700 83101800 81101500 | G16: 31940487 | H16: 38.570064 | I16: 0.5 | J16: =J15+H16*I16 -> 86.427919 | K16: =IF(H16*I16>0,"HABILITADO", "NO HABILITADO") -> HABILITADO | M16: 80101600 | N16: Servicios de consultoría y administración corporativa | P16: 2 | Q16: INTERVENTORIA TÉCNICA, ADMINISTRATIVA, FINANCIERA, JURÍDICA, AMBIENTAL, SOCIAL, Y CONTABLE PARA LAS OBRAS DE CONSTRUCCIÓN INSTALACIÓN E IMPLEMENTACIÓN DE SOLUCIONES DE ENERGÍA INDIVIDUALES SOSTENIBLES CONSISTENTES EN SISTEMAS SOLARES FOTOVOLTAICOS PARA VIVIENDAS RURALES EN LAS ZONAS NO INTERCONECTADAS EN LA VEREDA CONSUELO DEL MUNICIPIO DE CONDOTO – CHOCÓ | R16: DISPAC S.A.-ESP | S16: 41 | T16: 801016-811017-831018 | U16: 199579196 | V16: 0 | W16: 0 | X16: =X15+V16*W16 -> 17.000444 | Y16: De conformidad con la Nota 2 del numeral 4.1. la certificación aportada no cumple ya que no anexan la hoja de firma y fecha de terminación del contrato | AA16: 2 | AB16: “Control y supervisión administrativa, técnica, jurídica, financiera y contable a las actividades de construcción de obras civiles y eléctricas para la Electrificación rural vereda La Alemania del municipio de Chaparral en el departamento del Tolima, y la ejecución de cada una de las obligaciones derivadas de(l) (los) contrato(s) suscrito(s) por ENERTOLIMA para tal fin” | AC16: ENERTOLIMA S.A.-ESP | AD16: 29 | AF16: 26224512 | AG16: 31.67 | AH16: 0.5 | AI16: =AI15+AG16*AH16 -> 27.625 | AL16: 2 | AM16: Control y supervisión administrativa, técnica, jurídica, financiera y contable a las actividades de construcción de obras civiles y eléctricas para la electrificación rural de la vereda Escobales del municipio de Ortega en el departamento del Tolima y la ejecición de cada una de las oblifaciones derivadas de(l) (los) contrato(s) suscrito(s) para tal fin. Hace parte integral del contrato la notiviación de cesión del contrato de fecha 06 de junio de 2019 | AN16: ENERTOLIMA S.A.-ESP | AO16: 36 | AP16: 80101600 81101700 83101800 81101500 | AQ16: 31940487 | AR16: 38.570064 | AS16: 0.5 | AT16: =AT15+AR16*AS16 -> 86.427919 | AU16: =IF(AR16*AS16>0,"HABILITADO", "NO HABILITADO") -> HABILITADO | AW16: 43389 | AX16: 43647 | AY16: 43389 | AZ16: 43647 | BA16: =+(AZ16-AY16+1)/365 -> 0.70958904
B17: 3 | C17: Control y supervisión técnica, operativa, económica y administrativa a las actividades de construcción de obras civiles y eléctrica para la electrificación de diferentes zonas rurales en el departamento del Tolima, y la ejecución de cada una de las obligaciones derivadas de(l) (los) contrato(s) suscrito(s) por Enertolima para tal fin. | D17: ENERTOLIMA S.A.-ESP | E17: 26 | F17: 80101500 80101600 81101700 83101800 81101500 | G17: 197171632 | H17: 300.33 | I17: 0.7 | J17: =J16+H17*I17 -> 296.65892 | K17: =IF(H17*I17>0,"HABILITADO", "NO HABILITADO") -> HABILITADO | M17: 81101500 | N17: Ingenieria Civil y arquitectura | P17: 3 | Q17: INTERVENTORIA TÉCNICA, ADMINISTRATIVA, FINANCIERA, JURÍDICA, AMBIENTAL, SOCIAL, Y CONTABLE PARA LAS OBRAS DE CONSTRUCCIÓN INSTALACIÓN E IMPLEMENTACIÓN DE SOLUCIONES DE ENERGÍA INDIVIDUALES SOSTENIBLES CONSISTENTES EN SISTEMAS SOLARES FOTOVOLTAICOS PARA VIVIENDAS RURALES EN LAS ZONAS NO INTERCONECTADAS EN LA VEREDA LA PLANTA DEL MUNICIPIO DE CONDOTO – CHOCÓ | R17: DISPAC S.A.-ESP | S17: 40 | T17: 801016-811017-831018 | U17: 396294020 | V17: 478.54892 | W17: 0.5 | X17: =X16+V17*W17 -> 256.27491 | AA17: 3 | AB17: “Control y supervisión administrativa, técnica, jurídica, financiera y contable a las actividades de construcción de obras civiles y eléctricas para la Electrificacion rural vereda Santa Helena parte baja del municipio de Ortega en el departamento del Tolima, y la ejecución de cada una de las obligaciones derivadas de(l) (los) contrato(s) suscrito(s) por ENERTOLIMA para tal fin” | AC17: ENERTOLIMA S.A.-ESP | AD17: 30 | AF17: 7621010 | AG17: 9.2 | AH17: 0.5 | AI17: =AI16+AG17*AH17 -> 32.225 | AL17: 3 | AM17: Control y supervisión técnica, operativa, económica y administrativa a las actividades de construcción de obras civiles y eléctrica para la electrificación de diferentes zonas rurales en el departamento del Tolima, y la ejecución de cada una de las obligaciones derivadas de(l) (los) contrato(s) suscrito(s) por Enertolima para tal fin. | AN17: ENERTOLIMA S.A.-ESP | AO17: 26 | AP17: 80101500 80101600 81101700 83101800 81101500 | AQ17: 197171632 | AR17: 300.33 | AS17: 0.7 | AT17: =AT16+AR17*AS17 -> 296.65892 | AU17: =IF(AR17*AS17>0,"HABILITADO", "NO HABILITADO") -> HABILITADO | AW17: 42923 | AX17: 43369 | AY17: 42923 | AZ17: 43369 | BA17: =+(AZ17-AY17+1)/365 -> 1.2246575
B18: 4 | C18: INTERVENTORÍA TÉCNICA, ADMINISTRATIVA, FINANCIERA Y JURÍDICA PARA LA OBRA DE CONSTRUCCIÓN DE REDES DE ELECTRIFICACIÓN RURAL EN EL DEPARTAMENTO DE SUCRE EN LOS SIGUIENTES PROYECTOS: A) SAMPUES: VEREDAS EL PAKI-BELLAVISTA, EL GUAMARO, EL PAKI-CRUCERO, EL RETIRO, LA NEGRA. LA ISLA Y LA LOMA DE PIEDRA. B) SAN ANTONIO DE PALMITO: VEREDA MINUTO DE DIOS | D18: DISPAC S.A.-ESP | E18: 25 | F18: 80101600 81101700 83101800 81101500 | G18: 76381650 | H18: 103.53787 | I18: 1 | J18: =J17+H18*I18 -> 400.19679 | K18: =IF(H18*I18>0,"HABILITADO", "NO HABILITADO") -> HABILITADO | L18: De conformidad con la nota 7 del numeral 3.2.3. a.1 no podrá ser acumulable la experiencia obtenida en varios proyectos en un mismo periodo de tiempo. Se cambian las fechas de finalización por el 6 de julio de 2017 | M18: 81101700 | N18: Ingeniería Eléctrica y Electrónica | P18: 4 | Q18: INTERVENTORIA ADMINISTRATIVA, TECNICA, JURIDICA, AMBIENTAL, SOCIAL, FINANCIERA Y CONTABLE DEL PROYECTO DE “SUMINISTRO E INSTALACION DE MODULOS FOTOVOLTAICOS, INVERSORES Y ELEMENTOS DE CONEXIONADO, DE UN(OS) SITEMA(S) SOLARE(S) FOTOVOLTAICO(S) AISLADOS CON RESPALDO DE BATERIAS, A SER INSTALADOS EN EL PROYECTO DE ENERGIZACIÓN DE VIVIENDAS RURALES EN LAS VEREDAS PRIMAVERA, SAN TEODORO, SANTA BARBARA, MATIYURE, NUEVO ANTIOQUIA, SANTA CECILIA Y MARANDUA EN EL MUNICIPIO DE LA PRIMAVERA, DEPARTAMENTO DE VICHADA | R18: ELECTROVICHADA S.A.-ESP | S18: 38 | T18: 801016-811017-831018 | U18: 422470000 | V18: 510.158 | W18: 0.37 | X18: =X17+V18*W18 -> 445.03336 | AA18: 4 | AB18: “Control y supervisión administrativa, técnica, jurídica, financiera y contable a las actividades de construcción de obras civiles y eléctricas para la Electrificación rural veredas La Primavera, Argentina, Mesa De Palmichal, Belarcazar y Santana del municipio de Rioblanco en el departamento del Tolima, y la ejecución de cada una de las obligaciones derivadas de(l) (los) contrato(s) suscrito(s) por ENERTOLIMA para tal fin” | AC18: ENERTOLIMA S.A.-ESP | AD18: 31 | AF18: 90053613 | AG18: 108.75 | AH18: 0.5 | AI18: =AI17+AG18*AH18 -> 86.6 | AL18: 4 | AM18: INTERVENTORÍA TÉCNICA, ADMINISTRATIVA, FINANCIERA Y JURÍDICA PARA LA OBRA DE CONSTRUCCIÓN DE REDES DE ELECTRIFICACIÓN RURAL EN EL DEPARTAMENTO DE SUCRE EN LOS SIGUIENTES PROYECTOS: A) SAMPUES: VEREDAS EL PAKI-BELLAVISTA, EL GUAMARO, EL PAKI-CRUCERO, EL RETIRO, LA NEGRA. LA ISLA Y LA LOMA DE PIEDRA. B) SAN ANTONIO DE PALMITO: VEREDA MINUTO DE DIOS | AN18: DISPAC S.A.-ESP | AO18: 25 | AP18: 80101600 81101700 83101800 81101500 | AQ18: 76381650 | AR18: 103.53787 | AS18: 1 | AT18: =AT17+AR18*AS18 -> 400.19679 | AU18: =IF(AR18*AS18>0,"HABILITADO", "NO HABILITADO") -> HABILITADO | AV18: De conformidad con la nota 7 del numeral 3.2.3. a.1 no podrá ser acumulable la experiencia obtenida en varios proyectos en un mismo periodo de tiempo. Se cambian las fechas de finalización por el 6 de julio de 2017 | AW18: 42759 | AX18: 43023 | AY18: 42759 | AZ18: 42922 | BA18: =+(AZ18-AY18+1)/365 -> 0.44931507
B19: 5 | C19: NORMALIZACIÓN DE REDES DE DISTRIBUCIÓN ELÉCTRICA EN EL MUNICIPIO DE TUMACO EN EL DEPARTAMENTO DE NARIÑO; EN LOS BARRIOS CIUDADELA Y NUEVO HORIZONTE ETAPA III: CON SUMINISTRO POR PARTE DEL CONTRATISTA DE TODOS LOS MATERIALES, MANO DE OBRA, PRUEBAS Y PUESTA EN SERVICIO DE LA OBRA DE ACUERDO A LOS PLANOS Y ESPECIFICACIONES SUMINISTRATOS POR CEDENAR S.A. E.S.P. CORRESPONDIENTE ALCONTRATO GGC-351-2015 | D19: CEDENAR S.A.-ESP | E19: 22 | F19: 80101600 81101700 83101800 81101500 | G19: 5.7843112e+08 | H19: 784.08268 | I19: 1 | J19: =J18+H19*I19 -> 1184.2795 | K19: =IF(H19*I19>0,"HABILITADO", "NO HABILITADO") -> HABILITADO | L19: De conformidad con la nota 7 del numeral 3.2.3. a.1 no podrá ser acumulable la experiencia obtenida en varios proyectos en un mismo periodo de tiempo. Se cambian las fechas de finalización por el 23 de enero de 2017 | M19: 83101800 | N19: Servicios Eléctricos | P19: 5 | Q19: INTERVENTORIA TÉCNICA, ADMINISTRATIVA, FINANCIERA, JURÍDICA Y CONTABLE PARA LAS OBRAS DE SUMINISTRO, TRANSPORTE E INSTALACION E IMPLEMENTACIÓN DE: A. CONSTRUCCIÓN INSTALACIÓN E IMPLEMENTACIÓN DE SOLUCIONES DE ENERGÍA INDIVIDUALES SOSTENIBLES CONSISTENTES EN SISTEMAS SOLARES FOTOVOLTAICOS PARA VIVIENDAS RURALES EN LAS ZONAS NO INTERCONECTADAS DE LAS VEREDAS EL PENEYA, LOMA LARGA, JORDAN, EL PARAISO, ANIMAS ALTAS, EL PORVENIR 1, SANTA FE, ALTA SARDINATA, REMANZOS, MONTERREY, LA GRANJA, AGUAS CLARAS, ANDAQUIES, BARCELONA, VILLANUEVA, RISARALDA, FUNDACIÓN, SANTO DOMINGO, LA SABALETA BAJA, EL CAÑO SANTO DOMINGO, CARACOL, LEJANIAS, ARRALLANTES, ALTO CRISTALES, DOS QUEBRADAS, PAUJILES, LA CEIBA, ARGENTINA, LOS CAUCHOS, LA URIBE, LOBITOS, PORES, SARDINATA Y LIBANO DEL MUNICIPIO DE CARTAGENA DEL CHAIRÁ - CAQUETÁ (947 SOLUCIONES) | R19: DISPAC S.A.-ESP | S19: 27 | T19: 801016-811017-831018 | U19: 908673726 | V19: 1097.28 | W19: 0.5 | X19: =X18+V19*W19 -> 993.67336 | AA19: 5 | AB19: “Control y supervisión administrativa, técnica, jurídica, financiera y contable a las actividades de construcción de obras civiles y eléctricas para la Electrificación rural Vereda Versalles del municipio de Ataco en el departamento del Tolima, y la ejecución de cada una de las obligaciones derivadas de(l) (los) contrato(s) suscrito(s) por ENERTOLIMA para tal fin” | AC19: ENERTOLIMA S.A.-ESP | AD19: 32 | AF19: 20552709 | AG19: 24.82 | AH19: 0.5 | AI19: =AI18+AG19*AH19 -> 99.01 | AL19: 5 | AM19: NORMALIZACIÓN DE REDES DE DISTRIBUCIÓN ELÉCTRICA EN EL MUNICIPIO DE TUMACO EN EL DEPARTAMENTO DE NARIÑO; EN LOS BARRIOS CIUDADELA Y NUEVO HORIZONTE ETAPA III: CON SUMINISTRO POR PARTE DEL CONTRATISTA DE TODOS LOS MATERIALES, MANO DE OBRA, PRUEBAS Y PUESTA EN SERVICIO DE LA OBRA DE ACUERDO A LOS PLANOS Y ESPECIFICACIONES SUMINISTRATOS POR CEDENAR S.A. E.S.P. CORRESPONDIENTE ALCONTRATO GGC-351-2015 | AN19: CEDENAR S.A.-ESP | AO19: 22 | AP19: 80101600 81101700 83101800 81101500 | AQ19: 5.7843112e+08 | AR19: 784.08268 | AS19: 1 | AT19: =AT18+AR19*AS19 -> 1184.2795 | AU19: =IF(AR19*AS19>0,"HABILITADO", "NO HABILITADO") -> HABILITADO | AV19: De conformidad con la nota 7 del numeral 3.2.3. a.1 no podrá ser acumulable la experiencia obtenida en varios proyectos en un mismo periodo de tiempo. Se cambian las fechas de finalización por el 23 de enero de 2017 | AW19: 42401 | AX19: 42825 | AY19: 42401 | AZ19: 42758 | BA19: =+(AZ19-AY19+1)/365 -> 0.98082192
B20: 6 | C20: INTERVENTORÍA TÉCNICA, ADMINISTRATIVA, FINANCIERA DEL CONTRATO DE CONSULTORÍA PARA REALIZAR ESTUDIOS Y DISEÑOS PARA INTERCONEXIÓN NACIONAL DE CINCO (5) CONSEJOS COMUNITARIOS (UNIÓN DEL RIO CHAGUI, EL RECUERDO DE NUESTROS ANCESTROS DEL RIO MEJICANO TABLÓN DULCE, TABLÓN SALADO E IMBILPÍ DEL CARMEN), EN EL MUNICIPIO DE TUMACO DEPARTAMENTO DE NARIÑO | D20: Alcaldía Municipal de Tumaco | E20: 13 | F20: 81101700 83101800 | G20: 43554888 | H20: 67.595077 | I20: 1 | J20: =J19+H20*I20 -> 1251.8746 | K20: =IF(H20*I20>0,"HABILITADO", "NO HABILITADO") -> HABILITADO | L20: Se toma como fecha de terminación el plazo de ejecución desde la fecha de inicio mas no la fecha final de recibo y liquidación | P20: 6 | X20: =X19+V20*W20 -> 993.67336 | AA20: 6 | AB20: “Control y supervisión administrativa, técnica, jurídica, financiera y contable a las actividades de construcción de obras civiles y eléctricas para la Electrificación rural Parcelacion La Linda vereda Montebello del municipio de Cajamarca en el departamento del Tolima, y la ejecución de cada una de las obligaciones derivadas de(l) (los) contrato(s) suscrito(s) por ENERTOLIMA para tal fin” | AC20: ENERTOLIMA S.A.-ESP | AD20: 33 | AF20: 17025184 | AG20: 20.56 | AH20: 0.5 | AI20: =AI19+AG20*AH20 -> 109.29 | AL20: 6 | AM20: INTERVENTORÍA TÉCNICA, ADMINISTRATIVA, FINANCIERA DEL CONTRATO DE CONSULTORÍA PARA REALIZAR ESTUDIOS Y DISEÑOS PARA INTERCONEXIÓN NACIONAL DE CINCO (5) CONSEJOS COMUNITARIOS (UNIÓN DEL RIO CHAGUI, EL RECUERDO DE NUESTROS ANCESTROS DEL RIO MEJICANO TABLÓN DULCE, TABLÓN SALADO E IMBILPÍ DEL CARMEN), EN EL MUNICIPIO DE TUMACO DEPARTAMENTO DE NARIÑO | AN20: Alcaldía Municipal de Tumaco | AO20: 13 | AP20: 81101700 83101800 | AQ20: 43554888 | AR20: 67.595077 | AS20: 1 | AT20: =AT19+AR20*AS20 -> 1251.8746 | AU20: =IF(AR20*AS20>0,"HABILITADO", "NO HABILITADO") -> HABILITADO | AV20: Se toma como fecha de terminación el plazo de ejecución desde la fecha de inicio mas no la fecha final de recibo y liquidación | AW20: 42149 | AX20: 42359 | AY20: 42149 | AZ20: 42359 | BA20: =+(AZ20-AY20+1)/365 -> 0.57808219
B21: 7 | C21: INTERVENTORÍA ADMINISTRATIVA, TÉCNICA Y FINANCIERA PARA EL CONTRATO DE CONSTRUCCIÓN Y SUMINISTRO DE ELEMENTOS PARA LA REMODELACIÓN DEL SISTEMA DE DISTRIBUCIÓN LOCAL MT-BT DE BARRANCOMINAS EN EL DEPARTAMENTO DEL GUANÍA | D21: Empresa de Energía del Guanía S.A.-EMELCE S.A.-ESP | E21: 11 | F21: 80101600 81101700 83101800 81101500 | G21: 165207200 | H21: 256.39357 | I21: 1 | J21: =J20+H21*I21 -> 1508.2681 | K21: =IF(H21*I21>0,"HABILITADO", "NO HABILITADO") -> HABILITADO | L21: De conformidad con la nota 7 del numeral 3.2.3. a.1 no podrá ser acumulable la experiencia obtenida en varios proyectos en un mismo periodo de tiempo. Se cambian las fechas de finalización por el 24 de mayo de 2015 | P21: 7 | X21: =X20+V21*W21 -> 993.67336 | AA21: 7 | AB21: “Control y supervisión administrativa, técnica, jurídica, financiera y contable a las actividades de construcción de obras civiles y eléctricas para la Electrificacion rural veredas Las Brisas, El Pescado, Campo Hermoso, Convenio y La Holanda del municipio de Ataco en el departamento del Tolima, y la ejecución de cada una de las obligaciones derivadas de(l) (los) contrato(s) suscrito(s) por ENERTOLIMA para tal fin” | AC21: ENERTOLIMA S.A.-ESP | AD21: 34 | AF21: 68463544 | AG21: 82.67 | AH21: 0.5 | AI21: =AI20+AG21*AH21 -> 150.625 | AL21: 7 | AM21: INTERVENTORÍA ADMINISTRATIVA, TÉCNICA Y FINANCIERA PARA EL CONTRATO DE CONSTRUCCIÓN Y SUMINISTRO DE ELEMENTOS PARA LA REMODELACIÓN DEL SISTEMA DE DISTRIBUCIÓN LOCAL MT-BT DE BARRANCOMINAS EN EL DEPARTAMENTO DEL GUANÍA | AN21: Empresa de Energía del Guanía S.A.-EMELCE S.A.-ESP | AO21: 11 | AP21: 80101600 81101700 83101800 81101500 | AQ21: 165207200 | AR21: 256.39357 | AS21: 1 | AT21: =AT20+AR21*AS21 -> 1508.2681 | AU21: =IF(AR21*AS21>0,"HABILITADO", "NO HABILITADO") -> HABILITADO | AV21: De conformidad con la nota 7 del numeral 3.2.3. a.1 no podrá ser acumulable la experiencia obtenida en varios proyectos en un mismo periodo de tiempo. Se cambian las fechas de finalización por el 24 de mayo de 2015 | AW21: 42009 | AX21: 42247 | AY21: 42009 | AZ21: 42148 | BA21: =+(AZ21-AY21+1)/365 -> 0.38356164
B22: 8 | C22: INTERVENTORÍA TÉCNICA, ADMINSITRATIVA, FINANCIERA, CONTABLE, JURÍDICA Y MABIENTAL PARA EL PROEYCTO CONSTRUCCIÓN DEL SISTEMA ELÉCTRICA, UNA COCINA Y ADECUACIONES EN LA INSTITUTCIÓN EDUCATIVA LA PRIMAVERA DEL MUNICIPIO DE INÍRIDA DEL DEPARTAMENTO DEL GUANIA | D22: Gobernación del Guanía | E22: 14 | F22: 83101800 81101500 | G22: 24768535 | H22: 38.439566 | I22: 1 | J22: =J21+H22*I22 -> 1546.7077 | K22: =IF(H22*I22>0,"HABILITADO", "NO HABILITADO") -> HABILITADO | L22: De conformidad con la nota 7 del numeral 3.2.3. a.1 no podrá ser acumulable la experiencia obtenida en varios proyectos en un mismo periodo de tiempo. Se cambian las fechas de finalización por el 4 de enero de 2015 | P22: 8 | X22: =X21+V22*W22 -> 993.67336 | AA22: 8 | AB22: “Control y supervisión administrativa, técnica, jurídica, financiera y contable a las actividades de construcción de obras civiles y eléctricas para la Electrificación rural veredas Carrusel y La Rivera del municipio de Ataco en el departamento del Tolima, y la ejecución de cada una de las obligaciones derivadas de(l) (los) contrato(s) suscrito(s) por ENERTOLIMA para tal fin” | AC22: ENERTOLIMA S.A.-ESP | AD22: 35 | AF22: 26884184 | AG22: 32.46 | AH22: 0.5 | AI22: =AI21+AG22*AH22 -> 166.855 | AL22: 8 | AM22: INTERVENTORÍA TÉCNICA, ADMINSITRATIVA, FINANCIERA, CONTABLE, JURÍDICA Y MABIENTAL PARA EL PROEYCTO CONSTRUCCIÓN DEL SISTEMA ELÉCTRICA, UNA COCINA Y ADECUACIONES EN LA INSTITUTCIÓN EDUCATIVA LA PRIMAVERA DEL MUNICIPIO DE INÍRIDA DEL DEPARTAMENTO DEL GUANIA | AN22: Gobernación del Guanía | AO22: 14 | AP22: 83101800 81101500 | AQ22: 24768535 | AR22: 38.439566 | AS22: 1 | AT22: =AT21+AR22*AS22 -> 1546.7077 | AU22: =IF(AR22*AS22>0,"HABILITADO", "NO HABILITADO") -> HABILITADO | AV22: De conformidad con la nota 7 del numeral 3.2.3. a.1 no podrá ser acumulable la experiencia obtenida en varios proyectos en un mismo periodo de tiempo. Se cambian las fechas de finalización por el 4 de enero de 2015 | AW22: 41954 | AX22: 42079 | AY22: 41954 | AZ22: 42008 | BA22: =+(AZ22-AY22+1)/365 -> 0.15068493
B23: 9 | C23: INTERVENTORÍA TÉCNICA PARA CONSTRUCCIÓN Y REMODELACIÓN DEL SISTEMA DE REDES DE DISTRIBUCIÓN ELÉCTRICA EN MEDIA Y BAJA TENSIÓN DEL PROYECTO A DESARROLLARSE EN EL MUNICIPIO DE FRANCISCO PIZARRO-SALAHONDA EN EL DEPARTAMENTO DE NARIÑO, CORRESPONDIENTE AL CONTRATO FAZNI GGC 199-2013 | D23: CEDENAR S.A.-ESP | E23: 10 | F23: 80101600 81101700 83101800 | G23: 57996520 | H23: 94.150195 | I23: 1 | J23: =J22+H23*I23 -> 1640.8579 | K23: =IF(H23*I23>0,"HABILITADO", "NO HABILITADO") -> HABILITADO | L23: De conformidad con la nota 7 del numeral 3.2.3. a.1 no podrá ser acumulable la experiencia obtenida en varios proyectos en un mismo periodo de tiempo. Se cambian las fechas de finalización por el 10 de noviembre de 2015 | P23: 9 | X23: =X22+V23*W23 -> 993.67336 | AA23: 9 | AB23: Interventoría técnica, administrativa, financiera, jurídica y contable para las obras de suministro, transporte e instalación de componentes de redes para las siguientes obras a) Interconexión eléctrica al sistema de distribución de 16 corregimientos iniciando desde Sanceno, incluyendo Las Mercedes, Neguá llegando a Santa Lucia del Fuerte en el municipio de Quibdó del departamento del Chocó b) Interconexión eléctrica al sistema de distribución de 11 centros poblados desde La Sierra hasta Piedra Honda – Bagadó – del municipio de Bagadó en el departamento del Chocó | AC23: DISPAC S.A.-ESP | AD23: 37 | AE23: 801016-811015 | AF23: 915754197 | AG23: 1105.83 | AH23: 0.5 | AI23: =AI22+AG23*AH23 -> 719.77 | AL23: 9 | AM23: INTERVENTORÍA TÉCNICA PARA CONSTRUCCIÓN Y REMODELACIÓN DEL SISTEMA DE REDES DE DISTRIBUCIÓN ELÉCTRICA EN MEDIA Y BAJA TENSIÓN DEL PROYECTO A DESARROLLARSE EN EL MUNICIPIO DE FRANCISCO PIZARRO-SALAHONDA EN EL DEPARTAMENTO DE NARIÑO, CORRESPONDIENTE AL CONTRATO FAZNI GGC 199-2013 | AN23: CEDENAR S.A.-ESP | AO23: 10 | AP23: 80101600 81101700 83101800 | AQ23: 57996520 | AR23: 94.150195 | AS23: 1 | AT23: =AT22+AR23*AS23 -> 1640.8579 | AU23: =IF(AR23*AS23>0,"HABILITADO", "NO HABILITADO") -> HABILITADO | AV23: De conformidad con la nota 7 del numeral 3.2.3. a.1 no podrá ser acumulable la experiencia obtenida en varios proyectos en un mismo periodo de tiempo. Se cambian las fechas de finalización por el 10 de noviembre de 2015 | AW23: 41927 | AX23: 42004 | AY23: 41927 | AZ23: 41953 | BA23: =+(AZ23-AY23+1)/365 -> 0.073972603
B24: 10 | C24: Construcción, suminsitro y montaje de equipos de corte, control, mando, medida y protección para las subestaciones Buchelly, Tumaco y Junín 115/34,5/13,8 kV y subestaciones no atentdidas 34,5/13,8 kV, pertenecientres a Cedenar S.A. E.S.P. | D24: INGEMA S.A. | E24: 7 | F24: 81101700 83101800 | G24: 130618800 | H24: 212.04351 | I24: 1 | J24: =J23+H24*I24 -> 1852.9014 | K24: =IF(H24*I24>0,"HABILITADO", "NO HABILITADO") -> HABILITADO | P24: 10 | X24: =X23+V24*W24 -> 993.67336 | AA24: 10 | AB24: INTERVENTORIA TECNICA, ADMINISTRATIVA, FINANCIEERA, AMBIENTAL, CONTABLE Y JURIDICA A LA INSTALACION DE ILUMINACION DEL ESTADIO DE FUTBOL DIEGO CARVAJAL DEL MUNICIPIO DE MAGANGUE BOLIVAR | AC24: GOBERNACIÓN DE BOLÍVAR | AD24: 23 | AF24: 139998740 | AG24: 189.77 | AH24: 0.45 | AI24: =AI23+AG24*AH24 -> 805.1665 | AL24: 10 | AM24: Construcción, suminsitro y montaje de equipos de corte, control, mando, medida y protección para las subestaciones Buchelly, Tumaco y Junín 115/34,5/13,8 kV y subestaciones no atentdidas 34,5/13,8 kV, pertenecientres a Cedenar S.A. E.S.P. | AN24: INGEMA S.A. | AO24: 7 | AP24: 81101700 83101800 | AQ24: 130618800 | AR24: 212.04351 | AS24: 1 | AT24: =AT23+AR24*AS24 -> 1852.9014 | AU24: =IF(AR24*AS24>0,"HABILITADO", "NO HABILITADO") -> HABILITADO | AW24: 41737 | AX24: 41818 | AY24: 41737 | AZ24: 41818 | BA24: =+(AZ24-AY24+1)/365 -> 0.22465753
B25: 11 | P25: 11 | X25: =X24+V25*W25 -> 993.67336 | AA25: 11 | AB25: Interventoría para los siguientes proyectos: mejoramiento en el sistema de distribución eléctrica en la cabecera municipal de El Charco, departamento de Nariño y mejoramiento en el sistema de redes de distribución eléctrica en media y baja tensión en la cabecera municipal de Bocas de Satinga, municipio de Olaya Herrera – Nariño | AC25: GENSA S.A--ESP | AD25: 21 | AF25: 244953720 | AG25: 332.04 | AH25: 1 | AI25: =AI24+AG25*AH25 -> 1137.2065
B26: 12 | P26: 12 | X26: =X25+V26*W26 -> 993.67336 | AA26: 12 | AB26: Interventoría Técnica, Administrativa, Financiera y Jurídica para el proyecto de “MEJORAMIENTO DE LA INFRAESTRUCTURA DE SANTA MARÍA, GILGAL, SANTUARIO, CUQUE MINA, CUQUE PENIEL, TISLO, TANELA, LA LOMA, PATA PELÁ, QUEBRADA BONITA Y VILLA ESPERANZA, MUNICIPIO DE UNGUÍA, DEPARTAMENTO DEL CHOCÓ” | AC26: DISPAC S.A.-ESP | AD26: 20 | AF26: 466652016 | AG26: 632.56 | AH26: 1 | AI26: =AI25+AG26*AH26 -> 1769.7665
B27: 13 | P27: 13 | X27: =X26+V27*W27 -> 993.67336 | AA27: 13 | AB27: Interventoría Técnica, Administrativa, Financiera y Jurídica para el proyecto de “MEJORAMIENTO Y REPOSICIÓN DEL SISTEMA ELÉCTRICO EN LAS COMUNIDADES INDÍGENAS DE CEDRAL, LA LOMA, PATATO Y DOS BOCAS, CONSTRUCCIÓN DE LA LÍNEA DE INTERCONEXIÓN CACIQUE – PAJAL – MAQUERULE – PUNTA PIÑA, MUNICIPIO DE JURADÓ. DEPARTAMENTO DEL CHOCÓ” | AC27: DISPAC S.A.-ESP | AD27: 19 | AF27: 96582978 | AG27: 130.92 | AH27: 1 | AI27: =AI26+AG27*AH27 -> 1900.6865
B28: 14 | P28: 14 | X28: =X27+V28*W28 -> 993.67336 | AA28: 14 | AB28: Interventoría Técnica, Administrativa, Financiera y Jurídica para el proyecto de “MEJORAMIENTO Y AMPLIACIÓN DE LA INFRAESTRUCTURA ELÉCTRICA DE LA CABECERA MUNICIPAL DE BAHÍA SOLANO Y LAS LOCALIDADES DE EL VALLE, PUNTA HUINA, MECANA, HUACA, PLAYA DE POTES, PLAYA DE FLORES, NABUGA, EL BRAZO Y POSAMANZA, DEPARTAMENTO DEL CHOCÓ” | AC28: DISPAC S.A.-ESP | AD28: 18 | AF28: 499816755 | AG28: 677.52 | AH28: 1 | AI28: =AI27+AG28*AH28 -> 2578.2065 | AZ28: TOTAL AÑOS DE EXPERIENCIA | BA28: =SUM(BA15:BA27) -> 5.0191781
B29: 15 | P29: 15 | X29: =X28+V29*W29 -> 993.67336 | AA29: 15 | AB29: Interventoría Técnica, Administrativa, Financiera y Jurídica para el proyecto de “MEJORAMIENTO DE LA INFRAESTRUCTURA ELÉCTRICA EN LOS CORREGIMIENTOS DE CAPURGANA, SAPZURRO, SAN MIGUEL, PEÑALOZA Y LA CABECERA MUNICIPAL DE ACANDÍ – DEPARTAMENTO DEL CHOCÓ” | AC29: DISPAC S.A.-ESP | AD29: 17 | AF29: 337616613 | AG29: 457.65 | AH29: 1 | AI29: =AI28+AG29*AH29 -> 3035.8565
B30: 16 | P30: 16 | X30: =X29+V30*W30 -> 993.67336 | AA30: 16 | AB30: Interventoría técnica, administrativa y financiera para el contrato de ampliación de la cobertura del alumbrado público en vías, parques y escenarios deportivos en Inirida, Guanía. Emelce S.A.-ESP. | AC30: Empresa de Energía del Guanía S.A.-EMELCE S.A.-ESP | AD30: 3 | AF30: 54932340 | AG30: 89.18 | AH30: 1 | AI30: =AI29+AG30*AH30 -> 3125.0365
B31: 17 | P31: 17 | X31: =X30+V31*W31 -> 993.67336 | AA31: 17 | AI31: =AI30+AG31*AH31 -> 3125.0365
B32: 18 | P32: 18 | X32: =X31+V32*W32 -> 993.67336 | AA32: 18 | AI32: =AI31+AG32*AH32 -> 3125.0365
B33: 19 | P33: 19 | X33: =X32+V33*W33 -> 993.67336 | AA33: 19 | AI33: =AI32+AG33*AH33 -> 3125.0365
B34: 20 | P34: 20 | X34: =X33+V34*W34 -> 993.67336 | AA34: 20 | AI34: =AI33+AG34*AH34 -> 3125.0365
B35: 21 | P35: 21 | X35: =X34+V35*W35 -> 993.67336 | AA35: 21 | AI35: =AI34+AG35*AH35 -> 3125.0365
B36: 22 | P36: 22 | X36: =X35+V36*W36 -> 993.67336 | AA36: 22 | AI36: =AI35+AG36*AH36 -> 3125.0365
B37: 23 | P37: 23 | X37: =X36+V37*W37 -> 993.67336 | AA37: 23 | AI37: =AI36+AG37*AH37 -> 3125.0365
B38: 24 | P38: 24 | X38: =X37+V38*W38 -> 993.67336 | AA38: 24 | AI38: =AI37+AG38*AH38 -> 3125.0365
B39: 25 | P39: 25 | X39: =X38+V39*W39 -> 993.67336 | AA39: 25 | AI39: =AI38+AG39*AH39 -> 3125.0365
B40: 26 | P40: 26 | X40: =X39+V40*W40 -> 993.67336 | AA40: 26 | AI40: =AI39+AG40*AH40 -> 3125.0365
B41: 27 | P41: 27 | X41: =X40+V41*W41 -> 993.67336 | AA41: 27 | AI41: =AI40+AG41*AH41 -> 3125.0365
B42: 28 | P42: 28 | X42: =X41+V42*W42 -> 993.67336 | AA42: 28 | AI42: =AI41+AG42*AH42 -> 3125.0365
... B68: 54 | P68: 54 | X68: =X67+V68*W68 -> 993.67336 | AA68: 54 | AI68: =AI67+AG68*AH68 -> 3125.0365
B69: TOTAL | P69: TOTAL | V69: =SUM(V15:V68) -> 2142.6551 | X69: =IF(MAX(X15:X68)>=H7*0.5,MAX(X15:X68),0) -> 993.67336 | AA69: TOTAL | AG69: =SUM(AG15:AG68) -> 3949.18 | AI69: =IF(MAX(AI15:AI68)>=H7*0.5,MAX(AI15:AI68),0) -> 3125.0365
D76: EXPERIENCIA DEL EQUIPO DE TRABAJO
C79: NOMBRE DEL PROPONENTE: | E79: =H5 -> SEGEN INGENIERIA S.A.S.
C80: NOMBRE DEL PROFESIONAL | E80: LEOPOLDO PINTO
C81: CARGO EN EL EQUIPO DE TRABAJO | E81: DIRECTOR DE INTERVENTORIA
C83: RELACIÓN EXPERIENCIA PROFESIONAL HABILITANTE
D84: ETAPA PREVIA ___x__ ETAPA DE INSTALACIÓN___x___
C86: EXPERIENCIA HABILITANTE DIRECTOR DE INTERVENTORIA (ANEXO 4) | N86: EXPERIENCIA CALIFICABLE DIRECTOR DE INTERVENTORIA (ANEXO 5)
C87: NOMBRE DEL PROYECTO | D87: ENTIDAD CONTRATANTE O EMPLEADORA | E87: CARGO OCUPADO | F87: FUNCIONES DESEMPEÑADAS | G87: FECHA DE INICIO | H87: FECHA DE RETIRO | I87: DURACIÓN EN DIAS | J87: DURACIÓN EN MESES | K87: OBSERVACIONES | N87: NOMBRE DEL PROYECTO | O87: ENTIDAD CONTRATANTE O EMPLEADORA | P87: CARGO OCUPADO | Q87: FUNCIONES DESEMPEÑADAS | R87: FECHA DE INICIO | S87: FECHA DE RETIRO | T87: DURACIÓN EN DIAS | U87: DURACIÓN EN MESES | V87: OBSERVACIONES | Y87: ESTUDIOS DIRECTOR | Z87: Puntaje Máximo
B88: 1 | C88: Cadena de Servicio | D88: ISAGEN S.A. E.S.P | E88: Director Cadena de Servicio | F88: Dirección de la red de socios tecnológico encargadas de servicios a los clientes, trabajos fundamentados para GIE (Gestión Integral Energético), los cuales consistían en la adecuación de fuentes de energía donde se destacan, energía eléctrica, vapor de agua y aire acondicionado, generando soluciones óptimas para la mejora de la eficiencia y optimizar el consumo de energéticos. | I88: =H88-G88 -> 0 | J88: =+I88/30 -> 0 | K88: Los certificados tienen como objeto indicar que el Director trabajo en las empresas indicadas, pero no relaciona ningún proyecto como experiencia | M88: 1 | N88: CONSTRUCCIÓN, INSTALACIÓN E IMPLEMENTACIÓN DE SOLUCIONES DE ENERGÍA INDIVIDUALES SOSTENIBLES CONSISTENTES EN SISTEMAS SOLARES FOTOVOLTAICOS PARA VIVIENDAS RURALES EN LAS ZONAS NO INTERCONECTADAS EN LA VEREDA LA PLANTA DEL MUNICIPIO DE CONDOTO – CHOCÓ | O88: CONSORCIO CONDOTO ENERGY | P88: DIRECTOR GENERAL | Q88: • Planificación del proyecto e identificación de las tareas a ejecutar. • Previsión y gestión de los recursos naturales, humanos y financieros necesarios para la ejecución de las obras/servicios • Responsable Directo de la gestión técnica, económica y administrativa y desarrollo de las obras. • Supervisar la preparación, seguimiento, revisión de operaciones y ejecución final de las obras. | R88: 43161 | S88: 43920 | T88: =S88-R88+1 -> 760 | U88: =+T88/30 -> 25.333333 | Y88: Estudios de posgrado mínimo a nivel de especialización en: administración de empresas, o gerencia o gestión de proyectos, o gerencia de proyectos o gerencia de empresas de energía o alta gerencia o en Fuentes no Convencionales de Energía o en Energías alternativas. | Z88: 4
B89: 2 | C89: VARIOS Ver certificacion | D89: SISPRO INGENIERÍA | E89: Gerente Técnico | F89: Gestionar los recursos técnicos, financieros y humanos para la adecuada ejecución de las obras, garantizando que se cumplan los lineamientos del SGI de la compañía al igual que la responsabilidad social de la compañía. • Gestionar equipos de logística administrativa, de servicios generales y financiero. • Garantizar la correcta facturación y el correcto flujo de caja. | G89: 40007 | H89: 42050 | I89: =H89-G89+1 -> 2044 | J89: =+I89/30 -> 68.133333 | K89: Se toma encuenta la fecha de inicio del primer contrato descrito en la certificación | M89: 2 | T89: =S89-R89 -> 0 | U89: 0 | Y89: Contar adicionalmente con estudios en la modalidad de posgrado mínimo a nivel de especialización en: | Z89: 1
B90: 3 | C90: Gerente Operativo | D90: ELECTRICISTAS UNIDOS DEL VALLE | E90: Gerente Operativo | F90: Ejecución de proyectos de forma eficientes y eficaces cumpliendo los requisitos de los clientes, dentro de los cuales se encuentran mantenimiento preventivo y predictivos de instalaciones industriales y comerciales en todas las fuentes energéticas. • Realizar mantenimiento periódicos a la redes de media y baja tensión de los clientes industriales y comerciales. | I90: =H90-G90 -> 0 | J90: =+I90/30 -> 0 | K90: Los certificados tienen como objeto indicar que el Director trabajo en las empresas indicadas, pero no relaciona ningún proyecto como experiencia | M90: 3 | T90: =S90-R90 -> 0 | U90: =+T90/30 -> 0 | Y90: INGENIERÍA ELÉCTRICA CON ENFASIS EN SISTEMAS DE DISTRIBUCIÓN ó
B91: 4 | C91: Jefe de Proyectos (Técnico de Obras) | D91: EPSA S.A. E.S.P. | E91: Jefe de Proyectos (Técnico de Obras) | F91: Revisión de los proyectos industriales y comerciales de los clientes de la zona centro sur del operador de red, validando el cumplimiento de las normas técnicas y retie. • Planear, gestionar y poner en operación los proyectos de ampliación en red y subestaciones. • Realizar los mantenimientos en red y subestaciones tanto en obra eléctrica como civil. | I91: =H91-G91 -> 0 | J91: =+I91/30 -> 0 | K91: Los certificados tienen como objeto indicar que el Director trabajo en las empresas indicadas, pero no relaciona ningún proyecto como experiencia | M91: 4 | T91: =S91-R91 -> 0 | U91: =+T91/30 -> 0 | Y91: EN SISTEMAS DE DISTRIBUCIÓN Y TRASMISIÓN DE ENERGÍA ELÉCTRICA ó
B92: 5 | I92: =H92-G92 -> 0 | J92: =+I92/30 -> 0 | M92: 5 | T92: =S92-R92 -> 0 | U92: =+T92/30 -> 0 | Y92: EN SISTEMAS DE DISTRIBUCION DE ENERGÍA ELÉCTRICA ó
B93: 6 | I93: =H93-G93 -> 0 | J93: =+I93/30 -> 0 | M93: 6 | T93: =S93-R93 -> 0 | U93: =+T93/30 -> 0 | Y93: EN SISTEMAS DE TRASMISIÓN Y DISTRIBUCIÓN DE ENERGÍA ELÉCTRICA ó
B94: 7 | I94: =H94-G94 -> 0 | J94: =+I94/30 -> 0 | M94: 7 | T94: =S94-R94 -> 0 | U94: =+T94/30 -> 0 | Y94: EN SISTEMAS DE TRASMISIÓN DE ENERGÍA ELÉCTRICA ó
B95: 8 | I95: =H95-G95 -> 0 | J95: =+I95/30 -> 0 | M95: 8 | T95: =S95-R95 -> 0 | U95: =+T95/30 -> 0 | Y95: EN INGENIERÍA ELÉCTRICA. ó
B96: 9 | I96: =H96-G96 -> 0 | J96: =+I96/30 -> 0 | M96: 9 | T96: =S96-R96 -> 0 | U96: =+T96/30 -> 0 | Y96: SISTEMAS DE POTENCIA O SISTEMAS DE TRANSMISIÓN Y DISTRIBUCIÓN ELÉCTRICA. ó
B97: 10 | I97: =H97-G97 -> 0 | J97: =+I97/30 -> 0 | M97: 10 | T97: =S97-R97 -> 0 | U97: =+T97/30 -> 0
B98: 11 | I98: =H98-G98 -> 0 | J98: =+I98/30 -> 0 | M98: 11 | T98: =S98-R98 -> 0 | U98: =+T98/30 -> 0
B99: 12 | I99: =H99-G99 -> 0 | J99: =+I99/30 -> 0 | M99: 12 | T99: =S99-R99 -> 0 | U99: =+T99/30 -> 0
C100: TOTALES | I100: =SUM(I88:I99) -> 2044 | J100: =SUM(J88:J99) -> 68.133333 | N100: TOTALES | T100: =SUM(T88:T99) -> 760 | U100: =SUM(U88:U99) -> 25.333333
AB101: OBSERVACIONES
J102: =IF(J100>=36,"HABILITADO","NO HABILITADO") -> HABILITADO | T102: PUNTAJE | U102: =IF(U100>24,15,IF(U100>=18,10,IF(U100>=12,8,0))) -> 15 | Y102: PUNTAJE | Z102: 5 | AB102: Especialista en sistemas de potencia y gerencia de proyectos de ingenieria,
C108: NOMBRE DEL PROFESIONAL | E108: CARLOS DRADA
C109: CARGO EN EL EQUIPO DE TRABAJO | E109: INGENIERO ELECTRICISTA RESIDENTE DE INTERVENTORIA
C111: RELACIÓN EXPERIENCIA PROFESIONAL HABILITANTE PROFESIONAL 1
D112: ETAPA PREVIA ___x__ ETAPA DE INSTALACIÓN____x__
C114: EXPERIENCIA HABILITANTE INGENIERO RESIDENTE (ANEXO 4) | N114: EXPERIENCIA CALIFICABLE DIRECTOR DE INTERVENTORIA (ANEXO 5)
C115: NOMBRE DEL PROYECTO | D115: ENTIDAD CONTRATANTE O EMPLEADORA | E115: CARGO OCUPADO | F115: FUNCIONES DESEMPEÑADAS | G115: FECHA DE INICIO | H115: FECHA DE RETIRO | I115: DURACIÓN EN DIAS | J115: DURACIÓN EN MESES | K115: OBSERVACIONES | N115: NOMBRE DEL PROYECTO | O115: ENTIDAD CONTRATANTE O EMPLEADORA | P115: CARGO OCUPADO | Q115: FUNCIONES DESEMPEÑADAS | R115: FECHA DE INICIO | S115: FECHA DE RETIRO | T115: DURACIÓN EN DIAS | U115: DURACIÓN EN MESES | V115: OBSERVACIONES | Y115: ESTUDIOS RESIDENTE | Z115: Puntaje Máximo
B116: 1 | C116: PARQUE ROSALES Y PROVISIONAL ELECTRICA AERPUERTO EL DORADO | D116: NACIONAL DE ELECTRICOS | E116: INGENIERO RESIDENTE DE OBRA | F116: COORDINAR Y SUPERVISAR OBRAS EN EJECUCION DIRIGIR EL TRABAJO DE LOS TECNICOS EN LA SOBRAS RECEPCION DE MATERIALES ASISTEIR A COMITES DE OBRAS | G116: 40365 | H116: 41307 | I116: =H116-G116+1 -> 943 | J116: =+I116/30 -> 31.433333 | M116: 1 | N116: INTERVENTORIA TÉCNICA, ADMINISTRATIVA, FINANCIERA, JURÍDICA, AMBIENTAL, SOCIAL, Y CONTABLE PARA LAS OBRAS DE CONSTRUCCIÓN INSTALACIÓN E IMPLEMENTACIÓN DE SOLUCIONES DE ENERGÍA INDIVIDUALES SOSTENIBLES CONSISTENTES EN SISTEMAS SOLARES FOTOVOLTAICOS PARA VIVIENDAS RURALES EN LAS ZONAS NO INTERCONECTADAS EN LA VEREDA LA PLANTA DEL MUNICIPIO DE CONDOTO – CHOCÓ | O116: CONSORCIO INTERVENTORÍAS SOLAR PLUS | P116: INGENIERO RESIDENTE DE INTERVENTORIA | Q116: Cumplir el objeto del contrato, y ejecutar la interventoría de conformidad con lo pactado o que se pacte, ejecutando y entregando la Interventoría contratada dentro del plazo establecido, de acuerdo con los criterios de calidad exigibles y las especificaciones técnicas de construcción que hacen parte del pliego de condiciones, así como el cumplimiento de las normas técnicas aplicables | R116: 43556 | S116: 43617 | T116: =S116-R116+1 -> 62 | U116: =+T116/30 -> 2.0666667 | Y116: Si tiene estudios de posgrado mínimo a nivel de especialización en: Fuentes no Convencionales de Energía o en Energías alternativas. | Z116: 0
B117: 2 | C117: Ingeniero residente del grupo interventor del contrato GD137 suscrito entre enertolima y consorcio interventoría de los andes. | D117: CONSORCIO INTERVENTORÍAS DE LOS ANDES | E117: INGENIERO RESIDENTE DE INTERVENTORIA | F117: Control y supervisión técnica, adminsitativa, operativa, económica a las actividades de construcción de obras civiles y electricas para la electrificación para la electrificación de las diferentes zonas rurales del departamento del Tolima. | G117: 42926 | H117: 43373 | I117: =H117-G117+1 -> 448 | J117: =+I117/30 -> 14.933333 | M117: 2 | T117: =S117-R117 -> 0 | U117: =+T117/30 -> 0 | Y117: Si tiene estudios de posgrado mínimo a nivel de especialización en: | Z117: 1
B118: 3 | C118: “Control y supervisión administrativa, técnica, jurídica, financiera y contable a las actividades de construcción de obras civiles y eléctricas para la Electrificacion rural en el departamento del Tolima, y la ejecución de cada una de las obligaciones derivadas de(l) (los) contrato(s) suscrito(s) por ENERTOLIMA para tal fin” | D118: CONSORCIO INTERVENTORÍAS ANDES | E118: INGENIERO RESIDENTE DE INTERVENTORIA | F118: Cumplir el objeto del contrato, y ejecutar la interventoría de conformidad con lo pactado o que se pacte, ejecutando y entregando la Interventoría contratada dentro del plazo establecido, de acuerdo con los criterios de calidad exigibles y las especificaciones técnicas de construcción que hacen parte del pliego de condiciones, así como el cumplimiento de las normas técnicas aplicables | G118: 43374 | H118: 43434 | I118: =H118-G118+1 -> 61 | J118: =+I118/30 -> 2.0333333 | K118: Se toma como fecha de retiro, la fecha de finalización del contrato de trabajo | M118: 3 | T118: =S118-R118 -> 0 | U118: =+T118/30 -> 0 | Y118: · INGENIERÍA ELÉCTRICA CON ENFASIS EN SISTEMAS DE DISTRIBUCIÓN ó
B119: 4 | C119: Interventoría Técnica, Administrativa, Financiera y Jurídica para el proyecto de “MEJORAMIENTO Y AMPLIACIÓN DE LA INFRAESTRUCTURA ELÉCTRICA DE LA CABECERA MUNICIPAL DE BAHÍA SOLANO Y LAS LOCALIDADES DE EL VALLE, PUNTA HUINA, MECANA, HUACA, PLAYA DE POTES, PLAYA DE FLORES, NABUGA, EL BRAZO Y POSAMANZA, DEPARTAMENTO DEL CHOCÓ” | D119: SEGEN INGENIERIA SAS | E119: INGENIERO ELECTRICISTA RESIDENTE | F119: *Verificar el avance de las actividades programadas *Resultados de Ensayos de materiales y demas pruesbas realizadas *Registros fotograficos *Realizacion de informes | G119: 42433 | H119: 42901 | I119: =H119-G119+1 -> 469 | J119: =+I119/30 -> 15.633333 | M119: 4 | T119: =S119-R119 -> 0 | U119: =+T119/30 -> 0 | Y119: · EN SISTEMAS DE DISTRIBUCIÓN Y TRASMISIÓN DE ENERGÍA ELÉCTRICA ó
B120: 5 | C120: INTERVENTORIA ADMINISTRATIVA, TECNICA Y FINANCIERA PARA EL CONTRATO DE CONSTRUCCION Y SUMINISTRO DE ELEMENTOS PARA LA REMODELACIÓN DEL SISTEMA DE DISTRIBUCIÓN LOCAL MT-BT DE BARRANCOMINAS EN EL DEPARTAMENTO DEL GUAINÍA. Emelce S.A.-ESP. Contrato 075-2014 | D120: SEGEN INGENIERIA SAS | E120: INGENIERO RESIDENTE DE INTERVENTORIA | F120: Avance de cada una de las actividades programadas. 2) Registros fotográficos. 3) Resultados de los ensayos de materiales y demás pruebas realizadas. 4) Fotocopia de la bitácora o libro de obra. 5) Resumen de las actividades realizadas en la semana. 6) Relación del personal empleado en la ejecución del contrato. 7) Informe de seguridad industrial. 8) Informe de manejo ambiental. 9) Actualización del programa de ejecución de obra. | G120: 42135 | H120: 42265 | I120: =H120-G120+1 -> 131 | J120: =+I120/30 -> 4.3666667 | M120: 5 | T120: =S120-R120 -> 0 | U120: =+T120/30 -> 0 | Y120: · EN SISTEMAS DE DISTRIBUCION DE ENERGÍA ELÉCTRICA ó
B121: 6 | I121: =H121-G121 -> 0 | J121: =+I121/30 -> 0 | M121: 6 | T121: =S121-R121 -> 0 | U121: =+T121/30 -> 0 | Y121: · EN SISTEMAS DE TRASMISIÓN Y DISTRIBUCIÓN DE ENERGÍA ELÉCTRICA ó
B122: 7 | I122: =H122-G122 -> 0 | J122: =+I122/30 -> 0 | M122: 7 | T122: =S122-R122 -> 0 | U122: =+T122/30 -> 0 | Y122: · EN SISTEMAS DE TRASMISIÓN DE ENERGÍA ELÉCTRICA ó
B123: 8 | I123: =H123-G123 -> 0 | J123: =+I123/30 -> 0 | M123: 8 | T123: =S123-R123 -> 0 | U123: =+T123/30 -> 0 | Y123: · EN INGENIERÍA ELÉCTRICA. ó
B124: 9 | I124: =H124-G124 -> 0 | J124: =+I124/30 -> 0 | M124: 9 | T124: =S124-R124 -> 0 | U124: =+T124/30 -> 0 | Y124: · SISTEMAS DE POTENCIA O SISTEMAS DE TRANSMISIÓN Y DISTRIBUCIÓN ELÉCTRICA. ó
B125: 10 | I125: =H125-G125 -> 0 | J125: =+I125/30 -> 0 | M125: 10 | T125: =S125-R125 -> 0 | U125: =+T125/30 -> 0
B126: 11 | I126: =H126-G126 -> 0 | J126: =+I126/30 -> 0 | M126: 11 | T126: =S126-R126 -> 0 | U126: =+T126/30 -> 0
B127: 12 | I127: =H127-G127 -> 0 | J127: =+I127/30 -> 0 | M127: 12 | T127: =S127-R127 -> 0 | U127: =+T127/30 -> 0
C128: TOTALES | I128: =SUM(I116:I127) -> 2052 | J128: =SUM(J116:J127) -> 68.4 | N128: TOTALES | T128: =SUM(T116:T127) -> 62 | U128: =SUM(U116:U127) -> 2.0666667
AB129: OBSERVACIONES
J130: =IF(J128>=36,"HABILITADO","NO HABILITADO") -> HABILITADO | T130: PUNTAJE | U130: =IF(U128>12,13,IF(U128>6,8,0)) -> 0 | Y130: PUNTAJE | Z130: 0

Sheet Oferente 8
C2: EXPERIENCIA DEL PROPONENTE
C5: NOMBRE DEL OFERENTE | H5: DESARROLLADORA DE PROYECTOS SAS
C7: PRESUPUESTO DEL LOTE MÁXIMO AL QUE PARTICIPAN (en SMMLV) | H7: 1453.2903
C8: VALOR 30% | H8: =H7*0.3 -> 435.9871
C9: VALOR REQUERIDO EN SMMLV
C11: contar con 5 años de experiencia en interventoría o en la construcción y montaje de proyectos del sector eléctrico, de los cuales como mínimo debe incluir un (1) año de experiencia específica en proyectos de generación o distribución de energía eléctrica, cuya sumatoria se igual o superior al 30% del valor del mayor lote ofertado | J11: =IF(BA27>=5,"HABILITA: CUENTA CON MÁS DE 5 AÑOS","NO HABILITA POR TIEMPO") -> HABILITA: CUENTA CON MÁS DE 5 AÑOS | AU11: =IF(BA27>=5,"HABILITA: CUENTA CON MÁS DE 5 AÑOS","NO HABILITA POR TIEMPO") -> HABILITA: CUENTA CON MÁS DE 5 AÑOS
Q12: CONTRATOS QUE ACREDITAN EXPERIENCIA EN FOTOVOLTAICO (ANEXO 8) | AB12: CONTRATOS QUE ACREDITAN EXPERIENCIA ADICIONAL EN ELECTRICOS NO FOTOVOLTAICO (ANEXO 8) | AM12: CONTRATOS DE EXPERIENCIA MÍNIMA PARA HABILITARSE (ANEXO 7)
C13: CONTRATOS DE EXPERIENCIA MÍNIMA PARA HABILITARSE (ANEXO 7) | Q13: OBJETO DEL CONTRATO | R13: ENTIDAD CONTRATANTE O EMPLEADORA | S13: CONSECUTIVO EN EL RUP | T13: CODIGO UNSPSC | U13: VALOR CONTRATO | V13: VALOR DEL CONTRATO TOTAL EN SMMLV | W13: % PARTICIPACIÓN CONSORCIO | X13: ACUMULADO SMMLV | Y13: OBSERVACIONES | AB13: OBJETO DEL CONTRATO | AC13: ENTIDAD CONTRATANTE O EMPLEADORA | AD13: CONSECUTIVO EN EL RUP | AE13: CODIGO UNSPSC | AF13: VALOR CONTRATO | AG13: VALOR DEL CONTRATO TOTAL EN SMMLV | AH13: % PARTICIPACIÓN CONSORCIO | AI13: ACUMULADO SMMLV | AJ13: OBSERVACIONES | AM13: OBJETO DEL CONTRATO | AN13: ENTIDAD CONTRATANTE O EMPLEADORA | AO13: CONSECUTIVO EN EL RUP | AP13: CODIGO UNSPSC | AQ13: VALOR CONTRATO | AR13: VALOR DEL CONTRATO TOTAL EN SMMLV | AS13: % PARTICIPACIÓN CONSORCIO | AT13: ACUMULADO SMMLV | AU13: HABILITADO | AV13: OBSERVACIONES | AW13: FECHA DE INICIO ORIGINAL | AX13: FECHA FIN ORIGINAL | AY13: FECHA DE INICIO AJUSTE TRASLAPOS | AZ13: FECHA FIN AJUSTE TRASLAPOS | BA13: AÑOS DE EXPERIENCIA
C14: OBJETO DEL CONTRATO | D14: ENTIDAD CONTRATANTE O EMPLEADORA | E14: CONSECUTIVO EN EL RUP | F14: CODIGO UNSPSC | G14: VALOR CONTRATO | H14: VALOR DEL CONTRATO TOTAL EN SMMLV | I14: % PARTICIPACIÓN CONSORCIO | J14: ACUMULADO SMMLV | K14: HABILITADO | L14: OBSERVACIONES | M14: CÓDIGO UNSPSC | N14: NOMBRE | P14: 1 | AA14: 1 | AL14: 1 | AM14: INTERVENTORIA EXTERNA AL CONTRATO DE GESTION DE DISPAC EN EL MERCADO DE COMERCIALIZACION | AN14: DISPAC S.A.S. | AO14: 5 | AP14: 81101500 | AQ14: 6655005271 | AR14: 9562.56 | AS14: 1 | AT14: =AR14*AS14 -> 9562.56 | AU14: =IF(AR14*AS14>0,"HABILITADO", "NO HABILITADO") -> HABILITADO | AW14: 40983 | AX14: 42582 | AY14: 40983 | AZ14: 42582 | BA14: =+(AZ14-AY14+1)/365 -> 4.3835616
B15: 1 | C15: INTERVENTORIA EXTERNA AL CONTRATO DE GESTION DE DISPAC EN EL MERCADO DE COMERCIALIZACION | D15: DISPAC S.A.S. | E15: 5 | F15: 81101500 | G15: 6655005271 | H15: 9562.56 | I15: 1 | J15: =H15*I15 -> 9562.56 | K15: =IF(H15*I15>0,"HABILITADO", "NO HABILITADO") -> HABILITADO | M15: 80101500 | N15: Servicios de consultoría y administración corporativa | P15: 2 | AA15: 2 | AL15: 2 | AM15: INTERVENTORIA ADMINISTRATIVA, TECNICA Y AMBIENTAL A LA CONSTRUCCION Y PUESTA EN SERVICIO DE LOS PRYECTOS DE ELECTRIFICACION RURAL SEGUN EL PLAN DE EXPANSION ELECTRICA PARA EL MACIZO COLOMBIANO Y SU AREA DE INFLUENCIA CONFORME AL CONVENIO FAER (FONDE DE APOYO FINANCIERO PARA LA ENERGIZACION DE LAS ZONAS RURALES INTERCONECTADAS) No. 007 DEL 28 DE DICIEMBRE DE 2004 SUSCRITO ENTRE LA NACION-MINISTERIO DE MINAS Y ENERGIA Y LA EMPREA CENTRALES ELECTRICAS DEL CAUCA S..A. ESP (CEDELCA) | AN15: INTERCONEXION ELECTRICA S.A. ISA | AO15: 9 | AP15: 811017OO | AQ15: 735029407 | AR15: 1801.54 | AS15: 1 | AT15: =AT14+AR15*AS15 -> 11364.1 | AU15: =IF(AR15*AS15>0,"HABILITADO", "NO HABILITADO") -> HABILITADO | AW15: 38649 | AX15: 38883 | AY15: 38649 | AZ15: 38883 | BA15: =+(AZ15-AY15+1)/365 -> 0.64383562
B16: 2 | C16: INTERVENTORIA ADMINISTRATIVA, TECNICA Y AMBIENTAL A LA CONSTRUCCION Y PUESTA EN SERVICIO DE LOS PRYECTOS DE ELECTRIFICACION RURAL SEGUN EL PLAN DE EXPANSION ELECTRICA PARA EL MACIZO COLOMBIANO Y SU AREA DE INFLUENCIA CONFORME AL CONVENIO FAER (FONDE DE APOYO FINANCIERO PARA LA ENERGIZACION DE LAS ZONAS RURALES INTERCONECTADAS) No. 007 DEL 28 DE DICIEMBRE DE 2004 SUSCRITO ENTRE LA NACION-MINISTERIO DE MINAS Y ENERGIA Y LA EMPREA CENTRALES ELECTRICAS DEL CAUCA S..A. ESP (CEDELCA) | D16: INTERCONEXION ELECTRICA S.A. ISA | E16: 9 | F16: 811017OO | G16: 735029407 | H16: 1801.54 | I16: 1 | J16: =J15+H16*I16 -> 11364.1 | K16: =IF(H16*I16>0,"HABILITADO", "NO HABILITADO") -> HABILITADO | M16: 80101600 | N16: Servicios de consultoría y administración corporativa | P16: 3 | AA16: 3 | AL16: 3 | AM16: INTERVENTORIA DEL CONTRATO PARA LA ELECTRIFICACION E LA INSPECCION DE LA JULIA Y OTROS CENTROS POBLADOS DE LOS MUNICIPIOS DE MESETAS Y LA URIBE EN EL DEPARTAMENTO DEL META | AN16: ELECTRIFICADORA DEL META S.A. EMSA | AO16: 11 | AP16: 81101700 | AQ16: 373891490 | AR16: 810.17 | AS16: 1 | AT16: =AT15+AR16*AS16 -> 12174.27 | AU16: =IF(AR16*AS16>0,"HABILITADO", "NO HABILITADO") -> HABILITADO | AW16: 39307 | AX16: 39611 | AY16: 39307 | AZ16: 39611 | BA16: =+(AZ16-AY16+1)/365 -> 0.83561644
B17: 3 | C17: INTERVENTORIA DEL CONTRATO PARA LA ELECTRIFICACION E LA INSPECCION DE LA JULIA Y OTROS CENTROS POBLADOS DE LOS MUNICIPIOS DE MESETAS Y LA URIBE EN EL DEPARTAMENTO DEL META | D17: ELECTRIFICADORA DEL META S.A. EMSA | E17: 11 | F17: 81101700 | G17: 373891490 | H17: 810.17 | I17: 1 | J17: =J16+H17*I17 -> 12174.27 | K17: =IF(H17*I17>0,"HABILITADO", "NO HABILITADO") -> HABILITADO | M17: 81101500 | N17: Ingenieria Civil y arquitectura | P17: 4 | AA17: 4 | AI17: =AI16+AG17*AH17 -> 0 | AL17: 4 | AM17: REALIZAR BAJO SU RESPONSABILIDAD Y COSTO LA INTERVENTORIA TECNICA, ADMINISTRATIVA, FINANCIERA Y DE CONTROL DE CALIDAD AL CONTRATO DE OPERACIÓN MEDIANTE LAS FUNCIONES DE VIIGILANICIA Y CONTROL DE LA EJECUCION Y CUMPLIMIENTO DEL CONTRATO DE OPERACION CUYO OBJETO ES LA OPERACION, ADMINISTRACION Y MANTENIMIENTOS PREVENTIVOS Y CORRECTIVOS DE LA INFRAESTRUCTURA DE GENERACION Y DEMAS ACTIVIDADES NECESARIAS PARA LA PRESTACION DEL SERVICIOS DE GENERACION DE ENERGIA ELECTRIA EN EL DEPARTAMENTO DEL CAUCA | AN17: CENTRALES ELECTRICAS DEL CAUCA S.A. | AO17: 77 | AP17: 80101600 | AQ17: 3465463858 | AR17: 4184.75 | AS17: 0.9 | AT17: =AT16+AR17*AS17 -> 15940.545 | AU17: =IF(AR17*AS17>0,"HABILITADO", "NO HABILITADO") -> HABILITADO | AV17: Se modifica la fecha inicial pues de conformidad con la nota 7 del numeral 3.2.3.b.3 la experiencia aportada para el mismo periodo de tiempo solo se contabilizará por una sola vez | AW17: 41707 | AX17: 43532 | AY17: 42583 | AZ17: 43532 | BA17: =+(AZ17-AY17+1)/365 -> 2.6027397
B18: 4 | C18: REALIZAR BAJO SU RESPONSABILIDAD Y COSTO LA INTERVENTORIA TECNICA, ADMINISTRATIVA, FINANCIERA Y DE CONTROL DE CALIDAD AL CONTRATO DE OPERACIÓN MEDIANTE LAS FUNCIONES DE VIIGILANICIA Y CONTROL DE LA EJECUCION Y CUMPLIMIENTO DEL CONTRATO DE OPERACION CUYO OBJETO ES LA OPERACION, ADMINISTRACION Y MANTENIMIENTOS PREVENTIVOS Y CORRECTIVOS DE LA INFRAESTRUCTURA DE GENERACION Y DEMAS ACTIVIDADES NECESARIAS PARA LA PRESTACION DEL SERVICIOS DE GENERACION DE ENERGIA ELECTRIA EN EL DEPARTAMENTO DEL CAUCA | D18: CENTRALES ELECTRICAS DEL CAUCA S.A. | E18: 77 | F18: 80101600 | G18: 3465463858 | H18: 4184.75 | I18: 0.9 | J18: =J17+H18*I18 -> 15940.545 | K18: =IF(H18*I18>0,"HABILITADO", "NO HABILITADO") -> HABILITADO | L18: Se modifica la fecha inicial pues de conformidad con la nota 7 del numeral 3.2.3.b.3 la experiencia aportada para el mismo periodo de tiempo solo se contabilizará por una sola vez | M18: 81101700 | N18: Ingeniería Eléctrica y Electrónica | P18: 5 | X18: =X17+V18*W18 -> 0 | AA18: 5 | AI18: =AI17+AG18*AH18 -> 0 | AL18: 5
B19: 5 | M19: 83101800 | N19: Servicios Eléctricos | P19: 6 | X19: =X18+V19*W19 -> 0 | AA19: 6 | AI19: =AI18+AG19*AH19 -> 0 | AL19: 6
B20: 6 | P20: 7 | X20: =X19+V20*W20 -> 0 | AA20: 7 | AI20: =AI19+AG20*AH20 -> 0 | AL20: 7
B21: 7 | P21: 8 | X21: =X20+V21*W21 -> 0 | AA21: 8 | AI21: =AI20+AG21*AH21 -> 0 | AL21: 8
B22: 8 | P22: 9 | X22: =X21+V22*W22 -> 0 | AA22: 9 | AI22: =AI21+AG22*AH22 -> 0 | AL22: 9
B23: 9 | P23: 10 | X23: =X22+V23*W23 -> 0 | AA23: 10 | AI23: =AI22+AG23*AH23 -> 0 | AL23: 10
B24: 10 | P24: 11 | X24: =X23+V24*W24 -> 0 | AA24: 11 | AI24: =AI23+AG24*AH24 -> 0 | AL24: 11
B25: 11 | P25: 12 | X25: =X24+V25*W25 -> 0 | AA25: 12 | AI25: =AI24+AG25*AH25 -> 0 | AL25: 12
B26: 12 | P26: 13 | X26: =X25+V26*W26 -> 0 | AA26: 13 | AI26: =AI25+AG26*AH26 -> 0 | AL26: 13
B27: 13 | P27: 14 | X27: =X26+V27*W27 -> 0 | AA27: 14 | AI27: =AI26+AG27*AH27 -> 0 | AL27: 14 | AZ27: TOTAL AÑOS DE EXPERIENCIA | BA27: =SUM(BA14:BA26) -> 8.4657534
B28: 14 | P28: 15 | X28: =X27+V28*W28 -> 0 | AA28: 15 | AI28: =AI27+AG28*AH28 -> 0 | AL28: 15
B29: 15 | P29: 16 | X29: =X28+V29*W29 -> 0 | AA29: 16 | AI29: =AI28+AG29*AH29 -> 0 | AL29: 16
B30: 16 | P30: 17 | X30: =X29+V30*W30 -> 0 | AA30: 17 | AI30: =AI29+AG30*AH30 -> 0 | AL30: 17
B31: 17 | P31: 18 | X31: =X30+V31*W31 -> 0 | AA31: 18 | AI31: =AI30+AG31*AH31 -> 0 | AL31: 18
B32: 18 | P32: 19 | X32: =X31+V32*W32 -> 0 | AA32: 19 | AI32: =AI31+AG32*AH32 -> 0 | AL32: 19
B33: 19 | P33: 20 | X33: =X32+V33*W33 -> 0 | AA33: 20 | AI33: =AI32+AG33*AH33 -> 0 | AL33: 20
B34: 20 | P34: 21 | X34: =X33+V34*W34 -> 0 | AA34: 21 | AI34: =AI33+AG34*AH34 -> 0 | AL34: 21
B35: 21 | P35: 22 | X35: =X34+V35*W35 -> 0 | AA35: 22 | AI35: =AI34+AG35*AH35 -> 0 | AL35: 22
B36: 22 | P36: 23 | X36: =X35+V36*W36 -> 0 | AA36: 23 | AI36: =AI35+AG36*AH36 -> 0 | AL36: 23
B37: 23 | P37: 24 | X37: =X36+V37*W37 -> 0 | AA37: 24 | AI37: =AI36+AG37*AH37 -> 0 | AL37: 24
B38: 24 | P38: 25 | X38: =X37+V38*W38 -> 0 | AA38: 25 | AI38: =AI37+AG38*AH38 -> 0 | AL38: 25
B39: 25 | P39: 26 | X39: =X38+V39*W39 -> 0 | AA39: 26 | AI39: =AI38+AG39*AH39 -> 0 | AL39: 26
... B67: 53 | P67: 54 | X67: =X66+V67*W67 -> 0 | AA67: 54 | AI67: =AI66+AG67*AH67 -> 0 | AL67: 54
B68: 54 | P68: TOTAL | V68: =SUM(V14:V67) -> 0 | X68: =IF(MAX(X14:X67)>=H6*0.5,MAX(X14:X67),0) -> 0 | AA68: TOTAL | AG68: =SUM(AG14:AG67) -> 0 | AI68: =IF(MAX(AI14:AI67)>=H6*0.5,MAX(AI14:AI67),0) -> 0 | AL68: TOTAL
B69: TOTAL
D76: EXPERIENCIA DEL EQUIPO DE TRABAJO
C79: NOMBRE DEL PROPONENTE: | E79: =H5 -> DESARROLLADORA DE PROYECTOS SAS
C80: NOMBRE DEL PROFESIONAL | E80: EFRAIN BERNAL ALZATE
C81: CARGO EN EL EQUIPO DE TRABAJO | E81: DIRECTOR DE INTERVENTORIA
C83: RELACIÓN EXPERIENCIA PROFESIONAL HABILITANTE
D84: ETAPA PREVIA ___x__ ETAPA DE INSTALACIÓN___x___
C86: EXPERIENCIA HABILITANTE DIRECTOR DE INTERVENTORIA (ANEXO 4) | N86: EXPERIENCIA CALIFICABLE DIRECTOR DE INTERVENTORIA (ANEXO 5)
C87: NOMBRE DEL PROYECTO | D87: ENTIDAD CONTRATANTE O EMPLEADORA | E87: CARGO OCUPADO | F87: FUNCIONES DESEMPEÑADAS | G87: FECHA DE INICIO | H87: FECHA DE RETIRO | I87: DURACIÓN EN DIAS | J87: DURACIÓN EN MESES | K87: OBSERVACIONES | N87: NOMBRE DEL PROYECTO | O87: ENTIDAD CONTRATANTE O EMPLEADORA | P87: CARGO OCUPADO | Q87: FUNCIONES DESEMPEÑADAS | R87: FECHA DE INICIO | S87: FECHA DE RETIRO | T87: DURACIÓN EN DIAS | U87: DURACIÓN EN MESES | V87: OBSERVACIONES | Y87: ESTUDIOS DIRECTOR | Z87: Puntaje Máximo
B88: 1 | C88: PROYECTO ZNI | D88: UNIVERSIDAD DE LA SALLE | E88: DIRECTOR DEL PROYECTO | F88: REALIZAR UN TRABAJO DE INVESTIGACION QUE PERMITA DETERMINAR EL NIVEL DE DISPONIBILIDAD Y ESTABILIDAD DE LOS SISTEMAS DE COMUNICACIÓN EXISTENTES EN LAS ZNI PARA LA TRANSMICION DE INFORMACIÓN DE TELEMETRIA HASTA EL CENTRO NACIONAL DE MONITOREO - CNM DE IPS. | G88: 40634 | H88: 40816 | I88: =H88-G88 -> 182 | J88: =+I88/30 -> 6.0666667 | M88: 1 | Y88: Estudios de posgrado mínimo a nivel de especialización en: administración de empresas, o gerencia o gestión de proyectos, o gerencia de proyectos o gerencia de empresas de energía o alta gerencia o en Fuentes no Convencionales de Energía o en Energías alternativas. | Z88: 4
B89: 2 | C89: Cooperation Project. The United Nations Development Programme (UNDP) | D89: PNUD - PROGRAMA DE LAS NACIONES UNIDAS - UIVERSIDAD JAVERIANA | E89: Director de ingeniería - experto en energía renovable | F89: Dirección del proyecto proyecto "Ciencia, tecnología e innovación en Comunidades sostenibles para la paz" | G89: 43805 | H89: 43969 | I89: 0 | J89: =I89/30 -> 0 | K89: De acuerod con el literal N del capítulo 1 no se aportó traducción simple del documento | M89: 2 | Y89: Contar adicionalmente con estudios en la modalidad de posgrado mínimo a nivel de especialización en: | Z89: 1
B90: 3 | C90: DISEÑODELA PLANTA DE PROCESO DE LA UNIDAD PRODUCTIVA PISCICOLA TAGUATE FISHS.A.S. | D90: EVIRONMTENTAL MANAGEMENT CONSULTING S.A.S | E90: Consultor | F90: DISEÑO ELÉCTRICO AUTOMATIZADO DE LA PLANTA DE PROCESO DE CARNE DE PESCADO CUMPLIENDO CON ESTÁNDARES DE CERTIFICACIÓN INTERNACIONAL (HACCP,ISO14046,ISO 14064,ISO14001,ENTRE OTROS QUE SE CONSIDEREN RELEVANTES). | G90: 42767 | H90: 42825 | I90: 0 | J90: =+I90/30 -> 0 | K90: De conformidad con el numeral 3.2.3.b, al experiencia profesional del Director no cumple con los criterios establecidos por la entidad. | M90: 3 | Y90: INGENIERÍA ELÉCTRICA CON ENFASIS EN SISTEMAS DE DISTRIBUCIÓN ó
B91: 4 | C91: DIAGNOSTICO CORRECION Y AMPLIACION DE UNA RED ELECTRICA DE 15KVA A 30KVA PARA UNA PLANTA DE ALIMENTOS EN CHIA CUNDINAMARCA | D91: AUTCOL | E91: Consultor | F91: ASESOR PARA CARACTERIZACION Y DIAGNOSTICO ENERGETICO MEDIANTE ANALIZADORES DE REDES ELECTRICAS | G91: 42688 | H91: 43139 | I91: =H91-G91 -> 451 | J91: =+I91/30 -> 15.033333 | K91: De conformidad con la nota 14 del numeral 3.2.3.b.3 se toma el último día de cada mes como fecha de inicio y el primer día de cada mes como fecha de terminación, y el último mes del año como mes de inicio y el primer mes del año como mes de finalización. | M91: 4 | T91: =S91-R91 -> 0 | U91: =+T91/30 -> 0 | Y91: EN SISTEMAS DE DISTRIBUCIÓN Y TRASMISIÓN DE ENERGÍA ELÉCTRICA ó
B92: 5 | C92: PROYECTO ALCALDÍA DE BOGOTA | D92: ALCALDIA MAYOR DE BOGOTA | E92: Consultor | F92: AUNAR ESFUERZOS ACADEMICOS, TECNICOS, CIENTIFICOS, HUMSNOS, TECNOLOGICOS OPERATIVOS, ADMINISTRATIVOS Y FINANCIEROS ENTRE EL INTITUTO DISTRITAL DE GESTION DE RIESGO Y CAMBIO CLIMATICO - IDIGER Y LA UNIVERDAD DE LA SALLE PARA DESARROLLAR E IMPLEMENTAR UNA RED INTELIGENTE DE SENSORES INALAMBRICOS QUE PERMITAN LA TOMA DE DECISIONES FRENTE A LA DETECION TEMPRANA DE EVENTOS IDROMETOROLOGICOS EXTREMOS EN LA CIUDAD DE BOGOTA, COMO PARTE DEL PROCESO DE FORTALECIMIENTO DEL SISTEMA DE ALERTA DE BOGOTA | G92: 43006 | H92: 43308 | I92: =H92-G92 -> 302 | J92: 0 | K92: De conformidad con el numeral 3.2.3.b, al experiencia profesional del Director no cumple con los criterios establecidos por la entidad. | M92: 5 | T92: =S92-R92 -> 0 | U92: =+T92/30 -> 0 | Y92: EN SISTEMAS DE DISTRIBUCION DE ENERGÍA ELÉCTRICA ó
B93: 6 | C93: TRUCHAS SURALA S.A.S. | D93: EVIRONMTENTAL MANAGEMENT CONSULTING S.A.S | E93: Consultor | F93: elaboración y apoyo en la implementación del plan de ahorro y uso eficiente de energía para las unidades productivas psicolas de la mepresa contratante | G93: 42644 | H93: 42735 | I93: =H93-G93 -> 91 | J93: =+I93/30 -> 3.0333333 | M93: 6 | T93: =S93-R93 -> 0 | U93: =+T93/30 -> 0 | Y93: EN SISTEMAS DE TRASMISIÓN Y DISTRIBUCIÓN DE ENERGÍA ELÉCTRICA ó
B94: 7 | C94: CONVENIO 17 DE 2016 | D94: UNIVERSIDAD DE LA SALLE | E94: Coinvestigados | G94: 42612 | H94: 42734 | I94: =H94-G94 -> 122 | J94: =+I94/30 -> 4.0666667 | K94: DDe conformidad con el numeral 3.2.3.b.3 no se aportó certificación a afectos de acreditar la experiencia profesional pues se aporta el convenio entre universidades pero no se evidencia la constancia de participación del profesional ni certificado de la universidad al respecto. es experiencia traslapada | M94: 7 | T94: =S94-R94 -> 0 | U94: =+T94/30 -> 0 | Y94: EN SISTEMAS DE TRASMISIÓN DE ENERGÍA ELÉCTRICA ó
B95: 8 | I95: =H95-G95 -> 0 | J95: =+I95/30 -> 0 | M95: 8 | T95: =S95-R95 -> 0 | U95: =+T95/30 -> 0 | Y95: EN INGENIERÍA ELÉCTRICA. ó
B96: 9 | I96: =H96-G96 -> 0 | J96: =+I96/30 -> 0 | M96: 9 | T96: =S96-R96 -> 0 | U96: =+T96/30 -> 0 | Y96: SISTEMAS DE POTENCIA O SISTEMAS DE TRANSMISIÓN Y DISTRIBUCIÓN ELÉCTRICA. ó
B97: 10 | I97: =H97-G97 -> 0 | J97: =+I97/30 -> 0 | M97: 10 | T97: =S97-R97 -> 0 | U97: =+T97/30 -> 0
B98: 11 | I98: =H98-G98 -> 0 | J98: =+I98/30 -> 0 | M98: 11 | T98: =S98-R98 -> 0 | U98: =+T98/30 -> 0
B99: 12 | C99: COLOMBINVEST SAS | D99: DEPI SAS | I99: =H99-G99 -> 0 | J99: =+I99/30 -> 0 | M99: 12 | T99: =S99-R99 -> 0 | U99: =+T99/30 -> 0
C100: TOTALES | I100: =SUM(I88:I99) -> 1148 | J100: =SUM(J88:J99) -> 28.2 | N100: TOTALES | T100: =SUM(T88:T99) -> 0 | U100: =SUM(U88:U99) -> 0
AB101: OBSERVACIONES
J102: =IF(J100>=36,"HABILITADO","NO HABILITADO") -> NO HABILITADO | T102: PUNTAJE | U102: =IF(U100>24,15,IF(U100>=18,10,IF(U100>=12,8,0))) -> 0 | Y102: PUNTAJE | Z102: 0
C108: NOMBRE DEL PROFESIONAL | E108: EDGAR RUBEN MUELA
C109: CARGO EN EL EQUIPO DE TRABAJO | E109: INGENIERO ELECTRICO RESIDENTE DE INTERVENTORIA
C111: RELACIÓN EXPERIENCIA PROFESIONAL HABILITANTE PROFESIONAL 1
D112: ETAPA PREVIA ___x__ ETAPA DE INSTALACIÓN____x__
C114: EXPERIENCIA HABILITANTE INGENIERO RESIDENTE (ANEXO 4) | N114: EXPERIENCIA CALIFICABLE RESIDENTE DE INTERVENTORIA (ANEXO 5)
C115: NOMBRE DEL PROYECTO | D115: ENTIDAD CONTRATANTE O EMPLEADORA | E115: CARGO OCUPADO | F115: FUNCIONES DESEMPEÑADAS | G115: FECHA DE INICIO | H115: FECHA DE RETIRO | I115: DURACIÓN EN DIAS | J115: DURACIÓN EN MESES | K115: OBSERVACIONES | N115: NOMBRE DEL PROYECTO | O115: ENTIDAD CONTRATANTE O EMPLEADORA | P115: CARGO OCUPADO | Q115: FUNCIONES DESEMPEÑADAS | R115: FECHA DE INICIO | S115: FECHA DE RETIRO | T115: DURACIÓN EN DIAS | U115: DURACIÓN EN MESES | V115: OBSERVACIONES | Y115: ESTUDIOS RESIDENTE | Z115: Puntaje Máximo
B116: 1 | C116: Regulación y Control de la Electricidad | D116: INGETEC S.A. | E116: Profesional especiaista transmisión y distribución | F116: Coordinación de actividades en proyectos de ingeniería, interventoría de trabajos de ingeniería electrica para proyectos de generación hidroelectrica y subestaciones en las etapas de factibilidad, diseño basico y diseño detallado. Elaoración de diseños y asesoría durante la construcción y puesta en servicio de sistemas de generación hidroelectrica, transmisión y distribución de energía electrica. Elaboración de informes de seguimiento. Participación en la elaboración de propeustas. Participación en pruebas de equipos. | G116: 40695 | H116: 42401 | I116: =H116-G116 -> 1706 | J116: =+I116/30 -> 56.866667 | M116: 1 | Y116: Si tiene estudios de posgrado mínimo a nivel de especialización en: Fuentes no Convencionales de Energía o en Energías alternativas. | Z116: 2
B117: 2 | I117: =H117-G117 -> 0 | J117: =+I117/30 -> 0 | M117: 2 | Y117: Si tiene estudios de posgrado mínimo a nivel de especialización en: | Z117: 1
B118: 3 | I118: =H118-G118 -> 0 | J118: =+I118/30 -> 0 | M118: 3 | Y118: · INGENIERÍA ELÉCTRICA CON ENFASIS EN SISTEMAS DE DISTRIBUCIÓN ó
B119: 4 | I119: =H119-G119 -> 0 | J119: =+I119/30 -> 0 | M119: 4 | Y119: · EN SISTEMAS DE DISTRIBUCIÓN Y TRASMISIÓN DE ENERGÍA ELÉCTRICA ó
B120: 5 | I120: =H120-G120 -> 0 | J120: =+I120/30 -> 0 | M120: 5 | Y120: · EN SISTEMAS DE DISTRIBUCION DE ENERGÍA ELÉCTRICA ó
B121: 6 | I121: =H121-G121 -> 0 | J121: =+I121/30 -> 0 | M121: 6 | Y121: · EN SISTEMAS DE TRASMISIÓN Y DISTRIBUCIÓN DE ENERGÍA ELÉCTRICA ó
B122: 7 | I122: =H122-G122 -> 0 | J122: =+I122/30 -> 0 | M122: 7 | T122: 0 | U122: =T122/30 -> 0 | Y122: · EN SISTEMAS DE TRASMISIÓN DE ENERGÍA ELÉCTRICA ó
B123: 8 | I123: =H123-G123 -> 0 | J123: =+I123/30 -> 0 | M123: 8 | T123: 0 | U123: =T123/30 -> 0 | Y123: · EN INGENIERÍA ELÉCTRICA. ó
B124: 9 | I124: =H124-G124 -> 0 | J124: =+I124/30 -> 0 | M124: 9 | T124: 0 | U124: =T124/30 -> 0 | Y124: · SISTEMAS DE POTENCIA O SISTEMAS DE TRANSMISIÓN Y DISTRIBUCIÓN ELÉCTRICA. ó
B125: 10 | I125: =H125-G125 -> 0 | J125: =+I125/30 -> 0 | M125: 10 | T125: 0 | U125: 0,00
B126: 11 | I126: =H126-G126 -> 0 | J126: =+I126/30 -> 0 | M126: 11 | T126: 0 | U126: 0,00
B127: 12 | I127: =H127-G127 -> 0 | J127: =+I127/30 -> 0 | M127: 12 | T127: 0 | U127: 0,00
AB129: OBSERVACIONES
C130: TOTALES | I130: =SUM(I116:I127) -> 1706 | J130: =SUM(J116:J127) -> 56.866667 | T130: PUNTAJE | U130: =IF(U128>12,13,IF(U128>6,8,0)) -> 0 | Y130: PUNTAJE | Z130: 0
AB131: OBSERVACIONES
J132: =IF(J130>=36,"HABILITADO","NO HABILITADO") -> HABILITADO

Sheet Oferente 11
C2: EXPERIENCIA DEL PROPONENTE
C5: NOMBRE DEL OFERENTE | H5: CONSORCIO SOLAR ZNI
C7: PRESUPUESTO DEL LOTE MÁXIMO AL QUE PARTICIPAN (en SMMLV) | H7: 1453.2903
C8: VALOR 30% | H8: =H7*0.3 -> 435.9871
C9: VALOR REQUERIDO EN SMMLV
C11: contar con 5 años de experiencia en interventoría o en la construcción y montaje de proyectos del sector eléctrico, de los cuales como mínimo debe incluir un (1) año de experiencia específica en proyectos de generación o distribución de energía eléctrica, cuya sumatoria se igual o superior al 30% del valor del mayor lote ofertado | J11: =IF(BC28>=5,"HABILITA: CUENTA CON MÁS DE 5 AÑOS","NO HABILITA POR TIEMPO") -> HABILITA: CUENTA CON MÁS DE 5 AÑOS | AV11: =IF(BC28>=5,"HABILITA: CUENTA CON MÁS DE 5 AÑOS","NO HABILITA POR TIEMPO") -> HABILITA: CUENTA CON MÁS DE 5 AÑOS
C13: CONTRATOS DE EXPERIENCIA MÍNIMA PARA HABILITARSE (ANEXO 7) | Q13: CONTRATOS QUE ACREDITAN EXPERIENCIA EN FOTOVOLTAICO (ANEXO 8) | AC13: CONTRATOS QUE ACREDITAN EXPERIENCIA ADICIONAL EN ELECTRICOS NO FOTOVOLTAICO (ANEXO 8) | AO13: CONTRATOS DE EXPERIENCIA MÍNIMA PARA HABILITARSE (ANEXO 7)
C14: OBJETO DEL CONTRATO | D14: ENTIDAD CONTRATANTE O EMPLEADORA | E14: CONSECUTIVO EN EL RUP | F14: CODIGO UNSPSC | G14: VALOR CONTRATO | H14: VALOR DEL CONTRATO TOTAL EN SMMLV | I14: % PARTICIPACIÓN CONSORCIO | J14: ACUMULADO SMMLV | K14: HABILITADO | L14: OBSERVACIONES | M14: CÓDIGO UNSPSC | N14: NOMBRE | Q14: OBJETO DEL CONTRATO | R14: ENTIDAD CONTRATANTE O EMPLEADORA | S14: CONSECUTIVO EN EL RUP | T14: CODIGO UNSPSC | U14: VALOR CONTRATO | V14: VALOR DEL CONTRATO TOTAL EN SMMLV | W14: % PARTICIPACIÓN CONSORCIO | X14: ACUMULADO SMMLV | Y14: OBSERVACIONES | AC14: OBJETO DEL CONTRATO | AD14: ENTIDAD CONTRATANTE O EMPLEADORA | AE14: CONSECUTIVO EN EL RUP | AF14: CODIGO UNSPSC | AG14: VALOR CONTRATO | AH14: VALOR DEL CONTRATO TOTAL EN SMMLV | AI14: % PARTICIPACIÓN CONSORCIO | AJ14: ACUMULADO SMMLV | AK14: OBSERVACIONES | AO14: OBJETO DEL CONTRATO | AP14: ENTIDAD CONTRATANTE O EMPLEADORA | AQ14: CONSECUTIVO EN EL RUP | AR14: CODIGO UNSPSC | AS14: VALOR CONTRATO | AT14: VALOR DEL CONTRATO TOTAL EN SMMLV | AU14: % PARTICIPACIÓN CONSORCIO | AV14: ACUMULADO SMMLV | AW14: HABILITADO | AX14: OBSERVACIONES | AY14: FECHA DE INICIO ORIGINAL | AZ14: FECHA FIN ORIGINAL | BA14: FECHA DE INICIO AJUSTE TRASLAPOS | BB14: FECHA FIN AJUSTE TRASLAPOS | BC14: AÑOS DE EXPERIENCIA
B15: 1 | C15: Construcción, montaje, pruebas y puesta en operación del sistema de trasiego y aumento de capacidad de almacenamiento de combustible y cambio de sisetema de generación en diferentes localidades de las zonas no interconectadas. | D15: EMSA | E15: 6 | F15: 801015 - 801016 | G15: 478931305 | H15: 845.12 | I15: 0.5 | J15: =H15*I15 -> 422.56 | K15: =IF(H15*I15>0,"HABILITADO", "NO HABILITADO") -> HABILITADO | M15: 80101500 | N15: Servicios de consultoría y administración corporativa | P15: 1 | Q15: Instalación de sistema solar Fotovoltaico conectado a la Red de 3KW | R15: PEROTECNICA SAS | S15: 1 | T15: 831018 - 811017 | U15: 27775547 | V15: 40.28 | W15: 0 | X15: =V15*W15 -> 0 | Y15: De conformidad con el numeral 4.1. de los pliegos definitivos no se aportó certificación para acreditar la experiencia adicional puntuable del proponente. Cabe recordar que por ser puntuable, no se aceptan subsanaciones para este tipo de experiencia. | AB15: 1 | AC15: Suministro de lámparas LED y paneles solares Fotovoltaicos. | AD15: EFECTRA | AE15: 22 | AF15: 831018 - 811017 - 801016 | AG15: 25464239 | AH15: 32.59 | AI15: 1 | AJ15: 0 | AK15: De conformidad con el numeral 4.1. de los pliegos definitivos no se aportó certificación para acreditar la experiencia adicional puntuable del proponente. Cabe recordar que por ser puntuable, no se aceptan subsanaciones para este tipo de experiencia. | AN15: 1 | AO15: Construcción, montaje, pruebas y puesta en operación del sistema de trasiego y aumento de capacidad de almacenamiento de combustible y cambio de sisetema de generación en diferentes localidades de las zonas no interconectadas. | AP15: EMSA | AQ15: 6 | AR15: 801015 - 801016 | AS15: 478931305 | AT15: 845.12 | AU15: 0.5 | AV15: =AT15*AU15 -> 422.56 | AW15: =IF(AT15*AU15>0,"HABILITADO", "NO HABILITADO") -> HABILITADO | AY15: 41085 | AZ15: 41261 | BA15: 41085 | BB15: 41261 | BC15: =+(BB15-BA15+1)/365 -> 0.48493151
B16: 2 | C16: La Empresa SERVITRONICA S.A. con NIT No. 860.401.663-4, ejecutó las obras de construcción de redes del sistema integral domiciliario (SID) asociado al cambio de redes eléctricas en el área urbana y rural de los municipios donde CHECH S.A. E.S.P, presta servicio de energía (GRUPO III) | D16: CHEC | E16: 24 | F16: 811017 - 831018 | G16: 1782570616 | H16: 3461.3 | I16: 1 | J16: =J15+H16*I16 -> 3883.86 | K16: =IF(H16*I16>0,"HABILITADO", "NO HABILITADO") -> HABILITADO | M16: 80101600 | N16: Servicios de consultoría y administración corporativa | P16: 2 | Q16: Instalación de sistema solar Fotovoltaico conectado a la Red de 2,5KW | R16: INTEC NOVA SAS | S16: 2 | T16: 831018 - 811017 | U16: 22368093 | V16: 32.44 | W16: 0 | X16: =X15+V16*W16 -> 0 | Y16: De conformidad con el numeral 4.1. de los pliegos definitivos no se aportó certificación para acreditar la experiencia adicional puntuable del proponente. Cabe recordar que por ser puntuable, no se aceptan subsanaciones para este tipo de experiencia. | AB16: 2 | AC16: Suministro e instalación de luminarias solares tipo LED en el parque principal del municipio de Bojacá Cundinamarca. | AD16: SECRETARIA DE GOBIERNO MUNICIPIO DE BOJACA | AE16: 19 | AF16: 831018 - 811017 - 801016 | AG16: 17933310 | AH16: 24.3 | AI16: 1 | AJ16: 0 | AK16: De conformidad con el numeral 4.1. de los pliegos definitivos no se aportó certificación para acreditar la experiencia adicional puntuable del proponente. Cabe recordar que por ser puntuable, no se aceptan subsanaciones para este tipo de experiencia. | AN16: 2 | AO16: La Empresa SERVITRONICA S.A. con NIT No. 860.401.663-4, ejecutó las obras de construcción de redes del sistema integral domiciliario (SID) asociado al cambio de redes eléctricas en el área urbana y rural de los municipios donde CHECH S.A. E.S.P, presta servicio de energía (GRUPO III) | AP16: CHEC | AQ16: 24 | AR16: 811017 - 831018 | AS16: 1782570616 | AT16: 3461.3 | AU16: 1 | AV16: =AV15+AT16*AU16 -> 3883.86 | AW16: =IF(AT16*AU16>0,"HABILITADO", "NO HABILITADO") -> HABILITADO | AY16: 40084 | AZ16: 40512 | BA16: 40084 | BB16: 40512 | BC16: =+(BB16-BA16+1)/365 -> 1.1753425
B17: 3 | C17: La Empresa SERVITRONICA S.A. con NIT No. 860.401.663-4, ejecutó las obras de remodelación de redes en el nivel II para la CENTRAL HIDROELÉCTRICA DE CALDAS E.S.P., dentro del programa de remodelación de redes con fines de reducción de pérdidas de energía. | D17: CHEC | E17: 55 | F17: 811017 - 831018 | G17: 3404864277 | H17: 7850.74 | I17: 1 | J17: =J16+H17*I17 -> 11734.6 | K17: =IF(H17*I17>0,"HABILITADO", "NO HABILITADO") -> HABILITADO | M17: 81101500 | N17: Ingenieria Civil y arquitectura | P17: 3 | Q17: Diseño, suministro e instalación de sistema solar Fotovoltaico piloto para el Parque Cementerio con una capacidad de 210W | R17: JARDINES LA COLINA LTDA | S17: 3 | T17: 831018 - 811017 | U17: 10039906 | V17: 14.56 | W17: 0 | X17: =X16+V17*W17 -> 0 | Y17: De conformidad con el numeral 4.1. de los pliegos definitivos no se aportó certificación para acreditar la experiencia adicional puntuable del proponente. Cabe recordar que por ser puntuable, no se aceptan subsanaciones para este tipo de experiencia. | AB17: 3 | AJ17: =AJ16+AH17*AI17 -> 0 | AN17: 3 | AO17: La Empresa SERVITRONICA S.A. con NIT No. 860.401.663-4, ejecutó las obras de remodelación de redes en el nivel II para la CENTRAL HIDROELÉCTRICA DE CALDAS E.S.P., dentro del programa de remodelación de redes con fines de reducción de pérdidas de energía. | AP17: CHEC | AQ17: 55 | AR17: 811017 - 831018 | AS17: 3404864277 | AT17: 7850.74 | AU17: 1 | AV17: =AV16+AT17*AU17 -> 11734.6 | AW17: =IF(AT17*AU17>0,"HABILITADO", "NO HABILITADO") -> HABILITADO | AY17: 38651 | AZ17: 39386 | BA17: 38651 | BB17: 39386 | BC17: =+(BB17-BA17+1)/365 -> 2.0164384
B18: 4 | C18: Construcción redes eléctricas y alumbrado público en los municipio de El Calvario, Castillo, Cubarral, Cumaral, Granada, Lejanías, San Juan de Arama, Puerto Lleras, Puerto López, Restrepo, San Martín, Villavicencio, Vistahermosa y Puerto Concordia en el departamento del Meta. | D18: INSTITUTO DE DESARROLLO DEL META | E18: 17 | F18: 811017 - 831018 | G18: 6521977885 | H18: 12838.65 | I18: 0.1991 | J18: =J17+H18*I18 -> 14290.775 | K18: =IF(H18*I18>0,"HABILITADO", "NO HABILITADO") -> HABILITADO | M18: 81101700 | N18: Ingeniería Eléctrica y Electrónica | P18: 4 | Q18: Instalación de sistema solar Fotovoltaico conectado a la Red con apoyo de baterías de 2,KW | R18: IMEXGLO S.A.S | S18: 4 | T18: 831018 - 811017 | U18: 19458699 | V18: 28.22 | W18: 0 | X18: =X17+V18*W18 -> 0 | Y18: De conformidad con el numeral 4.1. de los pliegos definitivos no se aportó certificación para acreditar la experiencia adicional puntuable del proponente. Cabe recordar que por ser puntuable, no se aceptan subsanaciones para este tipo de experiencia. | AB18: 4 | AJ18: =AJ17+AH18*AI18 -> 0 | AN18: 4 | AO18: Construcción redes eléctricas y alumbrado público en los municipio de El Calvario, Castillo, Cubarral, Cumaral, Granada, Lejanías, San Juan de Arama, Puerto Lleras, Puerto López, Restrepo, San Martín, Villavicencio, Vistahermosa y Puerto Concordia en el departamento del Meta. | AP18: INSTITUTO DE DESARROLLO DEL META | AQ18: 17 | AR18: 811017 - 831018 | AS18: 6521977885 | AT18: 12838.65 | AU18: 0.1991 | AV18: =AV17+AT18*AU18 -> 14290.775 | AW18: =IF(AT18*AU18>0,"HABILITADO", "NO HABILITADO") -> HABILITADO | AY18: 40786 | AZ18: 40967 | BA18: 40786 | BB18: 40967 | BC18: =+(BB18-BA18+1)/365 -> 0.49863014
B19: 5 | C19: Construcción redes eléctricas en los municipios de Villavicencio, Puerto López, Cabuyaro, Granada, Castilla La Nueva, SaN Carlos de Guaroa, Cumaral y Acacías en el departamento del Meta. | D19: INSTITUTO DE DESARROLLO DEL META | E19: 8 | F19: 811017 - 831018 | G19: 7237940880 | H19: 0 | I19: 0 | J19: =J18+H19*I19 -> 14290.775 | K19: =IF(H19*I19>0,"HABILITADO", "NO HABILITADO") -> NO HABILITADO | L19: De conformidad con la nota 7 del numeral 3.2.3. a.1 no podrá ser acumulable la experiencia obtenida en varios proyectos en un mismo periodo de tiempo. Se traslapa completamene con la experiencia 4 | M19: 83101800 | N19: Servicios Eléctricos | P19: 5 | Q19: Diseño y suministro del sistema de energía solar Fotovoltaica OFF. GRID para el consumo de las oficinas tipo Conteiner con una capacidad de 11KWh/Día | R19: SUTEC SUCURSAL COLOMBIA SA | S19: 5 | T19: 831018 - 811017 | U19: 35656070 | V19: 48.33 | W19: 0 | X19: =X18+V19*W19 -> 0 | Y19: De conformidad con el numeral 4.1. de los pliegos definitivos no se aportó certificación para acreditar la experiencia adicional puntuable del proponente. Cabe recordar que por ser puntuable, no se aceptan subsanaciones para este tipo de experiencia. | AB19: 5 | AJ19: =AJ18+AH19*AI19 -> 0 | AN19: 5 | AO19: Construcción redes eléctricas en los municipios de Villavicencio, Puerto López, Cabuyaro, Granada, Castilla La Nueva, SaN Carlos de Guaroa, Cumaral y Acacías en el departamento del Meta. | AP19: INSTITUTO DE DESARROLLO DEL META | AQ19: 8 | AR19: 811017 - 831018 | AS19: 7237940880 | AT19: 0 | AU19: 0 | AV19: =AV18+AT19*AU19 -> 14290.775 | AW19: =IF(AT19*AU19>0,"HABILITADO", "NO HABILITADO") -> NO HABILITADO | AX19: De conformidad con la nota 7 del numeral 3.2.3. a.1 no podrá ser acumulable la experiencia obtenida en varios proyectos en un mismo periodo de tiempo. Se traslapa completamene con la experiencia 4 | AY19: 40904 | AZ19: 40934 | BA19: 40904 | BB19: 40934 | BC19: 0
B20: 6 | C20: Construcción redes eléctricas en los municipios de Mesetas y vistahermosa en el departamento del Meta. | D20: INSTITUTO DE DESARROLLO DEL META | E20: 9 | F20: 811017 - 831018 | G20: 8325332509 | H20: 0 | I20: 0 | J20: =J19+H20*I20 -> 14290.775 | K20: =IF(H20*I20>0,"HABILITADO", "NO HABILITADO") -> NO HABILITADO | L20: De conformidad con la nota 7 del numeral 3.2.3. a.1 no podrá ser acumulable la experiencia obtenida en varios proyectos en un mismo periodo de tiempo. Se traslapa completamene con la experiencia 4 | P20: 6 | Q20: Adquisición e instalación de paneles solares como sistema de iluminación para los patios administrados por la secretaria Distrital de movilidad. | R20: SECRETARIA DISTRITAL DE MOVILIDAD | S20: 6 | T20: 831018 - 811017 | U20: 41097883 | V20: 55.71 | W20: 0 | X20: =X19+V20*W20 -> 0 | Y20: De conformidad con el numeral 4.1. de los pliegos definitivos no se aportó certificación para acreditar la experiencia adicional puntuable del proponente. Cabe recordar que por ser puntuable, no se aceptan subsanaciones para este tipo de experiencia. | AB20: 6 | AJ20: =AJ19+AH20*AI20 -> 0 | AN20: 6 | AO20: Construcción redes eléctricas en los municipios de Mesetas y vistahermosa en el departamento del Meta. | AP20: INSTITUTO DE DESARROLLO DEL META | AQ20: 9 | AR20: 811017 - 831018 | AS20: 8325332509 | AT20: 0 | AU20: 0 | AV20: =AV19+AT20*AU20 -> 14290.775 | AW20: =IF(AT20*AU20>0,"HABILITADO", "NO HABILITADO") -> NO HABILITADO | AX20: De conformidad con la nota 7 del numeral 3.2.3. a.1 no podrá ser acumulable la experiencia obtenida en varios proyectos en un mismo periodo de tiempo. Se traslapa completamene con la experiencia 4 | AY20: 40904 | AZ20: 40934 | BA20: 40904 | BB20: 40934 | BC20: 0
B21: 7 | C21: Electrificación dde la zona rural del municipio de La Jagua de Ibirico, departamento del Cesar. | D21: MUNICIPIO LA JAGUA DE IBIRICO | E21: 21 | F21: 801016-811017 - 831018 | G21: 3548278958 | H21: 6261.27 | I21: 0.49 | J21: =J20+H21*I21 -> 17358.798 | K21: =IF(H21*I21>0,"HABILITADO", "NO HABILITADO") -> HABILITADO | L21: De conformidad con la nota 7 del numeral 3.2.3. a.1 no podrá ser acumulable la experiencia obtenida en varios proyectos en un mismo periodo de tiempo. Se toma como fecha de terminación el 30 de agosto de 2011. Por las suspensiones se suman los días entre el 3 de julio de 2012 y el 19 de julio de 2012 | P21: 7 | Q21: Diseño y suministro del sistema de energía solar Fotovoltaica para la iluminación LED del nuevo patio de la Fiscalía | R21: SUTEC SUCURSAL COLOMBIA SA | S21: 7 | T21: 831018 - 811017 | U21: 15200920 | V21: 20.61 | W21: 0 | X21: =X20+V21*W21 -> 0 | Y21: De conformidad con el numeral 4.1. de los pliegos definitivos no se aportó certificación para acreditar la experiencia adicional puntuable del proponente. Cabe recordar que por ser puntuable, no se aceptan subsanaciones para este tipo de experiencia. | AB21: 7 | AJ21: =AJ20+AH21*AI21 -> 0 | AN21: 7 | AO21: Electrificación dde la zona rural del municipio de La Jagua de Ibirico, departamento del Cesar. | AP21: MUNICIPIO LA JAGUA DE IBIRICO | AQ21: 21 | AR21: 801016-811017 - 831018 | AS21: 3548278958 | AT21: 6261.27 | AU21: 0.49 | AV21: =AV20+AT21*AU21 -> 17358.798 | AW21: =IF(AT21*AU21>0,"HABILITADO", "NO HABILITADO") -> HABILITADO | AX21: De conformidad con la nota 7 del numeral 3.2.3. a.1 no podrá ser acumulable la experiencia obtenida en varios proyectos en un mismo periodo de tiempo. Se toma como fecha de terminación el 30 de agosto de 2011. Por las suspensiones se suman los días entre el 3 de julio de 2012 y el 19 de julio de 2012 | AY21: 40724 | AZ21: 40889 | BA21: 40724 | BB21: 40785 | BC21: =+(BB21-BA21+17)/365 -> 0.21369863
B22: 8 | C22: Electrificación dde la zona rural del municipio de La Jagua de Ibirico, departamento del Cesar. | D22: MUNICIPIO LA JAGUA DE IBIRICO | E22: 16 | F22: 811017 - 831018 | G22: 3548278958 | H22: 6261.27 | I22: 0.51 | J22: =J21+H22*I22 -> 20552.045 | K22: =IF(H22*I22>0,"HABILITADO", "NO HABILITADO") -> HABILITADO | L22: De conformidad con la nota 7 del numeral 3.2.3. a.1 no podrá ser acumulable la experiencia obtenida en varios proyectos en un mismo periodo de tiempo. Es la misma experiencia relacionada por otro miembro del consorcio | P22: 8 | Q22: Implementación de 237 soluciones Fotovoltaicas individuales para usuarios rurales en el municipio de Aguachica con una capacidad de 189KW | R22: UNIÒN TEMPORAL MEGA SOLAR | S22: 8 | T22: 831018 - 811017 | U22: 375115049 | V22: 544.07 | W22: 0 | X22: =X21+V22*W22 -> 0 | Y22: De conformidad con el numeral 4.1. de los pliegos definitivos no se aportó certificación para acreditar la experiencia adicional puntuable del proponente. Cabe recordar que por ser puntuable, no se aceptan subsanaciones para este tipo de experiencia. | AB22: 8 | AJ22: =AJ21+AH22*AI22 -> 0 | AN22: 8 | AO22: Electrificación dde la zona rural del municipio de La Jagua de Ibirico, departamento del Cesar. | AP22: MUNICIPIO LA JAGUA DE IBIRICO | AQ22: 16 | AR22: 811017 - 831018 | AS22: 3548278958 | AT22: 6261.27 | AU22: 0.51 | AV22: =AV21+AT22*AU22 -> 20552.045 | AW22: =IF(AT22*AU22>0,"HABILITADO", "NO HABILITADO") -> HABILITADO | AX22: De conformidad con la nota 7 del numeral 3.2.3. a.1 no podrá ser acumulable la experiencia obtenida en varios proyectos en un mismo periodo de tiempo. Es la misma experiencia relacionada por otro miembro del consorcio | AY22: 40724 | AZ22: 40889 | BA22: 40724 | BB22: 40775 | BC22: 0
B23: 9 | C23: Construcción y rehabilitación de redes eléctricas en media y baja tensión en las veredas: La Ye de Campo Alegre, Manizales Bajo, Sin Isidro, Campo Alegre, La Trinidad, San Antonio, Manizales Alto, Guarumera, Caudaloso, Tolima, Buenos Aires, La Libertad, Costa Rica, La Conquista y La Unión, del municipio de La Jagua de Ibirico, departamento del Cesar. | D23: MUNICIPIO LA JAGUA DE IBIRICO | E23: 37 | F23: 801016-811017 - 831018 | G23: 17096725655 | H23: 26533.29 | I23: 0.5 | J23: =J22+H23*I23 -> 33818.69 | K23: =IF(H23*I23>0,"HABILITADO", "NO HABILITADO") -> HABILITADO | P23: 9 | Q23: Diseño, suministro e instalación de sistema Solar Fotovoltaico con iluminación LED para el alumbrado Público del parque Cementerio con una capacidad de 14.5KW | R23: JARDINES LA COLINA LTDA | S23: 11 | T23: 831018 - 811017 | U23: 257707455 | V23: 349.33 | W23: 0 | X23: =X22+V23*W23 -> 0 | Y23: De conformidad con el numeral 4.1. de los pliegos definitivos no se aportó certificación para acreditar la experiencia adicional puntuable del proponente. Cabe recordar que por ser puntuable, no se aceptan subsanaciones para este tipo de experiencia. | AB23: 9 | AJ23: =AJ22+AH23*AI23 -> 0 | AN23: 9 | AO23: Construcción y rehabilitación de redes eléctricas en media y baja tensión en las veredas: La Ye de Campo Alegre, Manizales Bajo, Sin Isidro, Campo Alegre, La Trinidad, San Antonio, Manizales Alto, Guarumera, Caudaloso, Tolima, Buenos Aires, La Libertad, Costa Rica, La Conquista y La Unión, del municipio de La Jagua de Ibirico, departamento del Cesar. | AP23: MUNICIPIO LA JAGUA DE IBIRICO | AQ23: 37 | AR23: 801016-811017 - 831018 | AS23: 17096725655 | AT23: 26533.29 | AU23: 0.5 | AV23: =AV22+AT23*AU23 -> 33818.69 | AW23: =IF(AT23*AU23>0,"HABILITADO", "NO HABILITADO") -> HABILITADO | AY23: 41619 | AZ23: 42166 | BA23: 41619 | BB23: 42166 | BC23: =+(BB23-BA23+1)/365 -> 1.5013699
B24: 10 | C24: Construcción y rehabilitación de redes eléctricas en media y baja tensión en las veredas: La Ye de Campo Alegre, Manizales Bajo, Sin Isidro, Campo Alegre, La Trinidad, San Antonio, Manizales Alto, Guarumera, Caudaloso, Tolima, Buenos Aires, La Libertad, Costa Rica, La Conquista y La Unión, del municipio de La Jagua de Ibirico, departamento del Cesar. | D24: MUNICIPIO LA JAGUA DE IBIRICO | E24: 113 | F24: 811017 - 831018 | G24: 17096725655 | H24: 26533.29 | I24: 0.2 | J24: =J23+H24*I24 -> 39125.348 | K24: =IF(H24*I24>0,"HABILITADO", "NO HABILITADO") -> HABILITADO | L24: De conformidad con la nota 7 del numeral 3.2.3. a.1 no podrá ser acumulable la experiencia obtenida en varios proyectos en un mismo periodo de tiempo. Es la misma experiencia relacionada por otro miembro del consorcio | P24: 10 | Q24: Diseño, suministro, instalación y puesta en marcha de sistema para iluminación LED energizado mediante generación solar Fotovoltaica en vía de acceso a cancha de Futbol sintética Mundo Guarigua y diseño, suministro, instalación y puesta en marcha de sistema para iluminación LED energizado mediante generación solar Fotovoltaica, en patio de jardín infantil sede Pinocho, capacidad instalada 6.05KW. | R24: CAJA SANTANDEREANA DE SUBSIDIO FAMILIAR | S24: 12 | T24: 831018 - 811017 | U24: 28933259 | V24: 37.03 | W24: 0 | X24: =X23+V24*W24 -> 0 | Y24: De conformidad con el numeral 4.1. de los pliegos definitivos no se aportó certificación para acreditar la experiencia adicional puntuable del proponente. Cabe recordar que por ser puntuable, no se aceptan subsanaciones para este tipo de experiencia. | AB24: 10 | AJ24: =AJ23+AH24*AI24 -> 0 | AN24: 10 | AO24: Construcción y rehabilitación de redes eléctricas en media y baja tensión en las veredas: La Ye de Campo Alegre, Manizales Bajo, Sin Isidro, Campo Alegre, La Trinidad, San Antonio, Manizales Alto, Guarumera, Caudaloso, Tolima, Buenos Aires, La Libertad, Costa Rica, La Conquista y La Unión, del municipio de La Jagua de Ibirico, departamento del Cesar. | AP24: MUNICIPIO LA JAGUA DE IBIRICO | AQ24: 113 | AR24: 811017 - 831018 | AS24: 17096725655 | AT24: 26533.29 | AU24: 0.2 | AV24: =AV23+AT24*AU24 -> 39125.348 | AW24: =IF(AT24*AU24>0,"HABILITADO", "NO HABILITADO") -> HABILITADO | AX24: De conformidad con la nota 7 del numeral 3.2.3. a.1 no podrá ser acumulable la experiencia obtenida en varios proyectos en un mismo periodo de tiempo. Es la misma experiencia relacionada por otro miembro del consorcio | AY24: 41619 | AZ24: 42166 | BA24: 41619 | BB24: 42166 | BC24: 0
B25: 11 | C25: Construcción de redes eléctricas en media y baja tensión en las veredas: Sororia, San miguel, Las Ánimas, Las Nubes, El Diamanete, La esperanza y La Estrella, del municipio de La Jagua de Ibirico, Cesar. | D25: MUNICIPIO LA JAGUA DE IBIRICO | E25: 44 | F25: 811017 - 831018 - 801016 | G25: 8657163525 | H25: 13435.5 | I25: 0.9 | J25: =J24+H25*I25 -> 51217.298 | K25: =IF(H25*I25>0,"HABILITADO", "NO HABILITADO") -> HABILITADO | P25: 11 | Q25: Diseño, suministro, programación y puesta en marcha del sistema fotovoltaico interconectado a la Red para el edificio Crisanto Luque de la Universidad ECCI con una capacidad de 80.6KW | R25: ASISTECONT´S SAS | S25: 13 | T25: 831018 - 811017 - 801015 - 801016 | U25: 320146031 | V25: 409.79 | W25: 0 | X25: =X24+V25*W25 -> 0 | Y25: De conformidad con el numeral 4.1. de los pliegos definitivos no se aportó certificación para acreditar la experiencia adicional puntuable del proponente. Cabe recordar que por ser puntuable, no se aceptan subsanaciones para este tipo de experiencia. | AB25: 11 | AJ25: =AJ24+AH25*AI25 -> 0 | AN25: 11 | AO25: Construcción de redes eléctricas en media y baja tensión en las veredas: Sororia, San miguel, Las Ánimas, Las Nubes, El Diamanete, La esperanza y La Estrella, del municipio de La Jagua de Ibirico, Cesar. | AP25: MUNICIPIO LA JAGUA DE IBIRICO | AQ25: 44 | AR25: 811017 - 831018 - 801016 | AS25: 8657163525 | AT25: 13435.5 | AU25: 0.9 | AV25: =AV24+AT25*AU25 -> 51217.298 | AW25: =IF(AT25*AU25>0,"HABILITADO", "NO HABILITADO") -> HABILITADO | AY25: 42212 | AZ25: 42365 | BA25: 42212 | BB25: 42365 | BC25: =+(BB25-BA25+1)/365 -> 0.42191781
B26: 12 | C26: Construcción de redes eléctricas de media y baja tensión en las veredas: Nueva Granada y Alto de Las Flores, del municipio de la Jagua de Ibirico, departamento del Cesar | D26: MUNICIPIO LA JAGUA DE IBIRICO | E26: 34 | F26: 811017 - 831018 - 801016 | G26: 4161547795 | H26: 0 | I26: 0 | J26: =J25+H26*I26 -> 51217.298 | K26: =IF(H26*I26>0,"HABILITADO", "NO HABILITADO") -> NO HABILITADO | L26: De conformidad con la nota 7 del numeral 3.2.3. a.1 no podrá ser acumulable la experiencia obtenida en varios proyectos en un mismo periodo de tiempo. Se traslapa completamene con la experiencia 9 | P26: 12 | Q26: Suministro, instalación y puesta en funcionamiento de dos plantas solares fotovoltaicas ON-GRID (interconectadas a la RED) las cuales , a partir de la autogeneración de energía eléctrica aprovechada por la radiación emitida por el sol deben satisfacer parte de la demanda del recurso energético en la sede recreacional y vacacional Campo alegre y Mundo Guarigua con una capacidad instalada de 84.93KW | R26: CAJA SANTANDEREANA DE SUBSIDIO FAMILIAR | S26: 14 | T26: 831018 - 811017 - 801016 | U26: 139822452 | V26: 357.94 | W26: 0 | X26: =X25+V26*W26 -> 0 | Y26: De conformidad con el numeral 4.1. de los pliegos definitivos no se aportó certificación para acreditar la experiencia adicional puntuable del proponente. Cabe recordar que por ser puntuable, no se aceptan subsanaciones para este tipo de experiencia. | AB26: 12 | AJ26: =AJ25+AH26*AI26 -> 0 | AN26: 12 | AO26: Construcción de redes eléctricas de media y baja tensión en las veredas: Nueva Granada y Alto de Las Flores, del municipio de la Jagua de Ibirico, departamento del Cesar | AP26: MUNICIPIO LA JAGUA DE IBIRICO | AQ26: 34 | AR26: 811017 - 831018 - 801016 | AS26: 4161547795 | AT26: 0 | AU26: 0 | AV26: =AV25+AT26*AU26 -> 51217.298 | AW26: =IF(AT26*AU26>0,"HABILITADO", "NO HABILITADO") -> NO HABILITADO | AX26: De conformidad con la nota 7 del numeral 3.2.3. a.1 no podrá ser acumulable la experiencia obtenida en varios proyectos en un mismo periodo de tiempo. Se traslapa completamene con la experiencia 9 | AY26: 41619 | AZ26: 41862 | BA26: 41619 | BB26: 41862 | BC26: 0
B27: 13 | C27: Construcción de redes eléctricas de media y baja tensión en las veredas: Nueva Granada y Alto de Las Flores, del municipio de la Jagua de Ibirico, departamento del Cesar | D27: MUNICIPIO LA JAGUA DE IBIRICO | E27: 112 | F27: 811017 - 831018 | G27: 4161547795 | H27: 0 | I27: 0 | J27: =J26+H27*I27 -> 51217.298 | K27: =IF(H27*I27>0,"HABILITADO", "NO HABILITADO") -> NO HABILITADO | L27: De conformidad con la nota 7 del numeral 3.2.3. a.1 no podrá ser acumulable la experiencia obtenida en varios proyectos en un mismo periodo de tiempo. Se traslapa completamene con la experiencia 9 | P27: 13 | Q27: Suministro, instalación y puesta en funcionamiento de dos plantas solares fotovoltaicas ON-GRID (interconectadas a la RED) las cuales , a partir de la autogeneración de energía eléctrica aprovechada por la radiación emitida por el sol deben satisfacer parte de la demanda del recurso energético en la sede recreacional y vacacional Campo alegre y Mundo Guarigua con una capacidad instalada de 84.93KW | R27: CAJA SANTANDEREANA DE SUBSIDIO FAMILIAR | S27: 15 | T27: 831018 - 811017 - 801015 - 801016 | U27: 441218475 | V27: 532.8 | W27: 0 | X27: =X26+V27*W27 -> 0 | Y27: De conformidad con el numeral 4.1. de los pliegos definitivos no se aportó certificación para acreditar la experiencia adicional puntuable del proponente. Cabe recordar que por ser puntuable, no se aceptan subsanaciones para este tipo de experiencia. | AB27: 13 | AJ27: =AJ26+AH27*AI27 -> 0 | AN27: 13 | AO27: Construcción de redes eléctricas de media y baja tensión en las veredas: Nueva Granada y Alto de Las Flores, del municipio de la Jagua de Ibirico, departamento del Cesar | AP27: MUNICIPIO LA JAGUA DE IBIRICO | AQ27: 112 | AR27: 811017 - 831018 | AS27: 4161547795 | AT27: 0 | AU27: 0 | AV27: =AV26+AT27*AU27 -> 51217.298 | AW27: =IF(AT27*AU27>0,"HABILITADO", "NO HABILITADO") -> NO HABILITADO | AX27: De conformidad con la nota 7 del numeral 3.2.3. a.1 no podrá ser acumulable la experiencia obtenida en varios proyectos en un mismo periodo de tiempo. Se traslapa completamene con la experiencia 9 | AY27: 41619 | AZ27: 41862 | BA27: 41619 | BB27: 41862 | BC27: 0
B28: 14 | P28: 14 | Q28: Diseño, suministro, instalación y puesta en marcha de sistema de iluminación LED con energía solar Fotovoltaico para el parque Memorial Jardines de la Colina-fase 2. | R28: JARDINES LA COLINA LTDA | S28: 17 | T28: 831018 - 811017 - 801016 | U28: 58005669 | V28: 74.24 | W28: 0 | X28: =X27+V28*W28 -> 0 | Y28: De conformidad con el numeral 4.1. de los pliegos definitivos no se aportó certificación para acreditar la experiencia adicional puntuable del proponente. Cabe recordar que por ser puntuable, no se aceptan subsanaciones para este tipo de experiencia. | AB28: 14 | AJ28: =AJ27+AH28*AI28 -> 0 | BB28: TOTAL AÑOS DE EXPERIENCIA | BC28: =SUM(BC15:BC27) -> 6.3123288
B29: 15 | P29: 15 | Q29: Diseño e instalación para proyecto de 7KWP interconectado a la red. | R29: LIPA SOLUCIONES INTEGRALES SAS | S29: 18 | T29: 831018 - 811017 - 801016 | U29: 19104954 | V29: 24.45 | W29: 0 | X29: =X28+V29*W29 -> 0 | Y29: De conformidad con el numeral 4.1. de los pliegos definitivos no se aportó certificación para acreditar la experiencia adicional puntuable del proponente. Cabe recordar que por ser puntuable, no se aceptan subsanaciones para este tipo de experiencia. | AB29: 15 | AJ29: =AJ28+AH29*AI29 -> 0
B30: 16 | P30: 16 | Q30: Diseño, suministro e instalación y puesta en marcha de sistema solar fotovoltaico OFF-GRID / GRID BACKUP que proveerá energía eléctrica las 24 horas a la bocatoma, iluminación exterior LED , iluminación interior LED , casetas de vigilancia, en proyecto Triangulo el Tolima, con una capacidad instalada de 6.36KWP+800Ah@48V. | R30: CONSORCIO EL TRIANGULO | S30: 20 | T30: 831018 - 811017 - 801016 | U30: 105333682 | V30: 134.82 | W30: 0 | X30: =X29+V30*W30 -> 0 | Y30: De conformidad con el numeral 4.1. de los pliegos definitivos no se aportó certificación para acreditar la experiencia adicional puntuable del proponente. Cabe recordar que por ser puntuable, no se aceptan subsanaciones para este tipo de experiencia. | AB30: 16 | AJ30: =AJ29+AH30*AI30 -> 0
B31: 17 | P31: 17 | Q31: Suministro, diseño e instalación de sistema solar fotovoltaico para la casa 21 Conjunto Campestre residencial Nutibara con una capacidad de 840W | R31: ROMANICO ARQUITECTOS CONSTRUCTORES LTDA | S31: 23 | T31: 831018 - 811017 - 801015 - 801016 | U31: 9578011 | V31: 12.19 | W31: 0 | X31: =X30+V31*W31 -> 0 | Y31: De conformidad con el numeral 4.1. de los pliegos definitivos no se aportó certificación para acreditar la experiencia adicional puntuable del proponente. Cabe recordar que por ser puntuable, no se aceptan subsanaciones para este tipo de experiencia. | AB31: 17 | AJ31: =AJ30+AH31*AI31 -> 0
B32: 18 | P32: 18 | Q32: Suministro, diseño e instalación de sistema solar fotovoltaico para la casa 14 Conjunto Campestre residencial Nutibara con una capacidad de 840W | R32: ROMANICO ARQUITECTOS CONSTRUCTORES LTDA | S32: 25 | T32: 831018 - 811017 - 801016 | U32: 9578011 | V32: 12.25 | W32: 0 | X32: =X31+V32*W32 -> 0 | Y32: De conformidad con el numeral 4.1. de los pliegos definitivos no se aportó certificación para acreditar la experiencia adicional puntuable del proponente. Cabe recordar que por ser puntuable, no se aceptan subsanaciones para este tipo de experiencia. | AB32: 18 | AJ32: =AJ31+AH32*AI32 -> 0
B33: 19 | P33: 19 | Q33: Suministro, diseño e instalación de sistema solar fotovoltaico para la casa 1 Conjunto Campestre residencial Nutibara con una capacidad de 840W | R33: ROMANICO ARQUITECTOS CONSTRUCTORES LTDA | S33: 26 | T33: 831018 - 811017 - 801016 | U33: 9578011 | V33: 12.26 | W33: 0 | X33: =X32+V33*W33 -> 0 | Y33: De conformidad con el numeral 4.1. de los pliegos definitivos no se aportó certificación para acreditar la experiencia adicional puntuable del proponente. Cabe recordar que por ser puntuable, no se aceptan subsanaciones para este tipo de experiencia. | AB33: 19 | AJ33: =AJ32+AH33*AI33 -> 0
B34: 20 | P34: 20 | X34: =X33+V34*W34 -> 0 | AB34: 20 | AJ34: =AJ33+AH34*AI34 -> 0
B35: 21 | P35: 21 | X35: =X34+V35*W35 -> 0 | AB35: 21 | AJ35: =AJ34+AH35*AI35 -> 0
B36: 22 | P36: 22 | X36: =X35+V36*W36 -> 0 | AB36: 22 | AJ36: =AJ35+AH36*AI36 -> 0
B37: 23 | P37: 23 | X37: =X36+V37*W37 -> 0 | AB37: 23 | AJ37: =AJ36+AH37*AI37 -> 0
B38: 24 | P38: 24 | X38: =X37+V38*W38 -> 0 | AB38: 24 | AJ38: =AJ37+AH38*AI38 -> 0
B39: 25 | P39: 25 | X39: =X38+V39*W39 -> 0 | AB39: 25 | AJ39: =AJ38+AH39*AI39 -> 0
B40: 26 | P40: 26 | X40: =X39+V40*W40 -> 0 | AB40: 26 | AJ40: =AJ39+AH40*AI40 -> 0
B41: 27 | P41: 27 | X41: =X40+V41*W41 -> 0 | AB41: 27 | AJ41: =AJ40+AH41*AI41 -> 0
B42: 28 | P42: 28 | X42: =X41+V42*W42 -> 0 | AB42: 28 | AJ42: =AJ41+AH42*AI42 -> 0
B43: 29 | P43: 29 | X43: =X42+V43*W43 -> 0 | AB43: 29 | AJ43: =AJ42+AH43*AI43 -> 0
B44: 30 | P44: 30 | X44: =X43+V44*W44 -> 0 | AB44: 30 | AJ44: =AJ43+AH44*AI44 -> 0
B45: 31 | P45: 31 | X45: =X44+V45*W45 -> 0 | AB45: 31 | AJ45: =AJ44+AH45*AI45 -> 0
... B68: 54 | P68: 54 | X68: =X67+V68*W68 -> 0 | AB68: 54 | AJ68: =AJ67+AH68*AI68 -> 0
B69: TOTAL | P69: TOTAL | V69: =SUM(V15:V68) -> 2741.32 | X69: =IF(MAX(X15:X68)>=H7*0.5,MAX(X15:X68),0) -> 0 | AB69: TOTAL | AH69: =SUM(AH15:AH68) -> 56.89 | AJ69: =IF(MAX(AJ15:AJ68)>=H7*0.5,MAX(AJ15:AJ68),0) -> 0
D76: EXPERIENCIA DEL EQUIPO DE TRABAJO
C79: NOMBRE DEL PROPONENTE: | E79: =H5 -> CONSORCIO SOLAR ZNI
C80: NOMBRE DEL PROFESIONAL | E80: MIRIAM GLADYS ARIAS GONZALEZ
C81: CARGO EN EL EQUIPO DE TRABAJO | E81: DIRECTOR DE INTERVENTORIA
C83: RELACIÓN EXPERIENCIA PROFESIONAL HABILITANTE
D84: ETAPA PREVIA ___x__ ETAPA DE INSTALACIÓN___x___
C86: EXPERIENCIA HABILITANTE DIRECTOR DE INTERVENTORIA (ANEXO 4) | N86: EXPERIENCIA CALIFICABLE DIRECTOR DE INTERVENTORIA (ANEXO 5)
C87: NOMBRE DEL PROYECTO | D87: ENTIDAD CONTRATANTE O EMPLEADORA | E87: CARGO OCUPADO | F87: FUNCIONES DESEMPEÑADAS | G87: FECHA DE INICIO | H87: FECHA DE RETIRO | I87: DURACIÓN EN DIAS | J87: DURACIÓN EN MESES | K87: OBSERVACIONES | L87: SUBSANACIÓN | N87: NOMBRE DEL PROYECTO | O87: ENTIDAD CONTRATANTE O EMPLEADORA | P87: CARGO OCUPADO | Q87: FUNCIONES DESEMPEÑADAS | R87: FECHA DE INICIO | S87: FECHA DE RETIRO | T87: DURACIÓN EN DIAS | U87: DURACIÓN EN MESES | V87: OBSERVACIONES | W87: SUBSANACIÓN | Y87: ESTUDIOS DIRECTOR | Z87: Puntaje Máximo
B88: 1 | C88: Construccion de Red Electrica en casas sistema aporticado y mamposteria tradicional y losas de concreto armado. | D88: SIELCO INGENIERIA Y OBRAS S.A.S. | E88: Directora de Proyecto | F88: Construccion de Red Electrica encasas sistema aporticado y mamposteria tradicional y losas de concreto armado. Algunas actividades desarrolladas : * Montaje de 100Mts de red secundaria canalizada, cinco barrajes premoldeados de cuatro * Construccion de instalaciones electricas internas residenciales de 17 casas ( tableros de distribucion , canchado, instalacion de tiuberia y cajas alambrado , isntalaciones de aparatos electricos , acometidas camara secundaria a medidor y de mediodor a tablero general. | G88: 43469 | H88: 43676 | I88: =H88-G88+1 -> 208 | J88: =+I88/30 -> 6.9333333 | L88: De acuerdo con la información aportada por el CONSORCIO ZNI - se realiza el respectivo análisis y ajuste al tiempo de la experiencia laboral para el profesional. | M88: 1 | N88: DG-053-2016 | O88: GONZALEZ PEÑA INGENIERIA SAS | P88: Directora de Proyecto | Q88: Dirección de la ejecución de las actividades de orden técnico, ambiental, de contratación de_x000D_ personal y financieras de proyecto, Validación de las cantidades de obra, Preparación de informes,_x000D_ consolidación de cifras de ejecución de obra, entre otras. | R88: 42385 | S88: 43434 | T88: =S88-R88+1 -> 1050 | U88: =+T88/30 -> 35 | V88: NO Presenta soporte en el pdf de los certificados calificables y tampoco el soporte laboral en el pdf de habilitable | W88: De acuerdo con las observaciones del CONSORCIO ZNI, se realiza nuevamente la verificación del certificado de experiencia laboral y se ajusta en el excel. | Y88: Estudios de posgrado mínimo a nivel de especialización en: administración de empresas, o gerencia o gestión de proyectos, o gerencia de proyectos o gerencia de empresas de energía o alta gerencia o en Fuentes no Convencionales de Energía o en Energías alternativas. | Z88: 0
B89: 2 | C89: DIRECTORA DE PROYECTO en la obra de Infraestructura Energética ZNI-IPSE (Municipios de Bolívar Caquetá, Cauca, Choco, Guainía, Guaviare, Nariño, Putumayo, Vaupés y Vichada, en convenio con la Corporación Interuniversitaria de Servicios. | D89: CORPORACION INTERUNIVERSITARIA DE SERVICIOS | E89: Directora de Proyecto | F89: Dirigir los diferentes frentes de obra en los aspectos técnicos, económicos, SST, ambientales y financieros del proyecto. Cumplimiento de la Normatividad técnica, Calidad de materiales, Control de la ejecución Presupuestada. Verificación de Cantidades de Obra | G89: 41375 | H89: 41728 | I89: =H89-G89+1 -> 354 | J89: =+I89/30 -> 11.8 | K89: * Se ajusta la fecha de inicio el contrato de acuerdo a la certificación laboral. | L89: De acuerdo con la información aportada por el CONSORCIO ZNI - se realiza el respectivo análisis y ajuste al tiempo de la experiencia laboral para el profesional. | M89: 2 | T89: =S89-R89 -> 0 | U89: 0 | Y89: Contar adicionalmente con estudios en la modalidad de posgrado mínimo a nivel de especialización en: | Z89: 1
B90: 3 | C90: CONSTRUCCIÓN DE REDES DEL SISTEMA INTEGRAL DOMICILIARIA (SID) ASOCIADA AL CAMBIO DE REDES ELÉCTRICAS EN EL ÁREA URBANA Y RURAL DE LOS MUNICIPIOS DONDE CHEC S.A E.S.P PRESTA EL SERVICIO DE ENERGÍA, GRUPO III | D90: SERVITRONICA S.A.S. | E90: Directora de Proyecto | F90: Verificación y validación de las cantidades de obra, velar por el cumplimiento de la normatividad técnica vigente, Control de la Ejecución Presupuestal. Entre Otras | G90: 40057 | H90: 40574 | I90: =H90-G90+1 -> 518 | J90: =+I90/30 -> 17.266667 | L90: De acuerdo con la información aportada por el CONSORCIO ZNI - se realiza el respectivo análisis y ajuste al tiempo de la experiencia laboral para el profesional. | M90: 3 | T90: =S90-R90 -> 0 | U90: =+T90/30 -> 0 | Y90: INGENIERÍA ELÉCTRICA CON ENFASIS EN SISTEMAS DE DISTRIBUCIÓN ó
B91: 4 | I91: =H91-G91 -> 0 | J91: =+I91/30 -> 0 | M91: 4 | T91: =S91-R91 -> 0 | U91: =+T91/30 -> 0 | Y91: EN SISTEMAS DE DISTRIBUCIÓN Y TRASMISIÓN DE ENERGÍA ELÉCTRICA ó
B92: 5 | I92: =H92-G92 -> 0 | J92: =+I92/30 -> 0 | M92: 5 | T92: =S92-R92 -> 0 | U92: =+T92/30 -> 0 | Y92: EN SISTEMAS DE DISTRIBUCION DE ENERGÍA ELÉCTRICA ó
B93: 6 | I93: =H93-G93 -> 0 | J93: =+I93/30 -> 0 | M93: 6 | T93: =S93-R93 -> 0 | U93: =+T93/30 -> 0 | Y93: EN SISTEMAS DE TRASMISIÓN Y DISTRIBUCIÓN DE ENERGÍA ELÉCTRICA ó
B94: 7 | I94: =H94-G94 -> 0 | J94: =+I94/30 -> 0 | M94: 7 | T94: =S94-R94 -> 0 | U94: =+T94/30 -> 0 | Y94: EN SISTEMAS DE TRASMISIÓN DE ENERGÍA ELÉCTRICA ó
B95: 8 | I95: =H95-G95 -> 0 | J95: =+I95/30 -> 0 | M95: 8 | T95: =S95-R95 -> 0 | U95: =+T95/30 -> 0 | Y95: EN INGENIERÍA ELÉCTRICA. ó
B96: 9 | I96: =H96-G96 -> 0 | J96: =+I96/30 -> 0 | M96: 9 | T96: =S96-R96 -> 0 | U96: =+T96/30 -> 0 | Y96: SISTEMAS DE POTENCIA O SISTEMAS DE TRANSMISIÓN Y DISTRIBUCIÓN ELÉCTRICA. ó
B97: 10 | I97: =H97-G97 -> 0 | J97: =+I97/30 -> 0 | M97: 10 | T97: =S97-R97 -> 0 | U97: =+T97/30 -> 0
B98: 11 | I98: =H98-G98 -> 0 | J98: =+I98/30 -> 0 | M98: 11 | T98: =S98-R98 -> 0 | U98: =+T98/30 -> 0
B99: 12 | I99: =H99-G99 -> 0 | J99: =+I99/30 -> 0 | M99: 12 | T99: =S99-R99 -> 0 | U99: =+T99/30 -> 0
C100: TOTALES | I100: =SUM(I88:I99) -> 1080 | J100: =SUM(J88:J99) -> 36 | N100: TOTALES | T100: =SUM(T88:T99) -> 1050 | U100: =SUM(U88:U99) -> 35
AC101: OBSERVACIONES
J102: =IF(J100>=36,"HABILITADO","NO HABILITADO") -> HABILITADO | T102: PUNTAJE | U102: =IF(U100>24,15,IF(U100>=18,10,IF(U100>=12,8,0))) -> 15 | Y102: PUNTAJE | Z102: 1 | AC102: Especialista en Ingeniería eléctrica con énfases en sistemas de distribución
C108: NOMBRE DEL PROFESIONAL | E108: JORGE ECCEHOMO TORRES CORREA
C109: CARGO EN EL EQUIPO DE TRABAJO | E109: INGENIERO ELECTRICISTA RESIDENTE DE INTERVENTORIA
C111: RELACIÓN EXPERIENCIA PROFESIONAL HABILITANTE PROFESIONAL 1
D112: ETAPA PREVIA ___x__ ETAPA DE INSTALACIÓN____x__
C114: EXPERIENCIA HABILITANTE INGENIERO RESIDENTE (ANEXO 4) | N114: EXPERIENCIA CALIFICABLE DIRECTOR DE INTERVENTORIA (ANEXO 5)
C115: NOMBRE DEL PROYECTO | D115: ENTIDAD CONTRATANTE O EMPLEADORA | E115: CARGO OCUPADO | F115: FUNCIONES DESEMPEÑADAS | G115: FECHA DE INICIO | H115: FECHA DE RETIRO | I115: DURACIÓN EN DIAS | J115: DURACIÓN EN MESES | K115: OBSERVACIONES | N115: NOMBRE DEL PROYECTO | O115: ENTIDAD CONTRATANTE O EMPLEADORA | P115: CARGO OCUPADO | Q115: FUNCIONES DESEMPEÑADAS | R115: FECHA DE INICIO | S115: FECHA DE RETIRO | T115: DURACIÓN EN DIAS | U115: DURACIÓN EN MESES | V115: OBSERVACIONES | Y115: ESTUDIOS RESIDENTE | Z115: Puntaje Máximo
B116: 1 | D116: GESTION Y DISEÑOS ELECTRICOS S.A. | E116: Interventor | F116: Labores de interventoría a las actividades de revisión de diseños, montajes, pruebas y puesta en servicio de la Subestación Castalia (Garzón II) y líneas 34,5 KV y 13,8 KV asociados.. | G116: 43035 | H116: 43262 | I116: =H116-G116+1 -> 228 | J116: =+I116/30 -> 7.6 | M116: 1 | O116: ELECTRIFICADORA DEL META S.A. E.S.P | P116: Ingeniero Residente | Q116: Apoyo profesional de un ingeniero electricista, para supervisar y establecer parámetros de seguimiento y control, en proyectos de construcción, interventorías e ingeniería en diseño, tramite de servidumbres y realizar los informes requeridos por el Ministerio de Minas y Energía, Gerencia de Distribución y Junta Directiva de EMSA, de las obras que ejecute la Electrificadora del Meta S.A. E.S.P. | R116: 42366 | S116: 42548 | T116: =S116-R116+1 -> 183 | U116: =+T116/30 -> 6.1 | Y116: Si tiene estudios de posgrado mínimo a nivel de especialización en: Fuentes no Convencionales de Energía o en Energías alternativas. | Z116: 0
B117: 2 | D117: POLESIA S.A. | E117: Director de Proyectos | F117: * Estudios de ingeniería, diseños eléctricos y de instrumentación, tendido de Redes Eléctricas de Media y Baja Tensión, Alumbrado Exterior, Subestaciones Eléctricas de Media Tensión, tendido de bandejas porta cables, cables de fuerza y control, conexionado de motores y elementos de campo, montaje y conexionado de MCCS y PLC, en la ampliación de la planta de Cementos CINA en Puerto Príncipe, Haití. * Recuperación, adecuación, mantenimiento, modernización, montaje e instalación de equipos eléctricos y de instrumentación, instalación de bandejas, tendidos de redes eléctricas aéreas y subterráneas en Media Tensión y Baja Tensión, Subestaciones Eléctricas en Media Tensión, tendidos de cables de fuerza y control, Torre precalentadora, molino de carbón, electro filtro en la ampliación de la planta de cementos Cibao, en Santiago de los caballeros. | G117: 39204 | H117: 40451 | I117: =H117-G117+1 -> 1248 | J117: =+I117/30 -> 41.6 | K117: * CERTIFICACIÓN de empresa Extranjeta | M117: 2 | O117: OMICRON INGENIEROS ASOCIADOS LTDA | P117: Jefe de Diseño | Q117: Jefe de diseño, presupuestos, control, programación de obra de los proyectos de instalaciones eléctricas, telefónicas y de comunicaciones, así como redes eléctricas, en media y baja tensión, subestaciones, armarios de contadores. | R117: 31427 | S117: 35445 | T117: =S117-R117+1 -> 4019 | U117: =+T117/30 -> 133.96667 | Y117: Si tiene estudios de posgrado mínimo a nivel de especialización en: | Z117: 0
B118: 3 | D118: J.E. JAIMES INGENIEROS CxA. | E118: Director de Proyectos Eléctricos | F118: Diseño y construcción de instalaciones eléctricas, redes eléctricas de Media, Baja Tensión y Alumbrado Publico, Subestaciones eléctricas de MT y tableros de BT. | G118: 37309 | H118: 39202 | I118: =H118-G118+1 -> 1894 | J118: =+I118/30 -> 63.133333 | K118: * CERTIFICACIÓN de empresa Extranjeta | M118: 3 | T118: =S118-R118 -> 0 | U118: =+T118/30 -> 0 | Y118: · INGENIERÍA ELÉCTRICA CON ENFASIS EN SISTEMAS DE DISTRIBUCIÓN ó
B119: 4 | I119: =H119-G119 -> 0 | J119: =+I119/30 -> 0 | M119: 4 | T119: =S119-R119 -> 0 | U119: =+T119/30 -> 0 | Y119: · EN SISTEMAS DE DISTRIBUCIÓN Y TRASMISIÓN DE ENERGÍA ELÉCTRICA ó
B120: 5 | I120: =H120-G120 -> 0 | J120: =+I120/30 -> 0 | M120: 5 | T120: =S120-R120 -> 0 | U120: =+T120/30 -> 0 | Y120: · EN SISTEMAS DE DISTRIBUCION DE ENERGÍA ELÉCTRICA ó
B121: 6 | I121: =H121-G121 -> 0 | J121: =+I121/30 -> 0 | M121: 6 | T121: =S121-R121 -> 0 | U121: =+T121/30 -> 0 | Y121: · EN SISTEMAS DE TRASMISIÓN Y DISTRIBUCIÓN DE ENERGÍA ELÉCTRICA ó
B122: 7 | I122: =H122-G122 -> 0 | J122: =+I122/30 -> 0 | M122: 7 | T122: =S122-R122 -> 0 | U122: =+T122/30 -> 0 | Y122: · EN SISTEMAS DE TRASMISIÓN DE ENERGÍA ELÉCTRICA ó
B123: 8 | I123: =H123-G123 -> 0 | J123: =+I123/30 -> 0 | M123: 8 | T123: =S123-R123 -> 0 | U123: =+T123/30 -> 0 | Y123: · EN INGENIERÍA ELÉCTRICA. ó
B124: 9 | I124: =H124-G124 -> 0 | J124: =+I124/30 -> 0 | M124: 9 | T124: =S124-R124 -> 0 | U124: =+T124/30 -> 0 | Y124: · SISTEMAS DE POTENCIA O SISTEMAS DE TRANSMISIÓN Y DISTRIBUCIÓN ELÉCTRICA. ó
B125: 10 | I125: =H125-G125 -> 0 | J125: =+I125/30 -> 0 | M125: 10 | T125: =S125-R125 -> 0 | U125: =+T125/30 -> 0
B126: 11 | I126: =H126-G126 -> 0 | J126: =+I126/30 -> 0 | M126: 11 | T126: =S126-R126 -> 0 | U126: =+T126/30 -> 0
B127: 12 | I127: =H127-G127 -> 0 | J127: =+I127/30 -> 0 | M127: 12 | T127: =S127-R127 -> 0 | U127: =+T127/30 -> 0
C128: TOTALES | I128: =SUM(I116:I127) -> 3370 | J128: =SUM(J116:J127) -> 112.33333 | N128: TOTALES | T128: =SUM(T116:T127) -> 4202 | U128: =SUM(U116:U127) -> 140.06667
AC129: OBSERVACIONES
J130: =IF(J128>=36,"HABILITADO","NO HABILITADO") -> HABILITADO | T130: PUNTAJE | U130: =IF(U128>12,13,IF(U128>6,8,0)) -> 13 | Y130: PUNTAJE | Z130: 0 | AC130: Sin soporte de estudios de Postgrados

Sheet Oferente 12
C2: EXPERIENCIA DEL PROPONENTE
C5: NOMBRE DEL OFERENTE | H5: INTERFAZNI E&P
C7: PRESUPUESTO DEL LOTE MÁXIMO AL QUE PARTICIPAN (en SMMLV) | H7: 1453.2903
C8: VALOR 30% | H8: =H7*0.3 -> 435.9871
C9: VALOR REQUERIDO EN SMMLV
C11: contar con 5 años de experiencia en interventoría o en la construcción y montaje de proyectos del sector eléctrico, de los cuales como mínimo debe incluir un (1) año de experiencia específica en proyectos de generación o distribución de energía eléctrica, cuya sumatoria se igual o superior al 30% del valor del mayor lote ofertado | J11: =IF(BB18>=5,"HABILITA: CUENTA CON MÁS DE 5 AÑOS","NO HABILITA POR TIEMPO") -> HABILITA: CUENTA CON MÁS DE 5 AÑOS | AV11: =IF(BB18>=5,"HABILITA: CUENTA CON MÁS DE 5 AÑOS","NO HABILITA POR TIEMPO") -> HABILITA: CUENTA CON MÁS DE 5 AÑOS
C13: CONTRATOS DE EXPERIENCIA MÍNIMA PARA HABILITARSE (ANEXO 7) | Q13: CONTRATOS QUE ACREDITAN EXPERIENCIA EN FOTOVOLTAICO (ANEXO 8) | AB13: CONTRATOS QUE ACREDITAN EXPERIENCIA ADICIONAL EN ELECTRICOS NO FOTOVOLTAICO (ANEXO 8) | AN13: CONTRATOS DE EXPERIENCIA MÍNIMA PARA HABILITARSE (ANEXO 7)
C14: OBJETO DEL CONTRATO | D14: ENTIDAD CONTRATANTE O EMPLEADORA | E14: CONSECUTIVO EN EL RUP | F14: CODIGO UNSPSC | G14: VALOR CONTRATO | H14: VALOR DEL CONTRATO TOTAL EN SMMLV | I14: % PARTICIPACIÓN CONSORCIO | J14: ACUMULADO SMMLV | K14: HABILITADO | L14: OBSERVACIONES | M14: CÓDIGO UNSPSC | N14: NOMBRE | Q14: OBJETO DEL CONTRATO | R14: ENTIDAD CONTRATANTE O EMPLEADORA | S14: CONSECUTIVO EN EL RUP | T14: CODIGO UNSPSC | U14: VALOR CONTRATO | V14: VALOR DEL CONTRATO TOTAL EN SMMLV | W14: % PARTICIPACIÓN CONSORCIO | X14: ACUMULADO SMMLV | Y14: OBSERVACIONES | AB14: OBJETO DEL CONTRATO | AC14: ENTIDAD CONTRATANTE O EMPLEADORA | AD14: CONSECUTIVO EN EL RUP | AE14: CODIGO UNSPSC | AF14: VALOR CONTRATO | AG14: VALOR DEL CONTRATO TOTAL EN SMMLV | AH14: % PARTICIPACIÓN CONSORCIO | AI14: ACUMULADO SMMLV | AJ14: OBSERVACIONES | AN14: OBJETO DEL CONTRATO | AO14: ENTIDAD CONTRATANTE O EMPLEADORA | AP14: CONSECUTIVO EN EL RUP | AQ14: CODIGO UNSPSC | AR14: VALOR CONTRATO | AS14: VALOR DEL CONTRATO TOTAL EN SMMLV | AT14: % PARTICIPACIÓN CONSORCIO | AU14: ACUMULADO SMMLV | AV14: HABILITADO | AW14: OBSERVACIONES | AX14: FECHA DE INICIO ORIGINAL | AY14: FECHA FIN ORIGINAL | AZ14: FECHA DE INICIO AJUSTE TRASLAPOS | BA14: FECHA FIN AJUSTE TRASLAPOS | BB14: AÑOS DE EXPERIENCIA
B15: 1 | C15: Asistencia técnica de control y vigilinacia de la obra: "Remodelación del sistema eléctrico aeroportuario. Base aérea abierta al tráfico civil de Matacán. | D15: AENA AEROPUERTOS | E15: 34 | F15: 80101500-80101600-83101800 | G15: 926956857 | H15: 1636.71 | I15: 0.5 | J15: =H15*I15 -> 818.355 | K15: =IF(H15*I15>0,"HABILITADO", "NO HABILITADO") -> HABILITADO | M15: 80101500 | N15: Servicios de consultoría y administración corporativa | P15: 1 | X15: =V15*W15 -> 0 | AA15: 1 | AB15: Asistencia técnica de control y vigilancia de la obra: "Ampliación plataforma sur - Aeropuerto de A Coruña." | AC15: AENA AEROPUERTOS | AD15: 1 | AE15: 80101500 80101600 83101800 | AF15: 1.1543719e+09 | AG15: 2241.49 | AH15: 1 | AI15: =+AH15*AG15 -> 2241.49 | AM15: 1 | AN15: Asistencia técnica de control y vigilinacia de la obra: "Remodelación del sistema eléctrico aeroportuario. Base aérea abierta al tráfico civil de Matacán. | AO15: AENA AEROPUERTOS | AP15: 34 | AQ15: 80101500-80101600-83101800 | AR15: 926956857 | AS15: 1635.71 | AT15: 0.5 | AU15: =AS15*AT15 -> 817.855 | AV15: =IF(AS15*AT15>0,"HABILITADO", "NO HABILITADO") -> HABILITADO | AX15: 39965 | AY15: 41032 | AZ15: 39965 | BA15: 41032 | BB15: =+(BA15-AZ15+1)/365 -> 2.9260274
B16: 2 | C16: Consultoría y asistencia para el control del proyecto, obra y mantenimiento de la linea aérea de contacto y sistemas asociadosde calefacción de agujas y suministro de energía a otras intalaciones de la línea de alta velocidad Madrid - Zaragoza- Barcelona - Frontera Francesa. Tramo: Lleida Barcelona." | D16: ADIF - ADMINISTRACION DE INFRAESTRUCTURAS FERROVIARIAS | E16: 35 | F16: 80101500-80101600-83101800 | G16: 9493331900 | H16: 20570.6 | I16: 0.5 | J16: =J15+H16*I16 -> 11103.655 | K16: =IF(H16*I16>0,"HABILITADO", "NO HABILITADO") -> HABILITADO | M16: 80101600 | N16: Servicios de consultoría y administración corporativa | P16: 2 | X16: =X15+V16*W16 -> 0 | AA16: 2 | AB16: ASISTENTA TECNICA DE CONTROL Y VIGILANCIA DE LA OBRA: "APARCAMIENTOS P-1 Y P-2, URBANIZACION Y BOLSA DE REMOROS.- AEROPUERTO DE GIRONA | AC16: AENA AEROPUERTOS | AD16: 2 | AE16: 80101500 80101600 83101800 | AF16: 1208802335 | AG16: 2619.29 | AH16: 1 | AI16: =AI15+AH16*AG16 -> 4860.78 | AM16: 2 | AN16: Consultoría y asistencia para el control del proyecto, obra y mantenimiento de la linea aérea de contacto y sistemas asociadosde calefacción de agujas y suministro de energía a otras intalaciones de la línea de alta velocidad Madrid - Zaragoza- Barcelona - Frontera Francesa. Tramo: Lleida Barcelona." | AO16: ADIF - ADMINISTRACION DE INFRAESTRUCTURAS FERROVIARIAS | AP16: 35 | AQ16: 80101500-80101600-83101800 | AR16: 9493331900 | AS16: 20570.6 | AT16: 0.5 | AU16: =AU15+AS16*AT16 -> 11103.155 | AV16: =IF(AS16*AT16>0,"HABILITADO", "NO HABILITADO") -> HABILITADO | AX16: 37700 | AY16: 39711 | AZ16: 37700 | BA16: 39711 | BB16: =+(BA16-AZ16+1)/365 -> 5.5123288
B17: 3 | M17: 81101500 | N17: Ingenieria Civil y arquitectura | P17: 3 | X17: =X16+V17*W17 -> 0 | AA17: 3 | AB17: ASISTENCIA TECNICA DE CONTROL Y VIGILANCIA DE LA OBRA: "RECRECIDO Y ADECUACION DE PISTA DE VUELO Y FRANJAS-AEROPUERTO DE VITORIA" | AC17: AENA AEROPUERTOS | AD17: 3 | AE17: 80101500 80101600 83101800 | AF17: 2158709020 | AG17: 4030.45 | AH17: 1 | AI17: =AI16+AH17*AG17 -> 8891.23 | AM17: 3
B18: 4 | M18: 81101700 | N18: Ingeniería Eléctrica y Electrónica | P18: 4 | X18: =X17+V18*W18 -> 0 | AA18: 4 | AB18: ASISTENCIA TECNICA DE CONTROL Y VIGILANCIA DE LA OBRA: "RECRECIDO Y ADECUACION DE PISTA DE VUELO Y FRANJAS-AEROPUERTO DE VITORIA" | AC18: AENA AEROPUERTOS | AD18: 4 | AE18: 80101500 80101600 83101800 | AF18: 1100583016 | AG18: 2054.86 | AH18: 0.5 | AI18: =AI17+AH18*AG18 -> 9918.66 | AM18: 4 | BA18: TOTAL AÑOS DE EXPERIENCIA | BB18: =SUM(BB15:BB16) -> 8.4383562
B19: 5 | M19: 83101800 | N19: Servicios Eléctricos | P19: 5 | X19: =X18+V19*W19 -> 0 | AA19: 5 | AB19: ASISTENCIA TECNICA DE CONTROL Y VIGILANCIA DE LA OBRA: "ACTUACIONES DE OBRA CIVIL E INSTALACION DE EDIFICION MODULARES - BASE AEREA DE GETAFE" | AC19: AENA AEROPUERTOS | AD19: 5 | AE19: 80101500 80101600 83101800 | AF19: 585452549 | AG19: 1178.21 | AH19: 1 | AI19: =AI18+AH19*AG19 -> 11096.87 | AM19: 5
B20: 6 | P20: 6 | X20: =X19+V20*W20 -> 0 | AA20: 6 | AB20: ASISTENCIA TECNICA DE CONTROL Y VIGILANCIA DE LA OBRA: "AMPLIACION DE LA T4.-AEROPUERTO DE MADRID-BARAJAS" | AC20: AENA AEROPUERTOS | AD20: 7 | AE20: 80101500 80101600 83101800 | AF20: 642254028 | AG20: 1199.13 | AH20: 1 | AI20: =AI19+AH20*AG20 -> 12296 | AM20: 6
B21: 7 | P21: 7 | X21: =X20+V21*W21 -> 0 | AA21: 7 | AB21: ASISTENCIA TECNICA DE CONTROL Y VIGILANCIA DE LA OBRA: "CTUACIONES PARA LA CATEGORIA II/III" | AC21: AENA AEROPUERTOS | AD21: 8 | AE21: 80101500 80101600 83101800 | AF21: 1125985700 | AG21: 2186.38 | AH21: 1 | AI21: =AI20+AH21*AG21 -> 14482.38 | AM21: 7
B22: 8 | P22: 8 | X22: =X21+V22*W22 -> 0 | AA22: 8 | AB22: CONSULTORIA Y ASISTENCIA PARA EL CONTROL Y VIGILANCIA DE LAS OBRAS DE LA AUTOVIA A-62, EN EL TRAMO: CIUDAD RODRIGO - FUENTES DE OÑORO (PROVINCIA DE SALAMANCA) | AC22: DIRECCION GENERAL DE CARRETERAS DEL MINISTERIO DE FOMENTO | AD22: 13 | AE22: 80101500 80101600 83101800 | AF22: 2770997633 | AG22: 5576.57 | AH22: 1 | AI22: =AI21+AH22*AG22 -> 20058.95 | AM22: 8
B23: 9 | P23: 9 | X23: =X22+V23*W23 -> 0 | AA23: 9 | AB23: CONSULTORIA Y ASISTENCIA PARA EL CONTROL Y VIGILANCIA DE LAS OBRAS DE LA AUTOVIA A-34, EN EL TRAMO: CAMBRILS - VARIANTE DE VILASECA (PROVINCIA DE TARRAGONA) | AC23: DIRECCION GENERAL DE CARRETERAS DEL MINISTERIO DE FOMENTO | AD23: 14 | AE23: 80101500 80101600 83101800 | AF23: 3.5623207e+09 | AG23: 8213.79 | AH23: 1 | AI23: =AI22+AH23*AG23 -> 28272.74 | AM23: 9
B24: 10 | P24: 10 | X24: =X23+V24*W24 -> 0 | AA24: 10 | AB24: ASISTENCIA TECNICA PARA EL CONTROL Y VIGILANCIA DE LAS OBRAS:AUTOVIA A-40. TRAMO: OCAÑA- TARANCON.SUBTRAMO:VILLARUBIA DE SANTIAGO € . SANTA CRUZ DE LA ZARZA. PROVINCIA DE TOLEDO | AC24: DIRECCION GENERAL DE CARRETERAS DEL MINISTERIO DE FOMENTO | AD24: 15 | AE24: 80101500 80101600 83101800 | AF24: 3132689265 | AG24: 5527.95 | AH24: 0.5 | AI24: =AI23+AH24*AG24 -> 31036.715 | AM24: 10
B25: 11 | P25: 11 | X25: =X24+V25*W25 -> 0 | AA25: 11 | AB25: CONSULTORIA Y ASISTENCIA TECNICA PARA EL NUEVO ACCESO FERROVIARIO AL NOROESTE DE ESPAÑA. INFRAESTRUCTURA Y VIA. LINEA DE ALTA VELOCIDAD MADRID - SEGOVIA- VALLADOLID/MEDINA DEL CAMPO. TRAMO. SOTO DEL REAL - SEGOVIA. SUBTERRENO: LOTE 4 | AC25: ADIF - ADMINISTRACION DE INFRAESTRUCTURA FERROVIARIAS | AD25: 17 | AE25: 80101500 80101600 83101800 | AF25: 16519515035 | AG25: 33245.15 | AH25: 0 | AI25: =AI24+AH25*AG25 -> 31036.715 | AJ25: De conformidad con el numeral 4.1. la experiencia adicional aportada por el proponente no cumple con los criterios establecidos por la entidad. No se evidencia interventoría en la construcción o suministro de infraestructura de energía eléctrica. (33.3%) | AM25: 11
B26: 12 | P26: 12 | X26: =X25+V26*W26 -> 0 | AA26: 12 | AB26: ASISTENCIA PARA EL CONTROL Y SEGUIMIENTO DE LAS OBRAS DE PLATAFORMA DEL CORREDOR NORTE-NOROESTE DE ALTA VELOCIDAD. TRAMO: PALENCIA-LEON. SUBTRAMO: POZO DE URAMA-RIO CEA, CUYO PRESUPUESTO ASCIENTE A 83.394.313,20 € Y SIENDO LAS ACTIVIDADES REALIZADAS LAS SIGUIENTES: - ACTIVIDADES PREVIAS: INFORME SOBRE PROYECTOS ADJUDICADOS (REVISION CALCULOS ANALAISIS DE DETALLES CONSTRUCTIVOS, ETC), ANALISIS DEL PLAN DE SEGURIDAD Y SALUD, PROGRAMA Y PROPUESTA SOBRE LA SUPERVISION, CONTROL Y VIGILANCIA DE LAS OBRAS, COMPROBACION DEL REPLANTEO GENERAL DE LA OBRA, APOYO PARA TRAMITACION DE ACCIONES PROPIAS PARA EL INICIO DE OBRA (EXPROPIACIONES, ETC.)- ACTIVIDADES DURANTE LA EJECUCION DE LA OBRA: CONTROLES CUALITATIVO, GEOMETRICO, CUANTITATIVO Y DE PROGRAMACION, ACTIVIDADES DE SEGUIMIENTO ASESORIA Y SUPERVISION. - INFORME FINAL DE LIQUIDACION | AC26: ADIF - ADMINISTRACION DE INFRAESTRUCTURA FERROVIARIAS | AD26: 18 | AE26: 80101500 83101800 | AF26: 5587776180 | AG26: 9478.84 | AH26: 0 | AI26: =AI25+AH26*AG26 -> 31036.715 | AJ26: De conformidad con el numeral 4.1. la experiencia adicional aportada por el proponente no cumple con los criterios establecidos por la entidad. No se evidencia interventoría en la construcción o suministro de infraestructura de energía eléctrica. (100%) | AM26: 12
B27: 13 | P27: 13 | X27: =X26+V27*W27 -> 0 | AA27: 13 | AB27: CONSULTORIA Y ASISTENCIA TECNICA PARA EL CONTROL Y VIGILANCIA DE LAS OBRAS DE LOS PROYECTOS: LINEA MAGALA-FUNGIROLA. AUMENTO DE LA CAPACIDAD Y MEJORA DE LOS ACCEOS AL EROPUERTO DE MAGALA. TRAMOS CAMPAMENTO BENITEZ-BENALMADENA Y DENALMADENA-FUENGIROLA | AC27: DIRECCION GENERAL DE CARRETERAS DEL MINISTERIO DE FOMENTO | AD27: 19 | AE27: 80101500 80101600 831018000 | AF27: 4126907046 | AG27: 9515.58 | AH27: 1 | AI27: =AI26+AH27*AG27 -> 40552.295 | AM27: 13
B28: 14 | P28: 14 | X28: =X27+V28*W28 -> 0 | AA28: 14 | AB28: CONSULTORIA Y ASISTENCIA TECNICA PARA EL CONTROL Y VIGILANCIA DE LAS OBRAS DEL PROYECTO: LINEA TARRAGONA-BARCELONA. INTEGRACION DEL FERROCARRIL EN CORNELLA DE LLOBREGAT (BARCELONA) EN LA ZONA INDUSTRIAL DE ALMEDA, MILLES Y QUILLET | AC28: DIRECCION GENERAL DE CARRETERAS DEL MINISTERIO DE FOMENTO | AD28: 20 | AE28: 80101500 80101600 83101800 | AF28: 1762106780 | AG28: 3546.2 | AH28: 1 | AI28: =AI27+AH28*AG28 -> 44098.495 | AM28: 14
B29: 15 | P29: 15 | X29: =X28+V29*W29 -> 0 | AA29: 15 | AB29: ASISTENCIA PARA EL CONTROL Y VIGILANCIA DE LAS OBRAS: LINEA DE ALTA VELOCIDAD SEVILLA-CADIZ. TRAMO: AEROPUERTO DE JEREZ DE LA FRONTERA-CADIZ. SUBTRAMO: SAN FERNANDO. | AC29: DIRECCION GENERAL DE CARRETERAS DEL MINISTERIO DE FOMENTO | AD29: 21 | AE29: 80101500 80101600 83101800 | AF29: 9254171784 | AG29: 17278.14 | AH29: 0.5 | AI29: =AI28+AH29*AG29 -> 52737.565 | AM29: 15
B30: 16 | P30: 16 | X30: =X29+V30*W30 -> 0 | AA30: 16 | AB30: CONSULTORIA Y ASISTENCIA PARA EL CONTROL Y VIGILANCIA DE LAS OBRAS: EJE ATLANTICO. ADECUACION Y MODERNIZACION DE LA LINEA ZAMORA - A CORUÑA, ENTRE LOS P.K. 385/135. TRAMO: SANTIAGO - OROSO. EXPEDIENTE 200031120. | AC30: DIRECCION GENERAL DE CARRETERAS DEL MINISTERIO DE FOMENTO | AD30: 36 | AE30: 80101500 80101600 83101800 | AF30: 7707528000 | AG30: 18891.2 | AH30: 0 | AI30: =AI29+AH30*AG30 -> 52737.565 | AJ30: De conformidad con el numeral 4.1. la experiencia adicional aportada por el proponente no cumple con los criterios establecidos por la entidad. No se evidencia interventoría en la construcción o suministro de infraestructura de energía eléctrica. (100%) | AM30: 16
B31: 17 | P31: 17 | X31: =X30+V31*W31 -> 0 | AA31: 17 | AB31: 38-S-3600: PROYECTO DE CONSTRUCCION MEJORA DE ESTRUCTURA, REHABILITACION DEL PUNTE METALICO DE 1901. CARRETERA: N-64. PK. 173.7 TRAMO: RIA DEL ASON. PROVIDENCIA DE CANTABRIA. 35-5-4790: PROYECTO DE CONSTRUCCION DE SEGURIDAD VIAL. ADECUACION DE LA SEÑALIZACION ORIENTATIVA EN CARRETERAS CONNVENCIONALES. CLAVE: 35-S-4790. PROVINCIA CANTABRIA. 39-S-4920: RECTIFICACION CARRETERA PUERTO DEL ESCUDO N-623. 39-S-4960: PROYECTO DE CONSTRUCCION PARA LA REDUCCION DE LOS NIVELES SONORIOS. INSTALACION DE PANTALLAS ACUSTICAS EN LAS CARRETERAS A-8, A-67. S-10 (N-635) Y S-20 EN CANTABRIA. 37-5-5560: OBRAS DE ACONDICIONAMIENTO PARA LA MEJORA DE LA SEGURIDAD DE LAS INSTALACIONES DEL PARQUE DE MAQUINARIA DE PEÑACASTILLO, SITUADO EN LA CALLE JOAQUIN SALAS No. 1, (SANTANDER). PROVINCIA DE CANTABRIA. 32-S-5580: PROYECTO DE CONSTRUCCION, SEGURIDAD VIAL, NUEVA ESTRATEGIA DE REHABILITACION DE LOS FIRMES DE TIPO PREVENTIVO. PROVINCIA DE CANTABRIA. 37-S5590: INSTALACION DE SISTEMAS DE ASPERCION DE FUNDENTES Y BARRERAS ANTIVENTISCA. 33-S-5610: SEGURIDAD VIAL, ADECUACION DE LOS SISTEMAS DE CONTENCION DE AUTOVIA A-67, ENTRE LOS P.K. 183+000 A 197+000 A LA ORDEN CIRCULAR 321/95 TYP. TRAMO TORRELAVEGA-SANTA CRUZ BEZANA 39-S-5650: MEJORAS LOCALES. ACTUACIONES DIVERSAS EN DESLIZAMIENTOS E INESTABILIDADES DE LADERAS. CANALIZACION DE LAS AGUAS EN EL ENLACE DE SANTIURDE. AUTOVIA A-67. PUNTOS KILOMETROS 141+050, 159+325 Y 144+000 35-5-5660: PROYECTO DE CONTRUCCION, RECTIFICACION DE CURVAS DE ESCASA ANCHURA. CARRETERA N-621, PROVINCIA DE CANTABRIA 34-S5690: PROYECTO DE CONSTRUCCION. SEGURIDAD VIAL. SEÑALIACION Y BALIZAMIENTO. REPINTADO DE MARCAS VIALES EN LA RIGE. PROVINCIA DE CANTABRIA | AC31: DIRECCION GENERAL DE CARRETERAS DEL MINISTERIO DE FOMENTO | AD31: 37 | AE31: 80101500 83101800 | AF31: 2.9099717e+09 | AG31: 4723.98 | AH31: 0 | AI31: =AI30+AH31*AG31 -> 52737.565 | AJ31: De conformidad con el numeral 4.1. la experiencia adicional aportada por el proponente no cumple con los criterios establecidos por la entidad. No se evidencia interventoría en la construcción o suministro de infraestructura de energía eléctrica. (50%) | AM31: 17
B32: 18 | P32: 18 | X32: =X31+V32*W32 -> 0 | AA32: 18 | AB32: REDACCION DEL PROYECTO CONSTRUCTIVO Y EJECUCION DE LA PASARELA PEATONAL EN EL ENTORNO DE LA ESTACION DE ZAMORA | AC32: ADIF - ADMINISTRACION DE INFRAESTRUCTURA FERROVIARIAS | AD32: 40 | AE32: 80101500 83101800 80101600 | AF32: 2.5416564e+08 | AG32: 344.53 | AH32: 1 | AI32: =AI31+AH32*AG32 -> 53082.095 | AM32: 18
B33: 19 | P33: 19 | X33: =X32+V33*W33 -> 0 | AA33: 19 | AB33: ASISTENCIA EN EL CONTROL DE OBRAS DE LA LINEA DE ALTA VELOCIDAD MADRID-GALICIA. OLMEDO-MEDINA DEL CAMPO-ZAMORA-PUEBLA DE SANABRIA-LUBIAN-ORENSE. TRAMO: OLMEDO-ZAMORA. PROYECTO DE CONSTRUCCION DE LA REMODELACION DE LA ESTACION DE ZAMORA. FASE 1 Y 2. | AC33: ADIF - ADMINISTRACION DE INFRAESTRUCTURA FERROVIARIAS | AD33: 41 | AE33: 80101500 83101800 80101600 | AF33: 2.4479927e+09 | AG33: 3550.62 | AH33: 1 | AI33: =AI32+AH33*AG33 -> 56632.715 | AM33: 19
B34: 20 | P34: 20 | X34: =X33+V34*W34 -> 0 | AA34: 20 | AB34: SERVICIO DE ASISTENCIA EN EL CONTROL DE LAS OBRAS DE LA LINEA DE ALTA VELOCIDAD MEDINA - ZAMORA - PUEBLA DE SANABRIA - LUBIAN - OURENSE. TRAMO: ESTACION DE ZAMORA. | AC34: ADIF - ADMINISTRACION DE INFRAESTRUCTURA FERROVIARIAS | AD34: 42 | AE34: 80101500 83101800 80101600 | AF34: 5362654423 | AG34: 8322.58 | AH34: 1 | AI34: =AI33+AH34*AG34 -> 64955.295 | AM34: 20
B35: 21 | P35: 21 | X35: =X34+V35*W35 -> 0 | AA35: 21 | AI35: =AI34+AH35*AG35 -> 64955.295 | AM35: 21
B36: 22 | P36: 22 | X36: =X35+V36*W36 -> 0 | AA36: 22 | AI36: =AI35+AH36*AG36 -> 64955.295 | AM36: 22
B37: 23 | P37: 23 | X37: =X36+V37*W37 -> 0 | AA37: 23 | AI37: =AI36+AH37*AG37 -> 64955.295 | AM37: 23
B38: 24 | P38: 24 | X38: =X37+V38*W38 -> 0 | AA38: 24 | AI38: =AI37+AH38*AG38 -> 64955.295 | AM38: 24
B39: 25 | P39: 25 | X39: =X38+V39*W39 -> 0 | AA39: 25 | AI39: =AI38+AH39*AG39 -> 64955.295 | AM39: 25
B40: 26 | P40: 26 | X40: =X39+V40*W40 -> 0 | AA40: 26 | AI40: =AI39+AH40*AG40 -> 64955.295 | AM40: 26
B41: 27 | P41: 27 | X41: =X40+V41*W41 -> 0 | AA41: 27 | AI41: =AI40+AH41*AG41 -> 64955.295 | AM41: 27
B42: 28 | P42: 28 | X42: =X41+V42*W42 -> 0 | AA42: 28 | AI42: =AI41+AH42*AG42 -> 64955.295 | AM42: 28
B43: 29 | P43: 29 | X43: =X42+V43*W43 -> 0 | AA43: 29 | AI43: =AI42+AH43*AG43 -> 64955.295 | AM43: 29
B44: 30 | P44: 30 | X44: =X43+V44*W44 -> 0 | AA44: 30 | AI44: =AI43+AH44*AG44 -> 64955.295 | AM44: 30
B45: 31 | P45: 31 | X45: =X44+V45*W45 -> 0 | AA45: 31 | AI45: =AI44+AH45*AG45 -> 64955.295 | AM45: 31
B46: 32 | P46: 32 | X46: =X45+V46*W46 -> 0 | AA46: 32 | AI46: =AI45+AH46*AG46 -> 64955.295 | AM46: 32
... B68: 54 | P68: 54 | X68: =X67+V68*W68 -> 0 | AA68: 54 | AI68: =AI67+AH68*AG68 -> 64955.295 | AM68: 54
B69: TOTAL | P69: TOTAL | V69: =SUM(V15:V68) -> 0 | X69: =IF(MAX(X15:X68)>=H7*0.5,MAX(X15:X68),0) -> 0 | AA69: TOTAL | AG69: =SUM(AG15:AG68) -> 143724.94 | AI69: =IF(MAX(AI15:AI68)>=H7*0.5,MAX(AI15:AI68),0) -> 64955.295 | AM69: TOTAL
D76: EXPERIENCIA DEL EQUIPO DE TRABAJO
C79: NOMBRE DEL PROPONENTE: | E79: =H5 -> INTERFAZNI E&P
C80: NOMBRE DEL PROFESIONAL | E80: MANUEL HERRERA SANABRIA
C81: CARGO EN EL EQUIPO DE TRABAJO | E81: DIRECTOR DE INTERVENTORIA
C83: RELACIÓN EXPERIENCIA PROFESIONAL HABILITANTE
D84: ETAPA PREVIA ___x__ ETAPA DE INSTALACIÓN___x___
C86: EXPERIENCIA HABILITANTE DIRECTOR DE INTERVENTORIA (ANEXO 4) | N86: EXPERIENCIA CALIFICABLE DIRECTOR DE INTERVENTORIA (ANEXO 5)
C87: NOMBRE DEL PROYECTO | D87: ENTIDAD CONTRATANTE O EMPLEADORA | E87: CARGO OCUPADO | F87: FUNCIONES DESEMPEÑADAS | G87: FECHA DE INICIO | H87: FECHA DE RETIRO | I87: DURACIÓN EN DIAS | J87: DURACIÓN EN MESES | K87: OBSERVACIONES | N87: NOMBRE DEL PROYECTO | O87: ENTIDAD CONTRATANTE O EMPLEADORA | P87: CARGO OCUPADO | Q87: FUNCIONES DESEMPEÑADAS | R87: FECHA DE INICIO | S87: FECHA DE RETIRO | T87: DURACIÓN EN DIAS | U87: DURACIÓN EN MESES | V87: OBSERVACIONES | Y87: ESTUDIOS DIRECTOR | Z87: Puntaje Máximo
B88: 1 | C88: CONTRATO No. 8400103727 | D88: ITELCA SAS | E88: DIRECTOR DE PROYECTO | F88: Integración telecontrol y mantenimiento en subestaciones de alta tensión y media tensión de la empresa CODENSA S.A. ES.P | G88: 42643 | H88: 43739 | I88: =H88-G88+1 -> 1097 | J88: =+I88/30 -> 36.566667 | K88: No se especifican los días en las fechas de inicio y retiro. Sólo ponen el mes. Se ajustan, tal como lo indica la nota 14, al ultimo y primer día de cada mes, para la fecha de inicio y fin correspondientemente. | M88: 1 | N88: CONTRATO No. 5800013346 | O88: ITELCA S.A.S | P88: DIRECTOR DE PROYECTOS | Q88: Renovación DC e implementación solar en 40 subestaciones de la empresa CODENSA S.A.E.S.P | R88: 41220 | S88: 41598 | T88: =S88-R88+1 -> 379 | V88: De conformidad con lo establecido en el numeral 3.2.3. b.3 ACREDITACIÓN DE LA EXPERIENCIA PROFESIONAL RELACIONADA, la certificación no describe las funciones o actividades ejecutadas. | Y88: Estudios de posgrado mínimo a nivel de especialización en: administración de empresas, o gerencia o gestión de proyectos, o gerencia de proyectos o gerencia de empresas de energía o alta gerencia o en Fuentes no Convencionales de Energía o en Energías alternativas. | Z88: 4
B89: 2 | I89: =H89-G89 -> 0 | J89: =+I89/30 -> 0 | M89: 2 | N89: CONTRATO No. 5800013346 | O89: ITELCA S.A.S | P89: DIRECTOR DE PROYECTOS | Q89: Renovación DC e implementación solar en 40 subestaciones de la empresa CODENSA S.A.E.S.P | R89: 41599 | S89: 41974 | T89: =S89-R89+1 -> 376 | V89: De conformidad con lo establecido en el numeral 3.2.3. b.3 ACREDITACIÓN DE LA EXPERIENCIA PROFESIONAL RELACIONADA, la certificación no describe las funciones o actividades ejecutadas. | Y89: Contar adicionalmente con estudios en la modalidad de posgrado mínimo a nivel de especialización en: | Z89: 1
B90: 3 | I90: =H90-G90 -> 0 | J90: =+I90/30 -> 0 | M90: 3 | T90: =S90-R90 -> 0 | U90: =+T90/30 -> 0 | Y90: INGENIERÍA ELÉCTRICA CON ENFASIS EN SISTEMAS DE DISTRIBUCIÓN ó
B91: 4 | I91: =H91-G91 -> 0 | J91: =+I91/30 -> 0 | M91: 4 | T91: =S91-R91 -> 0 | U91: =+T91/30 -> 0 | Y91: EN SISTEMAS DE DISTRIBUCIÓN Y TRASMISIÓN DE ENERGÍA ELÉCTRICA ó
B92: 5 | I92: =H92-G92 -> 0 | J92: =+I92/30 -> 0 | M92: 5 | T92: =S92-R92 -> 0 | U92: =+T92/30 -> 0 | Y92: EN SISTEMAS DE DISTRIBUCION DE ENERGÍA ELÉCTRICA ó
B93: 6 | I93: =H93-G93 -> 0 | J93: =+I93/30 -> 0 | M93: 6 | T93: =S93-R93 -> 0 | U93: =+T93/30 -> 0 | Y93: EN SISTEMAS DE TRASMISIÓN Y DISTRIBUCIÓN DE ENERGÍA ELÉCTRICA ó
B94: 7 | I94: =H94-G94 -> 0 | J94: =+I94/30 -> 0 | M94: 7 | T94: =S94-R94 -> 0 | U94: =+T94/30 -> 0 | Y94: EN SISTEMAS DE TRASMISIÓN DE ENERGÍA ELÉCTRICA ó
B95: 8 | I95: =H95-G95 -> 0 | J95: =+I95/30 -> 0 | M95: 8 | T95: =S95-R95 -> 0 | U95: =+T95/30 -> 0 | Y95: EN INGENIERÍA ELÉCTRICA. ó
B96: 9 | I96: =H96-G96 -> 0 | J96: =+I96/30 -> 0 | M96: 9 | T96: =S96-R96 -> 0 | U96: =+T96/30 -> 0 | Y96: SISTEMAS DE POTENCIA O SISTEMAS DE TRANSMISIÓN Y DISTRIBUCIÓN ELÉCTRICA. ó
B97: 10 | I97: =H97-G97 -> 0 | J97: =+I97/30 -> 0 | M97: 10 | T97: =S97-R97 -> 0 | U97: =+T97/30 -> 0
B98: 11 | I98: =H98-G98 -> 0 | J98: =+I98/30 -> 0 | M98: 11 | T98: =S98-R98 -> 0 | U98: =+T98/30 -> 0
B99: 12 | I99: =H99-G99 -> 0 | J99: =+I99/30 -> 0 | M99: 12 | T99: =S99-R99 -> 0 | U99: =+T99/30 -> 0
C100: TOTALES | I100: =SUM(I88:I99) -> 1097 | J100: =SUM(J88:J99) -> 36.566667 | N100: TOTALES | T100: =SUM(T88:T99) -> 755 | U100: =SUM(U88:U99) -> 0
AB101: OBSERVACIONES
J102: =IF(J100>=36,"HABILITADO","NO HABILITADO") -> HABILITADO | T102: PUNTAJE | U102: =IF(U100>24,15,IF(U100>=18,10,IF(U100>=12,8,0))) -> 0 | Y102: PUNTAJE | Z102: 0
C108: NOMBRE DEL PROFESIONAL | E108: EDGAR JESUS HERNANDEZ ORTIZ
C109: CARGO EN EL EQUIPO DE TRABAJO | E109: INGENIERO ELECTRICISTA RESIDENTE DE INTERVENTORIA
C111: RELACIÓN EXPERIENCIA PROFESIONAL HABILITANTE PROFESIONAL 1
D112: ETAPA PREVIA ___x__ ETAPA DE INSTALACIÓN____x__
C114: EXPERIENCIA HABILITANTE INGENIERO RESIDENTE (ANEXO 4) | N114: EXPERIENCIA CALIFICABLE DIRECTOR DE INTERVENTORIA (ANEXO 5)
C115: NOMBRE DEL PROYECTO | D115: ENTIDAD CONTRATANTE O EMPLEADORA | E115: CARGO OCUPADO | F115: FUNCIONES DESEMPEÑADAS | G115: FECHA DE INICIO | H115: FECHA DE RETIRO | I115: DURACIÓN EN DIAS | J115: DURACIÓN EN MESES | K115: OBSERVACIONES | N115: NOMBRE DEL PROYECTO | O115: ENTIDAD CONTRATANTE O EMPLEADORA | P115: CARGO OCUPADO | Q115: FUNCIONES DESEMPEÑADAS | R115: FECHA DE INICIO | S115: FECHA DE RETIRO | T115: DURACIÓN EN DIAS | U115: DURACIÓN EN MESES | V115: OBSERVACIONES | Y115: ESTUDIOS RESIDENTE | Z115: Puntaje Máximo
B116: 1 | C116: ACDEL SAS ASESORIA CONSTRUCCIÓN Y DISEÑO ELECTRICO | D116: ACDEL SAS ASESORIA CONSTRUCCIÓN Y DISEÑO ELECTRICO | E116: DIRECTOR DE PROYECTOS | F116: • Ingeniero residente en construcción de instalaciones eléctricas internas • Ingeniero residente en construcción de instalaciones eléctricas de distribución • Ingeniero residente en construcción de subestaciones de distribución • Diseñador de sistemas eléctricos de redes de distribución • Diseñador de sistemas eléctricos de instalaciones eléctrica de uso final. • Legalización de proyectos ante operador de red. • Verificar y diligenciar los avances de obra • Manejo de personal | G116: 42409 | H116: 42745 | I116: =H116-G116+1 -> 337 | J116: =+I116/30 -> 11.233333 | M116: 1 | T116: =S116-R116 -> 0 | U116: =+T116/30 -> 0 | Y116: Si tiene estudios de posgrado mínimo a nivel de especialización en: Fuentes no Convencionales de Energía o en Energías alternativas. | Z116: 2
B117: 2 | C117: INGETEC | D117: INGETEC | E117: INGENIERO AUXILIAR DE INTERVENTORIA | F117: • Supervisión técnica de instalaciones eléctricas en redes de distribución de acuerdo a la normatividad vigente RETIE 2013 y NTC 2050. • Supervisión técnica en subestaciones eléctricas de distribución de acuerdo a la normatividad vigente RETIE 2013 y NTC 2050. • Supervisión técnica en instalaciones eléctricas de uso final de acuerdo a la normatividad vigente RETIE 2013 y NTC 2050. • Supervisión técnica de redes voz y datos. • Supervisión técnica en redes de sistemas de seguridad y control. | G117: 42751 | H117: 43550 | I117: =H117-G117+1 -> 800 | J117: =+I117/30 -> 26.666667 | M117: 2 | T117: =S117-R117 -> 0 | U117: =+T117/30 -> 0 | Y117: Si tiene estudios de posgrado mínimo a nivel de especialización en: | Z117: 1
B118: 3 | C118: ORCA | D118: ORCA | E118: RESIDENTE DE ESPCIALIDADES | F118: Residente de especialidades con liderazgo en diferentes competencias. Coordinador de actividades relacinadas con sistemas eléctricos, datos y comunicaciones, red contra incendio, seguridad y control, intrusión. | G118: 43551 | H118: 43697 | I118: =H118-G118+1 -> 147 | K118: La certificación aportada no cumple con los requisitos establecidos en el numeral 3.2.3. b.3 ACREDITACIÓN DE LA EXPERIENCIA PROFESIONAL RELACIONADA, dado que no indica las funciones o actividades desarrolladas | M118: 3 | T118: =S118-R118 -> 0 | U118: =+T118/30 -> 0 | Y118: · INGENIERÍA ELÉCTRICA CON ENFASIS EN SISTEMAS DE DISTRIBUCIÓN ó
B119: 4 | I119: =H119-G119 -> 0 | J119: =+I119/30 -> 0 | M119: 4 | T119: =S119-R119 -> 0 | U119: =+T119/30 -> 0 | Y119: · EN SISTEMAS DE DISTRIBUCIÓN Y TRASMISIÓN DE ENERGÍA ELÉCTRICA ó
B120: 5 | I120: =H120-G120 -> 0 | J120: =+I120/30 -> 0 | M120: 5 | T120: =S120-R120 -> 0 | U120: =+T120/30 -> 0 | Y120: · EN SISTEMAS DE DISTRIBUCION DE ENERGÍA ELÉCTRICA ó
B121: 6 | I121: =H121-G121 -> 0 | J121: =+I121/30 -> 0 | M121: 6 | T121: =S121-R121 -> 0 | U121: =+T121/30 -> 0 | Y121: · EN SISTEMAS DE TRASMISIÓN Y DISTRIBUCIÓN DE ENERGÍA ELÉCTRICA ó
B122: 7 | I122: =H122-G122 -> 0 | J122: =+I122/30 -> 0 | M122: 7 | T122: =S122-R122 -> 0 | U122: =+T122/30 -> 0 | Y122: · EN SISTEMAS DE TRASMISIÓN DE ENERGÍA ELÉCTRICA ó
B123: 8 | I123: =H123-G123 -> 0 | J123: =+I123/30 -> 0 | M123: 8 | T123: =S123-R123 -> 0 | U123: =+T123/30 -> 0 | Y123: · EN INGENIERÍA ELÉCTRICA. ó
B124: 9 | I124: =H124-G124 -> 0 | J124: =+I124/30 -> 0 | M124: 9 | T124: =S124-R124 -> 0 | U124: =+T124/30 -> 0 | Y124: · SISTEMAS DE POTENCIA O SISTEMAS DE TRANSMISIÓN Y DISTRIBUCIÓN ELÉCTRICA. ó
B125: 10 | I125: =H125-G125 -> 0 | J125: =+I125/30 -> 0 | M125: 10 | T125: =S125-R125 -> 0 | U125: =+T125/30 -> 0
B126: 11 | I126: =H126-G126 -> 0 | J126: =+I126/30 -> 0 | M126: 11 | T126: =S126-R126 -> 0 | U126: =+T126/30 -> 0
B127: 12 | I127: =H127-G127 -> 0 | J127: =+I127/30 -> 0 | M127: 12 | T127: =S127-R127 -> 0 | U127: =+T127/30 -> 0
C128: TOTALES | I128: =SUM(I116:I127) -> 1284 | J128: =SUM(J116:J127) -> 37.9 | N128: TOTALES | T128: =SUM(T116:T127) -> 0 | U128: =SUM(U116:U127) -> 0
AB129: OBSERVACIONES
J130: =IF(J128>=36,"HABILITADO","NO HABILITADO") -> HABILITADO | T130: PUNTAJE | U130: =IF(U128>12,13,IF(U128>6,8,0)) -> 0 | Y130: PUNTAJE | Z130: 0

Sheet Oferente 13
C2: EXPERIENCIA DEL PROPONENTE
C5: NOMBRE DEL OFERENTE | H5: CONSORCIO MINMINAS JM-P&P-SOL
C7: PRESUPUESTO DEL LOTE MÁXIMO AL QUE PARTICIPAN (en SMMLV) | H7: 1052.047
C8: VALOR 30% | H8: =H7*0.3 -> 315.61409
C9: VALOR REQUERIDO EN SMMLV
C11: contar con 5 años de experiencia en interventoría o en la construcción y montaje de proyectos del sector eléctrico, de los cuales como mínimo debe incluir un (1) año de experiencia específica en proyectos de generación o distribución de energía eléctrica, cuya sumatoria se igual o superior al 30% del valor del mayor lote ofertado | J11: =IF(BC28>=5,"HABILITA: CUENTA CON MÁS DE 5 AÑOS","NO HABILITA POR TIEMPO") -> NO HABILITA POR TIEMPO | AV11: =IF(BC28>=5,"HABILITA: CUENTA CON MÁS DE 5 AÑOS","NO HABILITA POR TIEMPO") -> NO HABILITA POR TIEMPO
C13: CONTRATOS DE EXPERIENCIA MÍNIMA PARA HABILITARSE (ANEXO 7) | Q13: CONTRATOS QUE ACREDITAN EXPERIENCIA EN FOTOVOLTAICO (ANEXO 8) | AB13: CONTRATOS QUE ACREDITAN EXPERIENCIA ADICIONAL EN ELECTRICOS NO FOTOVOLTAICO (ANEXO 8) | AO13: CONTRATOS DE EXPERIENCIA MÍNIMA PARA HABILITARSE (ANEXO 7)
C14: OBJETO DEL CONTRATO | D14: ENTIDAD CONTRATANTE O EMPLEADORA | E14: CONSECUTIVO EN EL RUP | F14: CODIGO UNSPSC | G14: VALOR CONTRATO | H14: VALOR DEL CONTRATO TOTAL EN SMMLV | I14: % PARTICIPACIÓN CONSORCIO | J14: ACUMULADO SMMLV | K14: HABILITADO | L14: OBSERVACIONES | M14: CÓDIGO UNSPSC | N14: NOMBRE | Q14: OBJETO DEL CONTRATO | R14: ENTIDAD CONTRATANTE O EMPLEADORA | S14: CONSECUTIVO EN EL RUP | T14: CODIGO UNSPSC | U14: VALOR CONTRATO | V14: VALOR DEL CONTRATO TOTAL EN SMMLV | W14: % PARTICIPACIÓN CONSORCIO | X14: ACUMULADO SMMLV | Y14: OBSERVACIONES | AB14: OBJETO DEL CONTRATO | AC14: ENTIDAD CONTRATANTE O EMPLEADORA | AD14: CONSECUTIVO EN EL RUP | AE14: CODIGO UNSPSC | AF14: VALOR CONTRATO | AG14: VALOR DEL CONTRATO TOTAL EN SMMLV | AH14: % PARTICIPACIÓN CONSORCIO | AI14: ACUMULADO SMMLV | AJ14: OBSERVACIONES | AO14: OBJETO DEL CONTRATO | AP14: ENTIDAD CONTRATANTE O EMPLEADORA | AQ14: CONSECUTIVO EN EL RUP | AR14: CODIGO UNSPSC | AS14: VALOR CONTRATO | AT14: VALOR DEL CONTRATO TOTAL EN SMMLV | AU14: % PARTICIPACIÓN CONSORCIO | AV14: ACUMULADO SMMLV | AW14: HABILITADO | AX14: OBSERVACIONES | AY14: FECHA DE INICIO ORIGINAL | AZ14: FECHA FIN ORIGINAL | BA14: FECHA DE INICIO AJUSTE TRASLAPOS | BB14: FECHA FIN AJUSTE TRASLAPOS | BC14: AÑOS DE EXPERIENCIA
B15: 1 | C15: Contrato de obra para la construcción de la planta solar fotovoltaica de 50 KW, que incluye 170 piezas de paneles solares policristalinos de 300 W, baterías de 3040 Ah, reguladores y la obra civil necesaria de acuerdo a las especificaciones técnicas para cada actividad del presupuesto para el centro educativo internado tres matas, en la inspección de tres matas del municipio de Cumaribo, departamento del Vichada. | D15: Unión temporal colegio tres matas | E15: RUP PyP Consecutivo No 2 | F15: 80 10 15 00 80 10 16 00 81 10 17 00 83 10 18 00 | G15: 676827850 | H15: 1239 | I15: 1 | J15: =H15*I15 -> 1239 | K15: =IF(H15*I15>0,"HABILITADO", "NO HABILITADO") -> HABILITADO | L15: En la certificación las fechas de inicio y finalización del contrato sólo aparecen con mes y año, no se indica el día. De conformidad con la nota 14 del numeral 3.2.3.b.3 se toma el último día de cada mes como fecha de inicio y el primer día de cada mes como fecha de terminación | M15: 80101500 | N15: Servicios de consultoría y administración corporativa | P15: 1 | X15: 0 | AA15: 1 | AI15: =AG15*AH15 -> 0 | AN15: 1 | AO15: Contrato de obra para la construcción de la planta solar fotovoltaica de 50 KW, que incluye 170 piezas de paneles solares policristalinos de 300 W, baterías de 3040 Ah, reguladores y la obra civil necesaria de acuerdo a las especificaciones técnicas para cada actividad del presupuesto para el centro educativo internado tres matas, en la inspección de tres matas del municipio de Cumaribo, departamento del Vichada. | AP15: Unión temporal colegio tres matas | AQ15: RUP PyP Consecutivo No 2 | AR15: 80 10 15 00 80 10 16 00 81 10 17 00 83 10 18 00 | AS15: 676827850 | AT15: 1239 | AU15: 1 | AV15: =AT15*AU15 -> 1239 | AW15: =IF(AT15*AU15>0,"HABILITADO", "NO HABILITADO") -> HABILITADO | AX15: En la certificación las fechas de inicio y finalización del contrato sólo aparecen con mes y año, no se indica el día. De conformidad con la nota 14 del numeral 3.2.3.b.3 se toma el último día de cada mes como fecha de inicio y el primer día de cada mes como fecha de terminación | AY15: 42277 | AZ15: 42339 | BA15: 42277 | BB15: 42339 | BC15: =+((BB15-BA15)+1)/365 -> 0.17260274
B16: 2 | C16: Contrato de obra para el suministro, diseño, instalación y mantenimiento de sistemas solares fotovoltaicos con conexión a la red, en 6 bibliotecas en el departamento del Guaviare. | D16: Security Video Equipment S.A.S. | E16: RUP PyP Consecutivo No 1 | F16: 80 10 16 00 83 10 18 00 | G16: 750000000 | H16: 1016.65 | I16: 1 | J16: =J15+H16*I16 -> 2255.65 | K16: =IF(H16*I16>0,"HABILITADO", "NO HABILITADO") -> HABILITADO | M16: 80101600 | N16: Servicios de consultoría y administración corporativa | P16: 2 | X16: 0 | AA16: 2 | AI16: =AI15+AG16*AH16 -> 0 | AN16: 2 | AO16: Contrato de obra para el suministro, diseño, instalación y mantenimiento de sistemas solares fotovoltaicos con conexión a la red, en 6 bibliotecas en el departamento del Guaviare. | AP16: Security Video Equipment S.A.S. | AQ16: RUP PyP Consecutivo No 1 | AR16: 80 10 16 00 83 10 18 00 | AS16: 750000000 | AT16: 1016.65 | AU16: 1 | AV16: =AV15+AT16*AU16 -> 2255.65 | AW16: =IF(AT16*AU16>0,"HABILITADO", "NO HABILITADO") -> HABILITADO | AY16: 42402 | AZ16: 43000 | BA16: 42402 | BB16: 43000 | BC16: =+((BB16-BA16)+1)/365 -> 1.6410959
B17: 3 | C17: Instalación de soluciones fotovoltaicas para proveer de energía eléctrica a 464 viviendas de 26 veredas del municipio de Miraflores - Guaviare, cada una con capacidad instalada de 750 Wp e implementados de manera aislada a partir de sistemas individuales de captación de energía fotovoltaica. Se instaló una única solución por vivienda y esta consta del sistema de generación y la instalación, con sus respectivas cajas, interruptores, tubería, cableado y accesorios. | D17: Unión temporal HG Solar Systems | E17: RUP PyP Consecutivo No 9 | F17: 80 10 15 00 80 10 16 00 81 10 17 00 83 10 18 00 | G17: 533600000 | H17: 683.01 | I17: 1 | J17: =J16+H17*I17 -> 2938.66 | K17: =IF(H17*I17>0,"HABILITADO", "NO HABILITADO") -> HABILITADO | L17: De conformidad con la nota 7 del numeral 3.2.3. a.1 no podrá ser acumulable la experiencia obtenida en varios proyectos en un mismo periodo de tiempo. Se modificó el intervalo de duración del contrato, con respecto a las fechas originalmente presentadas, para no acumular doble experiencia en un mismo periodo. | M17: 81101500 | N17: Ingenieria Civil y arquitectura | P17: 3 | X17: =X16+V17*W17 -> 0 | AA17: 3 | AI17: =AI16+AG17*AH17 -> 0 | AN17: 3 | AO17: Instalación de soluciones fotovoltaicas para proveer de energía eléctrica a 464 viviendas de 26 veredas del municipio de Miraflores - Guaviare, cada una con capacidad instalada de 750 Wp e implementados de manera aislada a partir de sistemas individuales de captación de energía fotovoltaica. Se instaló una única solución por vivienda y esta consta del sistema de generación y la instalación, con sus respectivas cajas, interruptores, tubería, cableado y accesorios. | AP17: Unión temporal HG Solar Systems | AQ17: RUP PyP Consecutivo No 9 | AR17: 80 10 15 00 80 10 16 00 81 10 17 00 83 10 18 00 | AS17: 533600000 | AT17: 683.01 | AU17: 1 | AV17: =AV16+AT17*AU17 -> 2938.66 | AW17: =IF(AT17*AU17>0,"HABILITADO", "NO HABILITADO") -> HABILITADO | AX17: De conformidad con la nota 7 del numeral 3.2.3. a.1 no podrá ser acumulable la experiencia obtenida en varios proyectos en un mismo periodo de tiempo. Se modificó el intervalo de duración del contrato, con respecto a las fechas originalmente presentadas, para no acumular doble experiencia en un mismo periodo. | AY17: 42791 | AZ17: 43152 | BA17: 43000 | BB17: 43152 | BC17: =+((BB17-BA17)+1)/365 -> 0.41917808
B18: 4 | C18: Instalación y suministro de sistema tracking para sistema de energía solar fotovoltaico. | D18: Universidad de Antioquia | E18: RUP PyP Consecutivo No 20 | F18: 80 10 15 00 80 10 16 00 81 10 17 00 | G18: 26098974 | H18: 0 | I18: 1 | J18: =J17+H18*I18 -> 2938.66 | K18: =IF(H18*I18>0,"HABILITADO", "NO HABILITADO") -> NO HABILITADO | L18: De conformidad con la nota 7 del numeral 3.2.3. a.1 no podrá ser acumulable la experiencia obtenida en varios proyectos en un mismo periodo de tiempo. El periodo de ejecución de este contrato se traslapa con algún otro. | M18: 81101700 | N18: Ingeniería Eléctrica y Electrónica | P18: 4 | X18: =X17+V18*W18 -> 0 | AA18: 4 | AI18: =AI17+AG18*AH18 -> 0 | AN18: 4 | AO18: Instalación y suministro de sistema tracking para sistema de energía solar fotovoltaico. | AP18: Universidad de Antioquia | AQ18: RUP PyP Consecutivo No 20 | AR18: 80 10 15 00 80 10 16 00 81 10 17 00 | AS18: 26098974 | AT18: 0 | AU18: 1 | AV18: =AV17+AT18*AU18 -> 2938.66 | AW18: =IF(AT18*AU18>0,"HABILITADO", "NO HABILITADO") -> NO HABILITADO | AX18: De conformidad con la nota 7 del numeral 3.2.3. a.1 no podrá ser acumulable la experiencia obtenida en varios proyectos en un mismo periodo de tiempo. El periodo de ejecución de este contrato se traslapa con algún otro. | AY18: 43293 | AZ18: 43594 | BC18: 0
B19: 5 | C19: Realizar la instalación de sistemas de generación de energía eléctrica renovable mediante celdas fotovoltaicas en la localidad de Sumapaz | D19: Bogotá Distrito Capital - Alcaldía Local de Sumapaz | E19: RUP PyP Consecutivo No 19 | F19: 80 10 15 00 80 10 16 00 81 10 17 00 83 10 18 00 | G19: 217427102 | H19: 247.69 | I19: 1 | J19: =J18+H19*I19 -> 3186.35 | K19: =IF(H19*I19>0,"HABILITADO", "NO HABILITADO") -> HABILITADO | L19: De conformidad con la nota 7 del numeral 3.2.3. a.1 no podrá ser acumulable la experiencia obtenida en varios proyectos en un mismo periodo de tiempo. Se modificó el intervalo de duración del contrato, con respecto a las fechas originalmente presentadas, para no acumular doble experiencia en un mismo periodo. | M19: 83101800 | N19: Servicios Eléctricos | P19: 5 | X19: =X18+V19*W19 -> 0 | AA19: 5 | AI19: =AI18+AG19*AH19 -> 0 | AN19: 5 | AO19: Realizar la instalación de sistemas de generación de energía eléctrica renovable mediante celdas fotovoltaicas en la localidad de Sumapaz | AP19: Bogotá Distrito Capital - Alcaldía Local de Sumapaz | AQ19: RUP PyP Consecutivo No 19 | AR19: 80 10 15 00 80 10 16 00 81 10 17 00 83 10 18 00 | AS19: 217427102 | AT19: 247.69 | AU19: 1 | AV19: =AV18+AT19*AU19 -> 3186.35 | AW19: =IF(AT19*AU19>0,"HABILITADO", "NO HABILITADO") -> HABILITADO | AX19: De conformidad con la nota 7 del numeral 3.2.3. a.1 no podrá ser acumulable la experiencia obtenida en varios proyectos en un mismo periodo de tiempo. Se modificó el intervalo de duración del contrato, con respecto a las fechas originalmente presentadas, para no acumular doble experiencia en un mismo periodo. | AY19: 43747 | AZ19: 43869 | BA19: 43830 | BB19: 43868 | BC19: =+((BB19-BA19)+1)/365 -> 0.10684932
B20: 6 | C20: Instalación de soluciones de energía individuales sostenibles consistentes en sistemas solares fotovoltaicos para viviendas rurales en las ZNI del municipio de Cartagena del Chaira, departamento de Caquetá | D20: Unión temporal ZNI Caquetá 2017 | E20: RUP PyP Consecutivo No 10 | F20: 80 10 15 00 80 10 16 00 81 10 17 00 83 10 18 00 | G20: 212288600 | H20: 271.73 | I20: 1 | J20: =J19+H20*I20 -> 3458.08 | K20: =IF(H20*I20>0,"HABILITADO", "NO HABILITADO") -> HABILITADO | L20: De conformidad con la nota 7 del numeral 3.2.3. a.1 no podrá ser acumulable la experiencia obtenida en varios proyectos en un mismo periodo de tiempo. Se modificó el intervalo de duración del contrato, con respecto a las fechas originalmente presentadas, para no acumular doble experiencia en un mismo periodo. | P20: 6 | X20: =X19+V20*W20 -> 0 | AA20: 6 | AI20: =AI19+AG20*AH20 -> 0 | AN20: 6 | AO20: Instalación de soluciones de energía individuales sostenibles consistentes en sistemas solares fotovoltaicos para viviendas rurales en las ZNI del municipio de Cartagena del Chaira, departamento de Caquetá | AP20: Unión temporal ZNI Caquetá 2017 | AQ20: RUP PyP Consecutivo No 10 | AR20: 80 10 15 00 80 10 16 00 81 10 17 00 83 10 18 00 | AS20: 212288600 | AT20: 271.73 | AU20: 1 | AV20: =AV19+AT20*AU20 -> 3458.08 | AW20: =IF(AT20*AU20>0,"HABILITADO", "NO HABILITADO") -> HABILITADO | AX20: De conformidad con la nota 7 del numeral 3.2.3. a.1 no podrá ser acumulable la experiencia obtenida en varios proyectos en un mismo periodo de tiempo. Se modificó el intervalo de duración del contrato, con respecto a las fechas originalmente presentadas, para no acumular doble experiencia en un mismo periodo. | AY20: 43192 | AZ20: 43383 | BA20: 43192 | BB20: 43284 | BC20: =+((BB20-BA20)+1)/365 -> 0.25479452
B21: 7 | C21: Suministro e instalación de un sistema de generación de energía fotovoltaico en las plantas de tratamiento de la Empresa de Servicios Públicos de Fusagasugá EMSERFUSA ESP. | D21: Empresa de Servicios Públicos de Fusagasugá EMSERFUSA ESP | E21: RUP Sol Magnum Consecutivo No 1 | F21: 80 10 15 00 80 10 16 00 81 10 17 00 83 10 18 00 | G21: 198327211 | H21: 0 | I21: 0.8 | J21: =J20+H21*I21 -> 3458.08 | K21: =IF(H21*I21>0,"HABILITADO", "NO HABILITADO") -> NO HABILITADO | L21: De conformidad con la nota 7 del numeral 3.2.3. a.1 no podrá ser acumulable la experiencia obtenida en varios proyectos en un mismo periodo de tiempo. El periodo de ejecución de este contrato se traslapa con algún otro. | P21: 7 | X21: =X20+V21*W21 -> 0 | AA21: 7 | AI21: =AI20+AG21*AH21 -> 0 | AN21: 7 | AO21: Suministro e instalación de un sistema de generación de energía fotovoltaico en las plantas de tratamiento de la Empresa de Servicios Públicos de Fusagasugá EMSERFUSA ESP. | AP21: Empresa de Servicios Públicos de Fusagasugá EMSERFUSA ESP | AQ21: RUP Sol Magnum Consecutivo No 1 | AR21: 80 10 15 00 80 10 16 00 81 10 17 00 83 10 18 00 | AS21: 198327211 | AT21: 0 | AU21: 0.8 | AV21: =AV20+AT21*AU21 -> 3458.08 | AW21: =IF(AT21*AU21>0,"HABILITADO", "NO HABILITADO") -> NO HABILITADO | AX21: De conformidad con la nota 7 del numeral 3.2.3. a.1 no podrá ser acumulable la experiencia obtenida en varios proyectos en un mismo periodo de tiempo. El periodo de ejecución de este contrato se traslapa con algún otro. | AY21: 43453 | AZ21: 43514 | BC21: 0
